Workbook
Name AlerteJours: Paramètres!$I$24
Name AlerteKm: Paramètres!$I$25
Name AnneeSynth: Synthèse!$Q$2
Name BaremeCV: Paramètres!$B$37:$B$41
Name BaremeF2: Paramètres!$E$37:$E$41
Name BaremeT1: Paramètres!$C$37:$C$41
Name BaremeT2: Paramètres!$D$37:$D$41
Name BaremeT3: Paramètres!$F$37:$F$41
Name Capacite: Paramètres!$C$17
Name CatGroupe: Paramètres!$J$37:$J$50
Name CatNoms: Paramètres!$H$37:$H$50
Name CatTVA: Paramètres!$I$37:$I$50
Name Centres: Paramètres!$B$46:$B$53
Name CondActif: Paramètres!$F$23:$F$32
Name CondNoms: Paramètres!$B$23:$B$32
Name CondService: Paramètres!$C$23:$C$32
Name ConsoRef: Paramètres!$I$31
Name DateMEC: Paramètres!$C$15
Name DateOuverture: Paramètres!$I$15
Name DateSituation: Paramètres!$I$18
Name Energie: Paramètres!$C$13
Name Gestionnaire: Paramètres!$I$12
Name Immatriculation: Paramètres!$C$10
Name InclureDT: Paramètres!$I$28
Name KmActuel: Paramètres!$I$17
Name KmOuverture: Paramètres!$I$16
Name ListeCategories: OFFSET(Paramètres!$H$37,0,0,MAX(1,COUNTIF(Paramètres!$H$37:$H$50,"?*")),1)
Name ListeCentres: OFFSET(Paramètres!$B$46,0,0,MAX(1,COUNTIF(Paramètres!$B$46:$B$53,"?*")),1)
Name ListeConducteurs: OFFSET(Paramètres!$B$23,0,0,MAX(1,COUNTIF(Paramètres!$B$23:$B$32,"?*")),1)
Name ListeEnergies: OFFSET(Paramètres!$O$11,0,0,MAX(1,COUNTIF(Paramètres!$O$11:$O$27,"?*")),1)
Name ListeEnergiesPlage: Paramètres!$O$11:$O$27
Name ListeMois: OFFSET(Paramètres!$U$11,0,0,MAX(1,COUNTIF(Paramètres!$U$11:$U$27,"?*")),1)
Name ListeMoisPlage: Paramètres!$U$11:$U$27
Name ListeNature: OFFSET(Paramètres!$N$11,0,0,MAX(1,COUNTIF(Paramètres!$N$11:$N$27,"?*")),1)
Name ListeNaturePlage: Paramètres!$N$11:$N$27
Name ListeOperations: OFFSET(Paramètres!$R$11,0,0,MAX(1,COUNTIF(Paramètres!$R$11:$R$27,"?*")),1)
Name ListeOperationsPlage: Paramètres!$R$11:$R$27
Name ListePeriodes: OFFSET(Paramètres!$V$11,0,0,MAX(1,COUNTIF(Paramètres!$V$11:$V$27,"?*")),1)
Name ListePeriodesPlage: Paramètres!$V$11:$V$27
Name ListeReglements: OFFSET(Paramètres!$Q$11,0,0,MAX(1,COUNTIF(Paramètres!$Q$11:$Q$27,"?*")),1)
Name ListeReglementsPlage: Paramètres!$Q$11:$Q$27
Name ListeRegroupements: OFFSET(Paramètres!$S$11,0,0,MAX(1,COUNTIF(Paramètres!$S$11:$S$27,"?*")),1)
Name ListeRegroupementsPlage: Paramètres!$S$11:$S$27
Name ListeStatuts: OFFSET(Paramètres!$P$11,0,0,MAX(1,COUNTIF(Paramètres!$P$11:$P$27,"?*")),1)
Name ListeStatutsPlage: Paramètres!$P$11:$P$27
Name ListeTVA: OFFSET(Paramètres!$T$11,0,0,MAX(1,COUNTIF(Paramètres!$T$11:$T$27,">-1")),1)
Name ListeTVAPlage: Paramètres!$T$11:$T$27
Name MajorationElec: Paramètres!$I$29
Name Marque: Paramètres!$C$11
Name Modele: Paramètres!$C$12
Name PerDebut: Synthèse!$V$6
Name PerFin: Synthèse!$V$7
Name Periode: Synthèse!$Q$3
Name PuissanceCV: Paramètres!$C$14
Name RelAnnee: 'Relevé mensuel'!$F$6
Name RelConducteur: 'Relevé mensuel'!$B$6
Name RelDebut: 'Relevé mensuel'!$J$6
Name RelFin: 'Relevé mensuel'!$J$7
Name RelMois: 'Relevé mensuel'!$E$6
Name SeuilConso: Paramètres!$I$27

Sheet Synthèse
C2: CARNET DE BORD DU VÉHICULE | G2: Synthèse de l'activité | P2: ANNÉE | Q2: 2027 | U2: Calculs intermédiaires (ne pas modifier)
C3: =TRIM(Marque&" "&Modele) -> Norvane Fourgonnette L1 1.5 diesel | G3: ="Indicateurs : "&LOWER(Periode)&" "&AnneeSynth&" · graphiques : année "&AnneeSynth -> Indicateurs : année complète 2027 · graphiques : année 2027 | P3: PÉRIODE | Q3: Année complète | U3: Rang de la période | V3: =IFERROR(MATCH(Periode,ListePeriodesPlage,0),1) -> 1 | W3: Mois | X3: Professionnel | Y3: Domicile – travail | Z3: Personnel | AA3: Énergie | AB3: Entretien et réparations | AC3: Frais fixes et divers | AD3: Total TTC | AE3: Km | AF3: Coût au km
U4: Premier mois | V4: =IF(V3=1,1,IF(V3<=5,(V3-2)*3+1,V3-5)) -> 1 | W4: janv. | X4: =SUMIFS(Déplacements!$M$9:$M$808,Déplacements!$J$9:$J$808,"Professionnel",Déplacements!$C$9:$C$808,">="&DATE(AnneeSynth,1,1),Déplacements!$C$9:$C$808,"<"&DATE(AnneeSynth,2,1)) -> 1906 | Y4: =SUMIFS(Déplacements!$M$9:$M$808,Déplacements!$J$9:$J$808,"Domicile – travail",Déplacements!$C$9:$C$808,">="&DATE(AnneeSynth,1,1),Déplacements!$C$9:$C$808,"<"&DATE(AnneeSynth,2,1)) -> 96 | Z4: =SUMIFS(Déplacements!$M$9:$M$808,Déplacements!$J$9:$J$808,"Personnel",Déplacements!$C$9:$C$808,">="&DATE(AnneeSynth,1,1),Déplacements!$C$9:$C$808,"<"&DATE(AnneeSynth,2,1)) -> 0 | AA4: =SUMIFS(Dépenses!$L$9:$L$508,Dépenses!$X$9:$X$508,"Énergie",Dépenses!$C$9:$C$508,">="&DATE(AnneeSynth,1,1),Dépenses!$C$9:$C$508,"<"&DATE(AnneeSynth,2,1)) -> 209.07 | AB4: =SUMIFS(Dépenses!$L$9:$L$508,Dépenses!$X$9:$X$508,"Entretien et réparations",Dépenses!$C$9:$C$508,">="&DATE(AnneeSynth,1,1),Dépenses!$C$9:$C$508,"<"&DATE(AnneeSynth,2,1)) -> 0 | AC4: =SUMIFS(Dépenses!$L$9:$L$508,Dépenses!$X$9:$X$508,"Frais fixes et divers",Dépenses!$C$9:$C$508,">="&DATE(AnneeSynth,1,1),Dépenses!$C$9:$C$508,"<"&DATE(AnneeSynth,2,1)) -> 1283.7 | AD4: =SUMIFS(Dépenses!$L$9:$L$508,Dépenses!$C$9:$C$508,">="&DATE(AnneeSynth,1,1),Dépenses!$C$9:$C$508,"<"&DATE(AnneeSynth,2,1)) -> 1492.77 | AE4: =SUMIFS(Déplacements!$M$9:$M$808,Déplacements!$C$9:$C$808,">="&DATE(AnneeSynth,1,1),Déplacements!$C$9:$C$808,"<"&DATE(AnneeSynth,2,1)) -> 2002 | AF4: =IFERROR(AD4/AE4,0) -> 0.74563936
U5: Dernier mois | V5: =IF(V3=1,12,IF(V3<=5,(V3-2)*3+3,V3-5)) -> 12 | W5: févr. | X5: =SUMIFS(Déplacements!$M$9:$M$808,Déplacements!$J$9:$J$808,"Professionnel",Déplacements!$C$9:$C$808,">="&DATE(AnneeSynth,2,1),Déplacements!$C$9:$C$808,"<"&DATE(AnneeSynth,3,1)) -> 1546 | Y5: =SUMIFS(Déplacements!$M$9:$M$808,Déplacements!$J$9:$J$808,"Domicile – travail",Déplacements!$C$9:$C$808,">="&DATE(AnneeSynth,2,1),Déplacements!$C$9:$C$808,"<"&DATE(AnneeSynth,3,1)) -> 96 | Z5: =SUMIFS(Déplacements!$M$9:$M$808,Déplacements!$J$9:$J$808,"Personnel",Déplacements!$C$9:$C$808,">="&DATE(AnneeSynth,2,1),Déplacements!$C$9:$C$808,"<"&DATE(AnneeSynth,3,1)) -> 0 | AA5: =SUMIFS(Dépenses!$L$9:$L$508,Dépenses!$X$9:$X$508,"Énergie",Dépenses!$C$9:$C$508,">="&DATE(AnneeSynth,2,1),Dépenses!$C$9:$C$508,"<"&DATE(AnneeSynth,3,1)) -> 190.92 | AB5: =SUMIFS(Dépenses!$L$9:$L$508,Dépenses!$X$9:$X$508,"Entretien et réparations",Dépenses!$C$9:$C$508,">="&DATE(AnneeSynth,2,1),Dépenses!$C$9:$C$508,"<"&DATE(AnneeSynth,3,1)) -> 0 | AC5: =SUMIFS(Dépenses!$L$9:$L$508,Dépenses!$X$9:$X$508,"Frais fixes et divers",Dépenses!$C$9:$C$508,">="&DATE(AnneeSynth,2,1),Dépenses!$C$9:$C$508,"<"&DATE(AnneeSynth,3,1)) -> 78.4 | AD5: =SUMIFS(Dépenses!$L$9:$L$508,Dépenses!$C$9:$C$508,">="&DATE(AnneeSynth,2,1),Dépenses!$C$9:$C$508,"<"&DATE(AnneeSynth,3,1)) -> 269.32 | AE5: =SUMIFS(Déplacements!$M$9:$M$808,Déplacements!$C$9:$C$808,">="&DATE(AnneeSynth,2,1),Déplacements!$C$9:$C$808,"<"&DATE(AnneeSynth,3,1)) -> 1642 | AF5: =IFERROR(AD5/AE5,0) -> 0.16401949
C6: =Immatriculation -> FT-317-KV | G6: DISTANCE PARCOURUE | J6: PART PROFESSIONNELLE | M6: DÉPENSES TTC | P6: COÛT AU KILOMÈTRE | U6: Début de période | V6: =DATE(AnneeSynth,V4,1) -> 46388 | W6: mars | X6: =SUMIFS(Déplacements!$M$9:$M$808,Déplacements!$J$9:$J$808,"Professionnel",Déplacements!$C$9:$C$808,">="&DATE(AnneeSynth,3,1),Déplacements!$C$9:$C$808,"<"&DATE(AnneeSynth,4,1)) -> 2051 | Y6: =SUMIFS(Déplacements!$M$9:$M$808,Déplacements!$J$9:$J$808,"Domicile – travail",Déplacements!$C$9:$C$808,">="&DATE(AnneeSynth,3,1),Déplacements!$C$9:$C$808,"<"&DATE(AnneeSynth,4,1)) -> 96 | Z6: =SUMIFS(Déplacements!$M$9:$M$808,Déplacements!$J$9:$J$808,"Personnel",Déplacements!$C$9:$C$808,">="&DATE(AnneeSynth,3,1),Déplacements!$C$9:$C$808,"<"&DATE(AnneeSynth,4,1)) -> 0 | AA6: =SUMIFS(Dépenses!$L$9:$L$508,Dépenses!$X$9:$X$508,"Énergie",Dépenses!$C$9:$C$508,">="&DATE(AnneeSynth,3,1),Dépenses!$C$9:$C$508,"<"&DATE(AnneeSynth,4,1)) -> 259.44 | AB6: =SUMIFS(Dépenses!$L$9:$L$508,Dépenses!$X$9:$X$508,"Entretien et réparations",Dépenses!$C$9:$C$508,">="&DATE(AnneeSynth,3,1),Dépenses!$C$9:$C$508,"<"&DATE(AnneeSynth,4,1)) -> 89 | AC6: =SUMIFS(Dépenses!$L$9:$L$508,Dépenses!$X$9:$X$508,"Frais fixes et divers",Dépenses!$C$9:$C$508,">="&DATE(AnneeSynth,3,1),Dépenses!$C$9:$C$508,"<"&DATE(AnneeSynth,4,1)) -> 95.6 | AD6: =SUMIFS(Dépenses!$L$9:$L$508,Dépenses!$C$9:$C$508,">="&DATE(AnneeSynth,3,1),Dépenses!$C$9:$C$508,"<"&DATE(AnneeSynth,4,1)) -> 444.04 | AE6: =SUMIFS(Déplacements!$M$9:$M$808,Déplacements!$C$9:$C$808,">="&DATE(AnneeSynth,3,1),Déplacements!$C$9:$C$808,"<"&DATE(AnneeSynth,4,1)) -> 2147 | AF6: =IFERROR(AD6/AE6,0) -> 0.20681882
G7: =$V$8 -> 21596 | J7: =IFERROR($V$10/$V$8,0) -> 0.94165586 | M7: =$V$13 -> 6437.89 | P7: =IFERROR($V$13/$V$8,0) -> 0.29810567 | U7: Fin de période | V7: =DATE(AnneeSynth,V5+1,1)-1 -> 46752 | W7: avr. | X7: =SUMIFS(Déplacements!$M$9:$M$808,Déplacements!$J$9:$J$808,"Professionnel",Déplacements!$C$9:$C$808,">="&DATE(AnneeSynth,4,1),Déplacements!$C$9:$C$808,"<"&DATE(AnneeSynth,5,1)) -> 1918 | Y7: =SUMIFS(Déplacements!$M$9:$M$808,Déplacements!$J$9:$J$808,"Domicile – travail",Déplacements!$C$9:$C$808,">="&DATE(AnneeSynth,4,1),Déplacements!$C$9:$C$808,"<"&DATE(AnneeSynth,5,1)) -> 96 | Z7: =SUMIFS(Déplacements!$M$9:$M$808,Déplacements!$J$9:$J$808,"Personnel",Déplacements!$C$9:$C$808,">="&DATE(AnneeSynth,4,1),Déplacements!$C$9:$C$808,"<"&DATE(AnneeSynth,5,1)) -> 0 | AA7: =SUMIFS(Dépenses!$L$9:$L$508,Dépenses!$X$9:$X$508,"Énergie",Dépenses!$C$9:$C$508,">="&DATE(AnneeSynth,4,1),Dépenses!$C$9:$C$508,"<"&DATE(AnneeSynth,5,1)) -> 291.04 | AB7: =SUMIFS(Dépenses!$L$9:$L$508,Dépenses!$X$9:$X$508,"Entretien et réparations",Dépenses!$C$9:$C$508,">="&DATE(AnneeSynth,4,1),Dépenses!$C$9:$C$508,"<"&DATE(AnneeSynth,5,1)) -> 0 | AC7: =SUMIFS(Dépenses!$L$9:$L$508,Dépenses!$X$9:$X$508,"Frais fixes et divers",Dépenses!$C$9:$C$508,">="&DATE(AnneeSynth,4,1),Dépenses!$C$9:$C$508,"<"&DATE(AnneeSynth,5,1)) -> 150.6 | AD7: =SUMIFS(Dépenses!$L$9:$L$508,Dépenses!$C$9:$C$508,">="&DATE(AnneeSynth,4,1),Dépenses!$C$9:$C$508,"<"&DATE(AnneeSynth,5,1)) -> 441.64 | AE7: =SUMIFS(Déplacements!$M$9:$M$808,Déplacements!$C$9:$C$808,">="&DATE(AnneeSynth,4,1),Déplacements!$C$9:$C$808,"<"&DATE(AnneeSynth,5,1)) -> 2014 | AF7: =IFERROR(AD7/AE7,0) -> 0.219285
C8: =Energie&" · "&PuissanceCV&" CV" -> Gazole · 6 CV | G8: ="sur "&$V$9&" déplacements" -> sur 375 déplacements | J8: ="soit "&FIXED($V$10,0)&" km professionnels" -> soit 20.336 km professionnels | M8: ="soit "&FIXED($V$14,0)&" € HT" -> soit 5.556 € HT | P8: ="coût complet, toutes dépenses TTC" -> coût complet, toutes dépenses TTC | U8: Km de la période | V8: =SUMIFS(Déplacements!$M$9:$M$808,Déplacements!$C$9:$C$808,">="&PerDebut,Déplacements!$C$9:$C$808,"<="&PerFin) -> 21596 | W8: mai | X8: =SUMIFS(Déplacements!$M$9:$M$808,Déplacements!$J$9:$J$808,"Professionnel",Déplacements!$C$9:$C$808,">="&DATE(AnneeSynth,5,1),Déplacements!$C$9:$C$808,"<"&DATE(AnneeSynth,6,1)) -> 1697 | Y8: =SUMIFS(Déplacements!$M$9:$M$808,Déplacements!$J$9:$J$808,"Domicile – travail",Déplacements!$C$9:$C$808,">="&DATE(AnneeSynth,5,1),Déplacements!$C$9:$C$808,"<"&DATE(AnneeSynth,6,1)) -> 96 | Z8: =SUMIFS(Déplacements!$M$9:$M$808,Déplacements!$J$9:$J$808,"Personnel",Déplacements!$C$9:$C$808,">="&DATE(AnneeSynth,5,1),Déplacements!$C$9:$C$808,"<"&DATE(AnneeSynth,6,1)) -> 0 | AA8: =SUMIFS(Dépenses!$L$9:$L$508,Dépenses!$X$9:$X$508,"Énergie",Dépenses!$C$9:$C$508,">="&DATE(AnneeSynth,5,1),Dépenses!$C$9:$C$508,"<"&DATE(AnneeSynth,6,1)) -> 185.72 | AB8: =SUMIFS(Dépenses!$L$9:$L$508,Dépenses!$X$9:$X$508,"Entretien et réparations",Dépenses!$C$9:$C$508,">="&DATE(AnneeSynth,5,1),Dépenses!$C$9:$C$508,"<"&DATE(AnneeSynth,6,1)) -> 312.6 | AC8: =SUMIFS(Dépenses!$L$9:$L$508,Dépenses!$X$9:$X$508,"Frais fixes et divers",Dépenses!$C$9:$C$508,">="&DATE(AnneeSynth,5,1),Dépenses!$C$9:$C$508,"<"&DATE(AnneeSynth,6,1)) -> 110.3 | AD8: =SUMIFS(Dépenses!$L$9:$L$508,Dépenses!$C$9:$C$508,">="&DATE(AnneeSynth,5,1),Dépenses!$C$9:$C$508,"<"&DATE(AnneeSynth,6,1)) -> 608.62 | AE8: =SUMIFS(Déplacements!$M$9:$M$808,Déplacements!$C$9:$C$808,">="&DATE(AnneeSynth,5,1),Déplacements!$C$9:$C$808,"<"&DATE(AnneeSynth,6,1)) -> 1793 | AF8: =IFERROR(AD8/AE8,0) -> 0.33944228
U9: Déplacements | V9: =COUNTIFS(Déplacements!$C$9:$C$808,">="&PerDebut,Déplacements!$C$9:$C$808,"<="&PerFin) -> 375 | W9: juin | X9: =SUMIFS(Déplacements!$M$9:$M$808,Déplacements!$J$9:$J$808,"Professionnel",Déplacements!$C$9:$C$808,">="&DATE(AnneeSynth,6,1),Déplacements!$C$9:$C$808,"<"&DATE(AnneeSynth,7,1)) -> 2163 | Y9: =SUMIFS(Déplacements!$M$9:$M$808,Déplacements!$J$9:$J$808,"Domicile – travail",Déplacements!$C$9:$C$808,">="&DATE(AnneeSynth,6,1),Déplacements!$C$9:$C$808,"<"&DATE(AnneeSynth,7,1)) -> 96 | Z9: =SUMIFS(Déplacements!$M$9:$M$808,Déplacements!$J$9:$J$808,"Personnel",Déplacements!$C$9:$C$808,">="&DATE(AnneeSynth,6,1),Déplacements!$C$9:$C$808,"<"&DATE(AnneeSynth,7,1)) -> 36 | AA9: =SUMIFS(Dépenses!$L$9:$L$508,Dépenses!$X$9:$X$508,"Énergie",Dépenses!$C$9:$C$508,">="&DATE(AnneeSynth,6,1),Dépenses!$C$9:$C$508,"<"&DATE(AnneeSynth,7,1)) -> 328.84 | AB9: =SUMIFS(Dépenses!$L$9:$L$508,Dépenses!$X$9:$X$508,"Entretien et réparations",Dépenses!$C$9:$C$508,">="&DATE(AnneeSynth,6,1),Dépenses!$C$9:$C$508,"<"&DATE(AnneeSynth,7,1)) -> 186 | AC9: =SUMIFS(Dépenses!$L$9:$L$508,Dépenses!$X$9:$X$508,"Frais fixes et divers",Dépenses!$C$9:$C$508,">="&DATE(AnneeSynth,6,1),Dépenses!$C$9:$C$508,"<"&DATE(AnneeSynth,7,1)) -> 150.1 | AD9: =SUMIFS(Dépenses!$L$9:$L$508,Dépenses!$C$9:$C$508,">="&DATE(AnneeSynth,6,1),Dépenses!$C$9:$C$508,"<"&DATE(AnneeSynth,7,1)) -> 664.94 | AE9: =SUMIFS(Déplacements!$M$9:$M$808,Déplacements!$C$9:$C$808,">="&DATE(AnneeSynth,6,1),Déplacements!$C$9:$C$808,"<"&DATE(AnneeSynth,7,1)) -> 2295 | AF9: =IFERROR(AD9/AE9,0) -> 0.2897342
C10: STATUT | G10: CONSOMMATION MOYENNE | J10: ÉNERGIE AUX 100 KM | M10: =IF(Statut="Véhicule personnel","INDEMNITÉS KILOMÉTRIQUES","KILOMÈTRES PRIVÉS") -> KILOMÈTRES PRIVÉS | P10: AVANCES À REMBOURSER | U10: Km professionnels | V10: =SUMIFS(Déplacements!$M$9:$M$808,Déplacements!$J$9:$J$808,"Professionnel",Déplacements!$C$9:$C$808,">="&PerDebut,Déplacements!$C$9:$C$808,"<="&PerFin) -> 20336 | W10: juil. | X10: =SUMIFS(Déplacements!$M$9:$M$808,Déplacements!$J$9:$J$808,"Professionnel",Déplacements!$C$9:$C$808,">="&DATE(AnneeSynth,7,1),Déplacements!$C$9:$C$808,"<"&DATE(AnneeSynth,8,1)) -> 1626 | Y10: =SUMIFS(Déplacements!$M$9:$M$808,Déplacements!$J$9:$J$808,"Domicile – travail",Déplacements!$C$9:$C$808,">="&DATE(AnneeSynth,7,1),Déplacements!$C$9:$C$808,"<"&DATE(AnneeSynth,8,1)) -> 96 | Z10: =SUMIFS(Déplacements!$M$9:$M$808,Déplacements!$J$9:$J$808,"Personnel",Déplacements!$C$9:$C$808,">="&DATE(AnneeSynth,7,1),Déplacements!$C$9:$C$808,"<"&DATE(AnneeSynth,8,1)) -> 0 | AA10: =SUMIFS(Dépenses!$L$9:$L$508,Dépenses!$X$9:$X$508,"Énergie",Dépenses!$C$9:$C$508,">="&DATE(AnneeSynth,7,1),Dépenses!$C$9:$C$508,"<"&DATE(AnneeSynth,8,1)) -> 206.63 | AB10: =SUMIFS(Dépenses!$L$9:$L$508,Dépenses!$X$9:$X$508,"Entretien et réparations",Dépenses!$C$9:$C$508,">="&DATE(AnneeSynth,7,1),Dépenses!$C$9:$C$508,"<"&DATE(AnneeSynth,8,1)) -> 0 | AC10: =SUMIFS(Dépenses!$L$9:$L$508,Dépenses!$X$9:$X$508,"Frais fixes et divers",Dépenses!$C$9:$C$508,">="&DATE(AnneeSynth,7,1),Dépenses!$C$9:$C$508,"<"&DATE(AnneeSynth,8,1)) -> 121.4 | AD10: =SUMIFS(Dépenses!$L$9:$L$508,Dépenses!$C$9:$C$508,">="&DATE(AnneeSynth,7,1),Dépenses!$C$9:$C$508,"<"&DATE(AnneeSynth,8,1)) -> 328.03 | AE10: =SUMIFS(Déplacements!$M$9:$M$808,Déplacements!$C$9:$C$808,">="&DATE(AnneeSynth,7,1),Déplacements!$C$9:$C$808,"<"&DATE(AnneeSynth,8,1)) -> 1722 | AF10: =IFERROR(AD10/AE10,0) -> 0.19049361
C11: =Statut -> Véhicule de service | G11: =IFERROR($V$19/$V$18*100,0) -> 6.9664007 | J11: =IFERROR($V$15/$V$8*100,0) -> 11.988285 | M11: =IF(Statut="Véhicule personnel",FIXED($V$27,0)&" €",FIXED($V$28,0)&" km") -> 36 km | P11: =$V$21 -> 945.3 | U11: Km domicile – travail | V11: =SUMIFS(Déplacements!$M$9:$M$808,Déplacements!$J$9:$J$808,"Domicile – travail",Déplacements!$C$9:$C$808,">="&PerDebut,Déplacements!$C$9:$C$808,"<="&PerFin) -> 1224 | W11: août | X11: =SUMIFS(Déplacements!$M$9:$M$808,Déplacements!$J$9:$J$808,"Professionnel",Déplacements!$C$9:$C$808,">="&DATE(AnneeSynth,8,1),Déplacements!$C$9:$C$808,"<"&DATE(AnneeSynth,9,1)) -> 872 | Y11: =SUMIFS(Déplacements!$M$9:$M$808,Déplacements!$J$9:$J$808,"Domicile – travail",Déplacements!$C$9:$C$808,">="&DATE(AnneeSynth,8,1),Déplacements!$C$9:$C$808,"<"&DATE(AnneeSynth,9,1)) -> 144 | Z11: =SUMIFS(Déplacements!$M$9:$M$808,Déplacements!$J$9:$J$808,"Personnel",Déplacements!$C$9:$C$808,">="&DATE(AnneeSynth,8,1),Déplacements!$C$9:$C$808,"<"&DATE(AnneeSynth,9,1)) -> 0 | AA11: =SUMIFS(Dépenses!$L$9:$L$508,Dépenses!$X$9:$X$508,"Énergie",Dépenses!$C$9:$C$508,">="&DATE(AnneeSynth,8,1),Dépenses!$C$9:$C$508,"<"&DATE(AnneeSynth,9,1)) -> 65.09 | AB11: =SUMIFS(Dépenses!$L$9:$L$508,Dépenses!$X$9:$X$508,"Entretien et réparations",Dépenses!$C$9:$C$508,">="&DATE(AnneeSynth,8,1),Dépenses!$C$9:$C$508,"<"&DATE(AnneeSynth,9,1)) -> 0 | AC11: =SUMIFS(Dépenses!$L$9:$L$508,Dépenses!$X$9:$X$508,"Frais fixes et divers",Dépenses!$C$9:$C$508,">="&DATE(AnneeSynth,8,1),Dépenses!$C$9:$C$508,"<"&DATE(AnneeSynth,9,1)) -> 77.2 | AD11: =SUMIFS(Dépenses!$L$9:$L$508,Dépenses!$C$9:$C$508,">="&DATE(AnneeSynth,8,1),Dépenses!$C$9:$C$508,"<"&DATE(AnneeSynth,9,1)) -> 142.29 | AE11: =SUMIFS(Déplacements!$M$9:$M$808,Déplacements!$C$9:$C$808,">="&DATE(AnneeSynth,8,1),Déplacements!$C$9:$C$808,"<"&DATE(AnneeSynth,9,1)) -> 1016 | AF11: =IFERROR(AD11/AE11,0) -> 0.14004921
C12: TITULAIRE | G12: =UniteQte&"/100 km · "&$V$20&" pleins complets" -> L/100 km · 40 pleins complets | J12: ="prix moyen : "&FIXED(IFERROR($V$15/$V$16,0),3)&" €/"&UniteQte -> prix moyen : 1,747 €/L | M12: =IF(Statut="Véhicule personnel","année "&AnneeSynth&" · barème "&PuissanceCV&" CV",IF(UsagePrive="Non","usage privé non autorisé","sur la période")) -> usage privé non autorisé | P12: ="sur "&$V$22&" dépenses avancées" -> sur 66 dépenses avancées | U12: Km personnels | V12: =SUMIFS(Déplacements!$M$9:$M$808,Déplacements!$J$9:$J$808,"Personnel",Déplacements!$C$9:$C$808,">="&PerDebut,Déplacements!$C$9:$C$808,"<="&PerFin) -> 36 | W12: sept. | X12: =SUMIFS(Déplacements!$M$9:$M$808,Déplacements!$J$9:$J$808,"Professionnel",Déplacements!$C$9:$C$808,">="&DATE(AnneeSynth,9,1),Déplacements!$C$9:$C$808,"<"&DATE(AnneeSynth,10,1)) -> 2159 | Y12: =SUMIFS(Déplacements!$M$9:$M$808,Déplacements!$J$9:$J$808,"Domicile – travail",Déplacements!$C$9:$C$808,">="&DATE(AnneeSynth,9,1),Déplacements!$C$9:$C$808,"<"&DATE(AnneeSynth,10,1)) -> 144 | Z12: =SUMIFS(Déplacements!$M$9:$M$808,Déplacements!$J$9:$J$808,"Personnel",Déplacements!$C$9:$C$808,">="&DATE(AnneeSynth,9,1),Déplacements!$C$9:$C$808,"<"&DATE(AnneeSynth,10,1)) -> 0 | AA12: =SUMIFS(Dépenses!$L$9:$L$508,Dépenses!$X$9:$X$508,"Énergie",Dépenses!$C$9:$C$508,">="&DATE(AnneeSynth,9,1),Dépenses!$C$9:$C$508,"<"&DATE(AnneeSynth,10,1)) -> 308.05 | AB12: =SUMIFS(Dépenses!$L$9:$L$508,Dépenses!$X$9:$X$508,"Entretien et réparations",Dépenses!$C$9:$C$508,">="&DATE(AnneeSynth,9,1),Dépenses!$C$9:$C$508,"<"&DATE(AnneeSynth,10,1)) -> 248.9 | AC12: =SUMIFS(Dépenses!$L$9:$L$508,Dépenses!$X$9:$X$508,"Frais fixes et divers",Dépenses!$C$9:$C$508,">="&DATE(AnneeSynth,9,1),Dépenses!$C$9:$C$508,"<"&DATE(AnneeSynth,10,1)) -> 107.2 | AD12: =SUMIFS(Dépenses!$L$9:$L$508,Dépenses!$C$9:$C$508,">="&DATE(AnneeSynth,9,1),Dépenses!$C$9:$C$508,"<"&DATE(AnneeSynth,10,1)) -> 664.15 | AE12: =SUMIFS(Déplacements!$M$9:$M$808,Déplacements!$C$9:$C$808,">="&DATE(AnneeSynth,9,1),Déplacements!$C$9:$C$808,"<"&DATE(AnneeSynth,10,1)) -> 2303 | AF12: =IFERROR(AD12/AE12,0) -> 0.28838472
C13: =TitulaireVehicule -> Altéis Maintenance SAS | U13: Dépenses TTC | V13: =SUMIFS(Dépenses!$L$9:$L$508,Dépenses!$C$9:$C$508,">="&PerDebut,Dépenses!$C$9:$C$508,"<="&PerFin) -> 6437.89 | W13: oct. | X13: =SUMIFS(Déplacements!$M$9:$M$808,Déplacements!$J$9:$J$808,"Professionnel",Déplacements!$C$9:$C$808,">="&DATE(AnneeSynth,10,1),Déplacements!$C$9:$C$808,"<"&DATE(AnneeSynth,11,1)) -> 2194 | Y13: =SUMIFS(Déplacements!$M$9:$M$808,Déplacements!$J$9:$J$808,"Domicile – travail",Déplacements!$C$9:$C$808,">="&DATE(AnneeSynth,10,1),Déplacements!$C$9:$C$808,"<"&DATE(AnneeSynth,11,1)) -> 96 | Z13: =SUMIFS(Déplacements!$M$9:$M$808,Déplacements!$J$9:$J$808,"Personnel",Déplacements!$C$9:$C$808,">="&DATE(AnneeSynth,10,1),Déplacements!$C$9:$C$808,"<"&DATE(AnneeSynth,11,1)) -> 0 | AA13: =SUMIFS(Dépenses!$L$9:$L$508,Dépenses!$X$9:$X$508,"Énergie",Dépenses!$C$9:$C$508,">="&DATE(AnneeSynth,10,1),Dépenses!$C$9:$C$508,"<"&DATE(AnneeSynth,11,1)) -> 299.84 | AB13: =SUMIFS(Dépenses!$L$9:$L$508,Dépenses!$X$9:$X$508,"Entretien et réparations",Dépenses!$C$9:$C$508,">="&DATE(AnneeSynth,10,1),Dépenses!$C$9:$C$508,"<"&DATE(AnneeSynth,11,1)) -> 0 | AC13: =SUMIFS(Dépenses!$L$9:$L$508,Dépenses!$X$9:$X$508,"Frais fixes et divers",Dépenses!$C$9:$C$508,">="&DATE(AnneeSynth,10,1),Dépenses!$C$9:$C$508,"<"&DATE(AnneeSynth,11,1)) -> 136.2 | AD13: =SUMIFS(Dépenses!$L$9:$L$508,Dépenses!$C$9:$C$508,">="&DATE(AnneeSynth,10,1),Dépenses!$C$9:$C$508,"<"&DATE(AnneeSynth,11,1)) -> 436.04 | AE13: =SUMIFS(Déplacements!$M$9:$M$808,Déplacements!$C$9:$C$808,">="&DATE(AnneeSynth,10,1),Déplacements!$C$9:$C$808,"<"&DATE(AnneeSynth,11,1)) -> 2290 | AF13: =IFERROR(AD13/AE13,0) -> 0.19041048
C14: GESTIONNAIRE | G14: Kilomètres parcourus par mois | M14: Dépenses TTC par mois et coût au kilomètre | U14: Dépenses HT | V14: =SUMIFS(Dépenses!$N$9:$N$508,Dépenses!$C$9:$C$508,">="&PerDebut,Dépenses!$C$9:$C$508,"<="&PerFin) -> 5556.2417 | W14: nov. | X14: =SUMIFS(Déplacements!$M$9:$M$808,Déplacements!$J$9:$J$808,"Professionnel",Déplacements!$C$9:$C$808,">="&DATE(AnneeSynth,11,1),Déplacements!$C$9:$C$808,"<"&DATE(AnneeSynth,12,1)) -> 1071 | Y14: =SUMIFS(Déplacements!$M$9:$M$808,Déplacements!$J$9:$J$808,"Domicile – travail",Déplacements!$C$9:$C$808,">="&DATE(AnneeSynth,11,1),Déplacements!$C$9:$C$808,"<"&DATE(AnneeSynth,12,1)) -> 96 | Z14: =SUMIFS(Déplacements!$M$9:$M$808,Déplacements!$J$9:$J$808,"Personnel",Déplacements!$C$9:$C$808,">="&DATE(AnneeSynth,11,1),Déplacements!$C$9:$C$808,"<"&DATE(AnneeSynth,12,1)) -> 0 | AA14: =SUMIFS(Dépenses!$L$9:$L$508,Dépenses!$X$9:$X$508,"Énergie",Dépenses!$C$9:$C$508,">="&DATE(AnneeSynth,11,1),Dépenses!$C$9:$C$508,"<"&DATE(AnneeSynth,12,1)) -> 124.32 | AB14: =SUMIFS(Dépenses!$L$9:$L$508,Dépenses!$X$9:$X$508,"Entretien et réparations",Dépenses!$C$9:$C$508,">="&DATE(AnneeSynth,11,1),Dépenses!$C$9:$C$508,"<"&DATE(AnneeSynth,12,1)) -> 512 | AC14: =SUMIFS(Dépenses!$L$9:$L$508,Dépenses!$X$9:$X$508,"Frais fixes et divers",Dépenses!$C$9:$C$508,">="&DATE(AnneeSynth,11,1),Dépenses!$C$9:$C$508,"<"&DATE(AnneeSynth,12,1)) -> 152.1 | AD14: =SUMIFS(Dépenses!$L$9:$L$508,Dépenses!$C$9:$C$508,">="&DATE(AnneeSynth,11,1),Dépenses!$C$9:$C$508,"<"&DATE(AnneeSynth,12,1)) -> 788.42 | AE14: =SUMIFS(Déplacements!$M$9:$M$808,Déplacements!$C$9:$C$808,">="&DATE(AnneeSynth,11,1),Déplacements!$C$9:$C$808,"<"&DATE(AnneeSynth,12,1)) -> 1167 | AF14: =IFERROR(AD14/AE14,0) -> 0.67559554
C15: =Gestionnaire -> Élodie Faure | U15: Énergie TTC | V15: =SUMIFS(Dépenses!$L$9:$L$508,Dépenses!$X$9:$X$508,"Énergie",Dépenses!$C$9:$C$508,">="&PerDebut,Dépenses!$C$9:$C$508,"<="&PerFin) -> 2588.99 | W15: déc. | X15: =SUMIFS(Déplacements!$M$9:$M$808,Déplacements!$J$9:$J$808,"Professionnel",Déplacements!$C$9:$C$808,">="&DATE(AnneeSynth,12,1),Déplacements!$C$9:$C$808,"<"&DATE(AnneeSynth,13,1)) -> 1133 | Y15: =SUMIFS(Déplacements!$M$9:$M$808,Déplacements!$J$9:$J$808,"Domicile – travail",Déplacements!$C$9:$C$808,">="&DATE(AnneeSynth,12,1),Déplacements!$C$9:$C$808,"<"&DATE(AnneeSynth,13,1)) -> 72 | Z15: =SUMIFS(Déplacements!$M$9:$M$808,Déplacements!$J$9:$J$808,"Personnel",Déplacements!$C$9:$C$808,">="&DATE(AnneeSynth,12,1),Déplacements!$C$9:$C$808,"<"&DATE(AnneeSynth,13,1)) -> 0 | AA15: =SUMIFS(Dépenses!$L$9:$L$508,Dépenses!$X$9:$X$508,"Énergie",Dépenses!$C$9:$C$508,">="&DATE(AnneeSynth,12,1),Dépenses!$C$9:$C$508,"<"&DATE(AnneeSynth,13,1)) -> 120.03 | AB15: =SUMIFS(Dépenses!$L$9:$L$508,Dépenses!$X$9:$X$508,"Entretien et réparations",Dépenses!$C$9:$C$508,">="&DATE(AnneeSynth,12,1),Dépenses!$C$9:$C$508,"<"&DATE(AnneeSynth,13,1)) -> 0 | AC15: =SUMIFS(Dépenses!$L$9:$L$508,Dépenses!$X$9:$X$508,"Frais fixes et divers",Dépenses!$C$9:$C$508,">="&DATE(AnneeSynth,12,1),Dépenses!$C$9:$C$508,"<"&DATE(AnneeSynth,13,1)) -> 37.6 | AD15: =SUMIFS(Dépenses!$L$9:$L$508,Dépenses!$C$9:$C$508,">="&DATE(AnneeSynth,12,1),Dépenses!$C$9:$C$508,"<"&DATE(AnneeSynth,13,1)) -> 157.63 | AE15: =SUMIFS(Déplacements!$M$9:$M$808,Déplacements!$C$9:$C$808,">="&DATE(AnneeSynth,12,1),Déplacements!$C$9:$C$808,"<"&DATE(AnneeSynth,13,1)) -> 1205 | AF15: =IFERROR(AD15/AE15,0) -> 0.13081328
C16: 1RE MISE EN CIRCULATION | U16: Quantité d'énergie | V16: =SUMIFS(Dépenses!$J$9:$J$508,Dépenses!$X$9:$X$508,"Énergie",Dépenses!$C$9:$C$508,">="&PerDebut,Dépenses!$C$9:$C$508,"<="&PerFin) -> 1481.74
C17: =DateMEC -> 45006 | U17: Pleins et recharges | V17: =COUNTIFS(Dépenses!$X$9:$X$508,"Énergie",Dépenses!$C$9:$C$508,">="&PerDebut,Dépenses!$C$9:$C$508,"<="&PerFin) -> 43
C18: COMPTEUR ACTUEL | U18: Distance retenue (conso.) | V18: =SUMIFS(Dépenses!$AC$9:$AC$508,Dépenses!$Q$9:$Q$508,">0",Dépenses!$C$9:$C$508,">="&PerDebut,Dépenses!$C$9:$C$508,"<="&PerFin) -> 20804
C19: =KmActuel -> 60353 | U19: Quantité retenue (conso.) | V19: =SUMIFS(Dépenses!$AD$9:$AD$508,Dépenses!$Q$9:$Q$508,">0",Dépenses!$C$9:$C$508,">="&PerDebut,Dépenses!$C$9:$C$508,"<="&PerFin) -> 1449.29
C20: SITUATION AU | U20: Pleins complets retenus | V20: =COUNTIFS(Dépenses!$Q$9:$Q$508,">0",Dépenses!$C$9:$C$508,">="&PerDebut,Dépenses!$C$9:$C$508,"<="&PerFin) -> 40
C21: =DateSituation -> 46743 | U21: Avances à rembourser | V21: =SUMIFS(Dépenses!$L$9:$L$508,Dépenses!$S$9:$S$508,"Oui",Dépenses!$C$9:$C$508,">="&PerDebut,Dépenses!$C$9:$C$508,"<="&PerFin) -> 945.3
C22: ÉCHÉANCE LA PLUS URGENTE | U22: Nombre d'avances | V22: =COUNTIFS(Dépenses!$S$9:$S$508,"Oui",Dépenses!$C$9:$C$508,">="&PerDebut,Dépenses!$C$9:$C$508,"<="&PerFin) -> 66
C23: =$V$30 -> Recharge de climatisation | U23: Km professionnels de l'année | V23: =SUMIFS(Déplacements!$M$9:$M$808,Déplacements!$J$9:$J$808,"Professionnel",Déplacements!$C$9:$C$808,">="&DATE(AnneeSynth,1,1),Déplacements!$C$9:$C$808,"<="&DATE(AnneeSynth,12,31)) -> 20336
C24: =$V$29 -> 46552 | U24: Km domicile – travail de l'année | V24: =SUMIFS(Déplacements!$M$9:$M$808,Déplacements!$J$9:$J$808,"Domicile – travail",Déplacements!$C$9:$C$808,">="&DATE(AnneeSynth,1,1),Déplacements!$C$9:$C$808,"<="&DATE(AnneeSynth,12,31)) -> 1224
U25: Base des IK (km) | V25: =V23+IF(InclureDT="Oui",V24,0) -> 21560
C26: ASSUREUR | U26: Ligne du barème | V26: =MATCH(MIN(MAX(N(PuissanceCV),3),7),BaremeCV,0) -> 4
C27: =Paramètres!$I$13 -> Mutuelle Horizon Assurances | U27: Indemnités kilométriques (€) | V27: =IF(V25<=0,0,IF(V25<=5000,V25*INDEX(BaremeT1,V26),IF(V25<=20000,V25*INDEX(BaremeT2,V26)+INDEX(BaremeF2,V26),V25*INDEX(BaremeT3,V26)))*IF(Energie="Électrique",1+MajorationElec,1)) -> 9637.32
C28: N° DE CONTRAT | U28: Km privés | V28: =V12+IF(Statut="Véhicule de fonction",V11,0) -> 36
C29: =Paramètres!$I$14 -> FL-2027-00318 | U29: Prochaine date d'échéance | V29: =IF(COUNT(Entretien!$J$9:$J$22)=0,"",MIN(Entretien!$J$9:$J$22)) -> 46552
U30: Opération concernée | V30: =IF(V29="","–",INDEX(Entretien!$B$9:$B$22,MATCH(V29,Entretien!$J$9:$J$22,0))) -> Recharge de climatisation
C32: POINTS D'ATTENTION | G32: Coûts par catégorie | M32: Activité par centre de coût
G33: CATÉGORIE | I33: MONTANT TTC | J33: PART | K33: POIDS | M33: CENTRE DE COÛT | O33: DÉPLAC. | P33: KM | Q33: PART KM | R33: DÉPENSES
C34: Échéances en retard | D34: =COUNTIF(Entretien!$O$9:$O$22,"En retard") -> 1 | G34: =IF(Paramètres!$H$37="","",Paramètres!$H$37) -> Carburant | I34: =IF(G34="","",SUMIFS(Dépenses!$L$9:$L$508,Dépenses!$F$9:$F$508,G34,Dépenses!$C$9:$C$508,">="&PerDebut,Dépenses!$C$9:$C$508,"<="&PerFin)) -> 2588.99 | J34: =IF(G34="","",IFERROR(I34/$I$46,0)) -> 0.40214884 | K34: =IF(G34="","",IFERROR(I34/MAX($I$34:$I$45),0)) -> 1 | M34: =IF(Paramètres!$B$46="","",Paramètres!$B$46) -> Service technique | O34: =IF($M34="","",COUNTIFS(Déplacements!$F$9:$F$808,$M34,Déplacements!$C$9:$C$808,">="&PerDebut,Déplacements!$C$9:$C$808,"<="&PerFin)) -> 301 | P34: =IF($M34="","",SUMIFS(Déplacements!$M$9:$M$808,Déplacements!$F$9:$F$808,$M34,Déplacements!$C$9:$C$808,">="&PerDebut,Déplacements!$C$9:$C$808,"<="&PerFin)) -> 12006 | Q34: =IF(OR($M34="",N($P$40)=0),"",P34/$P$40) -> 0.55593628 | R34: =IF($M34="","",SUMIFS(Dépenses!$L$9:$L$508,Dépenses!$T$9:$T$508,$M34,Dépenses!$C$9:$C$508,">="&PerDebut,Dépenses!$C$9:$C$508,"<="&PerFin)) -> 3129.54
C35: Échéances à prévoir | D35: =COUNTIF(Entretien!$O$9:$O$22,"À prévoir") -> 1 | G35: =IF(Paramètres!$H$38="","",Paramètres!$H$38) -> Recharge électrique | I35: =IF(G35="","",SUMIFS(Dépenses!$L$9:$L$508,Dépenses!$F$9:$F$508,G35,Dépenses!$C$9:$C$508,">="&PerDebut,Dépenses!$C$9:$C$508,"<="&PerFin)) -> 0 | J35: =IF(G35="","",IFERROR(I35/$I$46,0)) -> 0 | K35: =IF(G35="","",IFERROR(I35/MAX($I$34:$I$45),0)) -> 0 | M35: =IF(Paramètres!$B$47="","",Paramètres!$B$47) -> Service commercial | O35: =IF($M35="","",COUNTIFS(Déplacements!$F$9:$F$808,$M35,Déplacements!$C$9:$C$808,">="&PerDebut,Déplacements!$C$9:$C$808,"<="&PerFin)) -> 69 | P35: =IF($M35="","",SUMIFS(Déplacements!$M$9:$M$808,Déplacements!$F$9:$F$808,$M35,Déplacements!$C$9:$C$808,">="&PerDebut,Déplacements!$C$9:$C$808,"<="&PerFin)) -> 9489 | Q35: =IF(OR($M35="",N($P$40)=0),"",P35/$P$40) -> 0.43938692 | R35: =IF($M35="","",SUMIFS(Dépenses!$L$9:$L$508,Dépenses!$T$9:$T$508,$M35,Dépenses!$C$9:$C$508,">="&PerDebut,Dépenses!$C$9:$C$508,"<="&PerFin)) -> 1969.93
C36: Déplacements à vérifier | D36: =COUNTIF(Déplacements!$O$9:$O$808,"?*")-COUNTIF(Déplacements!$O$9:$O$808,"Conforme") -> 2 | G36: =IF(Paramètres!$H$39="","",Paramètres!$H$39) -> Entretien | I36: =IF(G36="","",SUMIFS(Dépenses!$L$9:$L$508,Dépenses!$F$9:$F$508,G36,Dépenses!$C$9:$C$508,">="&PerDebut,Dépenses!$C$9:$C$508,"<="&PerFin)) -> 312.6 | J36: =IF(G36="","",IFERROR(I36/$I$46,0)) -> 0.048556282 | K36: =IF(G36="","",IFERROR(I36/MAX($I$34:$I$45),0)) -> 0.12074207 | M36: =IF(Paramètres!$B$48="","",Paramètres!$B$48) -> Direction | O36: =IF($M36="","",COUNTIFS(Déplacements!$F$9:$F$808,$M36,Déplacements!$C$9:$C$808,">="&PerDebut,Déplacements!$C$9:$C$808,"<="&PerFin)) -> 5 | P36: =IF($M36="","",SUMIFS(Déplacements!$M$9:$M$808,Déplacements!$F$9:$F$808,$M36,Déplacements!$C$9:$C$808,">="&PerDebut,Déplacements!$C$9:$C$808,"<="&PerFin)) -> 101 | Q36: =IF(OR($M36="",N($P$40)=0),"",P36/$P$40) -> 0.004676792 | R36: =IF($M36="","",SUMIFS(Dépenses!$L$9:$L$508,Dépenses!$T$9:$T$508,$M36,Dépenses!$C$9:$C$508,">="&PerDebut,Dépenses!$C$9:$C$508,"<="&PerFin)) -> 152.02
C37: Dépenses à vérifier | D37: =COUNTIF(Dépenses!$V$9:$V$508,"?*")-COUNTIF(Dépenses!$V$9:$V$508,"Conforme") -> 0 | G37: =IF(Paramètres!$H$40="","",Paramètres!$H$40) -> Réparation | I37: =IF(G37="","",SUMIFS(Dépenses!$L$9:$L$508,Dépenses!$F$9:$F$508,G37,Dépenses!$C$9:$C$508,">="&PerDebut,Dépenses!$C$9:$C$508,"<="&PerFin)) -> 434.9 | J37: =IF(G37="","",IFERROR(I37/$I$46,0)) -> 0.067553189 | K37: =IF(G37="","",IFERROR(I37/MAX($I$34:$I$45),0)) -> 0.16798056 | M37: =IF(Paramètres!$B$49="","",Paramètres!$B$49) -> Logistique | O37: =IF($M37="","",COUNTIFS(Déplacements!$F$9:$F$808,$M37,Déplacements!$C$9:$C$808,">="&PerDebut,Déplacements!$C$9:$C$808,"<="&PerFin)) -> 0 | P37: =IF($M37="","",SUMIFS(Déplacements!$M$9:$M$808,Déplacements!$F$9:$F$808,$M37,Déplacements!$C$9:$C$808,">="&PerDebut,Déplacements!$C$9:$C$808,"<="&PerFin)) -> 0 | Q37: =IF(OR($M37="",N($P$40)=0),"",P37/$P$40) -> 0 | R37: =IF($M37="","",SUMIFS(Dépenses!$L$9:$L$508,Dépenses!$T$9:$T$508,$M37,Dépenses!$C$9:$C$508,">="&PerDebut,Dépenses!$C$9:$C$508,"<="&PerFin)) -> 0
C38: Usage privé signalé | D38: =COUNTIF(Déplacements!$O$9:$O$808,"Usage privé non autorisé") -> 1 | G38: =IF(Paramètres!$H$41="","",Paramètres!$H$41) -> Pneumatiques | I38: =IF(G38="","",SUMIFS(Dépenses!$L$9:$L$508,Dépenses!$F$9:$F$508,G38,Dépenses!$C$9:$C$508,">="&PerDebut,Dépenses!$C$9:$C$508,"<="&PerFin)) -> 512 | J38: =IF(G38="","",IFERROR(I38/$I$46,0)) -> 0.079529163 | K38: =IF(G38="","",IFERROR(I38/MAX($I$34:$I$45),0)) -> 0.19776052 | M38: =IF(Paramètres!$B$50="","",Paramètres!$B$50) | O38: =IF($M38="","",COUNTIFS(Déplacements!$F$9:$F$808,$M38,Déplacements!$C$9:$C$808,">="&PerDebut,Déplacements!$C$9:$C$808,"<="&PerFin)) | P38: =IF($M38="","",SUMIFS(Déplacements!$M$9:$M$808,Déplacements!$F$9:$F$808,$M38,Déplacements!$C$9:$C$808,">="&PerDebut,Déplacements!$C$9:$C$808,"<="&PerFin)) | Q38: =IF(OR($M38="",N($P$40)=0),"",P38/$P$40) | R38: =IF($M38="","",SUMIFS(Dépenses!$L$9:$L$508,Dépenses!$T$9:$T$508,$M38,Dépenses!$C$9:$C$508,">="&PerDebut,Dépenses!$C$9:$C$508,"<="&PerFin))
C39: Avances à rembourser | D39: =SUMIFS(Dépenses!$L$9:$L$508,Dépenses!$S$9:$S$508,"Oui") -> 945.3 | G39: =IF(Paramètres!$H$42="","",Paramètres!$H$42) -> Contrôle technique | I39: =IF(G39="","",SUMIFS(Dépenses!$L$9:$L$508,Dépenses!$F$9:$F$508,G39,Dépenses!$C$9:$C$508,">="&PerDebut,Dépenses!$C$9:$C$508,"<="&PerFin)) -> 89 | J39: =IF(G39="","",IFERROR(I39/$I$46,0)) -> 0.013824405 | K39: =IF(G39="","",IFERROR(I39/MAX($I$34:$I$45),0)) -> 0.03437634 | M39: Non affecté | O39: =IF($M39="","",COUNTIFS(Déplacements!$F$9:$F$808,$M39,Déplacements!$C$9:$C$808,">="&PerDebut,Déplacements!$C$9:$C$808,"<="&PerFin)) -> 0 | P39: =IF($M39="","",SUMIFS(Déplacements!$M$9:$M$808,Déplacements!$F$9:$F$808,$M39,Déplacements!$C$9:$C$808,">="&PerDebut,Déplacements!$C$9:$C$808,"<="&PerFin)) -> 0 | Q39: =IF(OR($M39="",N($P$40)=0),"",P39/$P$40) -> 0 | R39: =IF($M39="","",SUMIFS(Dépenses!$L$9:$L$508,Dépenses!$T$9:$T$508,$M39,Dépenses!$C$9:$C$508,">="&PerDebut,Dépenses!$C$9:$C$508,"<="&PerFin)) -> 1186.4
G40: =IF(Paramètres!$H$43="","",Paramètres!$H$43) -> Assurance | I40: =IF(G40="","",SUMIFS(Dépenses!$L$9:$L$508,Dépenses!$F$9:$F$508,G40,Dépenses!$C$9:$C$508,">="&PerDebut,Dépenses!$C$9:$C$508,"<="&PerFin)) -> 1148 | J40: =IF(G40="","",IFERROR(I40/$I$46,0)) -> 0.17831929 | K40: =IF(G40="","",IFERROR(I40/MAX($I$34:$I$45),0)) -> 0.44341616 | M40: Total | O40: =SUM(O34:O39) -> 375 | P40: =SUM(P34:P39) -> 21596 | Q40: =IF(P40>0,1,"") -> 1 | R40: =SUM(R34:R39) -> 6437.89
C41: ACCÈS RAPIDE | G41: =IF(Paramètres!$H$44="","",Paramètres!$H$44) -> Péage | I41: =IF(G41="","",SUMIFS(Dépenses!$L$9:$L$508,Dépenses!$F$9:$F$508,G41,Dépenses!$C$9:$C$508,">="&PerDebut,Dépenses!$C$9:$C$508,"<="&PerFin)) -> 822 | J41: =IF(G41="","",IFERROR(I41/$I$46,0)) -> 0.12768159 | K41: =IF(G41="","",IFERROR(I41/MAX($I$34:$I$45),0)) -> 0.31749833
C42: › Déplacements | G42: =IF(Paramètres!$H$45="","",Paramètres!$H$45) -> Stationnement | I42: =IF(G42="","",SUMIFS(Dépenses!$L$9:$L$508,Dépenses!$F$9:$F$508,G42,Dépenses!$C$9:$C$508,">="&PerDebut,Dépenses!$C$9:$C$508,"<="&PerFin)) -> 248.1 | J42: =IF(G42="","",IFERROR(I42/$I$46,0)) -> 0.038537471 | K42: =IF(G42="","",IFERROR(I42/MAX($I$34:$I$45),0)) -> 0.095828875 | M42: Activité par conducteur
C43: › Dépenses | G43: =IF(Paramètres!$H$46="","",Paramètres!$H$46) -> Lavage | I43: =IF(G43="","",SUMIFS(Dépenses!$L$9:$L$508,Dépenses!$F$9:$F$508,G43,Dépenses!$C$9:$C$508,">="&PerDebut,Dépenses!$C$9:$C$508,"<="&PerFin)) -> 154 | J43: =IF(G43="","",IFERROR(I43/$I$46,0)) -> 0.023920881 | K43: =IF(G43="","",IFERROR(I43/MAX($I$34:$I$45),0)) -> 0.059482655 | M43: CONDUCTEUR | O43: DÉPLAC. | P43: KM | Q43: PART PRO | R43: AVANCES
C44: › Entretien | G44: =IF(Paramètres!$H$47="","",Paramètres!$H$47) -> Équipement | I44: =IF(G44="","",SUMIFS(Dépenses!$L$9:$L$508,Dépenses!$F$9:$F$508,G44,Dépenses!$C$9:$C$508,">="&PerDebut,Dépenses!$C$9:$C$508,"<="&PerFin)) -> 128.3 | J44: =IF(G44="","",IFERROR(I44/$I$46,0)) -> 0.01992889 | K44: =IF(G44="","",IFERROR(I44/MAX($I$34:$I$45),0)) -> 0.049556004 | M44: =IF(Paramètres!$B$23="","",Paramètres!$B$23) -> Karim Benali | O44: =IF($M44="","",COUNTIFS(Déplacements!$E$9:$E$808,$M44,Déplacements!$C$9:$C$808,">="&PerDebut,Déplacements!$C$9:$C$808,"<="&PerFin)) -> 178 | P44: =IF($M44="","",SUMIFS(Déplacements!$M$9:$M$808,Déplacements!$E$9:$E$808,$M44,Déplacements!$C$9:$C$808,">="&PerDebut,Déplacements!$C$9:$C$808,"<="&PerFin)) -> 6752 | Q44: =IF(OR($M44="",N(P44)=0),"",SUMIFS(Déplacements!$M$9:$M$808,Déplacements!$E$9:$E$808,$M44,Déplacements!$J$9:$J$808,"Professionnel",Déplacements!$C$9:$C$808,">="&PerDebut,Déplacements!$C$9:$C$808,"<="&PerFin)/P44) -> 0.81872038 | R44: =IF($M44="","",SUMIFS(Dépenses!$L$9:$L$508,Dépenses!$D$9:$D$508,$M44,Dépenses!$S$9:$S$508,"Oui",Dépenses!$C$9:$C$508,">="&PerDebut,Dépenses!$C$9:$C$508,"<="&PerFin)) -> 0
C45: › Relevé mensuel | G45: =IF(Paramètres!$H$48="","",Paramètres!$H$48) -> Autre dépense | I45: =IF(G45="","",SUMIFS(Dépenses!$L$9:$L$508,Dépenses!$F$9:$F$508,G45,Dépenses!$C$9:$C$508,">="&PerDebut,Dépenses!$C$9:$C$508,"<="&PerFin)) -> 0 | J45: =IF(G45="","",IFERROR(I45/$I$46,0)) -> 0 | K45: =IF(G45="","",IFERROR(I45/MAX($I$34:$I$45),0)) -> 0 | M45: =IF(Paramètres!$B$24="","",Paramètres!$B$24) -> Thomas Girard | O45: =IF($M45="","",COUNTIFS(Déplacements!$E$9:$E$808,$M45,Déplacements!$C$9:$C$808,">="&PerDebut,Déplacements!$C$9:$C$808,"<="&PerFin)) -> 123 | P45: =IF($M45="","",SUMIFS(Déplacements!$M$9:$M$808,Déplacements!$E$9:$E$808,$M45,Déplacements!$C$9:$C$808,">="&PerDebut,Déplacements!$C$9:$C$808,"<="&PerFin)) -> 5254 | Q45: =IF(OR($M45="",N(P45)=0),"",SUMIFS(Déplacements!$M$9:$M$808,Déplacements!$E$9:$E$808,$M45,Déplacements!$J$9:$J$808,"Professionnel",Déplacements!$C$9:$C$808,">="&PerDebut,Déplacements!$C$9:$C$808,"<="&PerFin)/P45) -> 0.99314808 | R45: =IF($M45="","",SUMIFS(Dépenses!$L$9:$L$508,Dépenses!$D$9:$D$508,$M45,Dépenses!$S$9:$S$508,"Oui",Dépenses!$C$9:$C$508,">="&PerDebut,Dépenses!$C$9:$C$508,"<="&PerFin)) -> 0
C46: › Paramètres | G46: Total | I46: =SUM(I34:I45) -> 6437.89 | J46: =IF(I46>0,1,"") -> 1 | M46: =IF(Paramètres!$B$25="","",Paramètres!$B$25) -> Sophie Lemaire | O46: =IF($M46="","",COUNTIFS(Déplacements!$E$9:$E$808,$M46,Déplacements!$C$9:$C$808,">="&PerDebut,Déplacements!$C$9:$C$808,"<="&PerFin)) -> 69 | P46: =IF($M46="","",SUMIFS(Déplacements!$M$9:$M$808,Déplacements!$E$9:$E$808,$M46,Déplacements!$C$9:$C$808,">="&PerDebut,Déplacements!$C$9:$C$808,"<="&PerFin)) -> 9489 | Q46: =IF(OR($M46="",N(P46)=0),"",SUMIFS(Déplacements!$M$9:$M$808,Déplacements!$E$9:$E$808,$M46,Déplacements!$J$9:$J$808,"Professionnel",Déplacements!$C$9:$C$808,">="&PerDebut,Déplacements!$C$9:$C$808,"<="&PerFin)/P46) -> 1 | R46: =IF($M46="","",SUMIFS(Dépenses!$L$9:$L$508,Dépenses!$D$9:$D$508,$M46,Dépenses!$S$9:$S$508,"Oui",Dépenses!$C$9:$C$508,">="&PerDebut,Dépenses!$C$9:$C$508,"<="&PerFin)) -> 945.3
C47: › Mode d'emploi | M47: =IF(Paramètres!$B$26="","",Paramètres!$B$26) -> Élodie Faure | O47: =IF($M47="","",COUNTIFS(Déplacements!$E$9:$E$808,$M47,Déplacements!$C$9:$C$808,">="&PerDebut,Déplacements!$C$9:$C$808,"<="&PerFin)) -> 5 | P47: =IF($M47="","",SUMIFS(Déplacements!$M$9:$M$808,Déplacements!$E$9:$E$808,$M47,Déplacements!$C$9:$C$808,">="&PerDebut,Déplacements!$C$9:$C$808,"<="&PerFin)) -> 101 | Q47: =IF(OR($M47="",N(P47)=0),"",SUMIFS(Déplacements!$M$9:$M$808,Déplacements!$E$9:$E$808,$M47,Déplacements!$J$9:$J$808,"Professionnel",Déplacements!$C$9:$C$808,">="&PerDebut,Déplacements!$C$9:$C$808,"<="&PerFin)/P47) -> 1 | R47: =IF($M47="","",SUMIFS(Dépenses!$L$9:$L$508,Dépenses!$D$9:$D$508,$M47,Dépenses!$S$9:$S$508,"Oui",Dépenses!$C$9:$C$508,">="&PerDebut,Dépenses!$C$9:$C$508,"<="&PerFin)) -> 0
G48: Énergie sur la période | M48: =IF(Paramètres!$B$27="","",Paramètres!$B$27) | O48: =IF($M48="","",COUNTIFS(Déplacements!$E$9:$E$808,$M48,Déplacements!$C$9:$C$808,">="&PerDebut,Déplacements!$C$9:$C$808,"<="&PerFin)) | P48: =IF($M48="","",SUMIFS(Déplacements!$M$9:$M$808,Déplacements!$E$9:$E$808,$M48,Déplacements!$C$9:$C$808,">="&PerDebut,Déplacements!$C$9:$C$808,"<="&PerFin)) | Q48: =IF(OR($M48="",N(P48)=0),"",SUMIFS(Déplacements!$M$9:$M$808,Déplacements!$E$9:$E$808,$M48,Déplacements!$J$9:$J$808,"Professionnel",Déplacements!$C$9:$C$808,">="&PerDebut,Déplacements!$C$9:$C$808,"<="&PerFin)/P48) | R48: =IF($M48="","",SUMIFS(Dépenses!$L$9:$L$508,Dépenses!$D$9:$D$508,$M48,Dépenses!$S$9:$S$508,"Oui",Dépenses!$C$9:$C$508,">="&PerDebut,Dépenses!$C$9:$C$508,"<="&PerFin))
G49: VOLUME ACHETÉ | J49: PRIX MOYEN | M49: =IF(Paramètres!$B$28="","",Paramètres!$B$28) | O49: =IF($M49="","",COUNTIFS(Déplacements!$E$9:$E$808,$M49,Déplacements!$C$9:$C$808,">="&PerDebut,Déplacements!$C$9:$C$808,"<="&PerFin)) | P49: =IF($M49="","",SUMIFS(Déplacements!$M$9:$M$808,Déplacements!$E$9:$E$808,$M49,Déplacements!$C$9:$C$808,">="&PerDebut,Déplacements!$C$9:$C$808,"<="&PerFin)) | Q49: =IF(OR($M49="",N(P49)=0),"",SUMIFS(Déplacements!$M$9:$M$808,Déplacements!$E$9:$E$808,$M49,Déplacements!$J$9:$J$808,"Professionnel",Déplacements!$C$9:$C$808,">="&PerDebut,Déplacements!$C$9:$C$808,"<="&PerFin)/P49) | R49: =IF($M49="","",SUMIFS(Dépenses!$L$9:$L$508,Dépenses!$D$9:$D$508,$M49,Dépenses!$S$9:$S$508,"Oui",Dépenses!$C$9:$C$508,">="&PerDebut,Dépenses!$C$9:$C$508,"<="&PerFin))
G50: =FIXED($V$16,0)&" "&UniteQte -> 1.482 L | J50: =FIXED(IFERROR($V$15/$V$16,0),3)&" €/"&UniteQte -> 1,747 €/L | M50: =IF(Paramètres!$B$29="","",Paramètres!$B$29) | O50: =IF($M50="","",COUNTIFS(Déplacements!$E$9:$E$808,$M50,Déplacements!$C$9:$C$808,">="&PerDebut,Déplacements!$C$9:$C$808,"<="&PerFin)) | P50: =IF($M50="","",SUMIFS(Déplacements!$M$9:$M$808,Déplacements!$E$9:$E$808,$M50,Déplacements!$C$9:$C$808,">="&PerDebut,Déplacements!$C$9:$C$808,"<="&PerFin)) | Q50: =IF(OR($M50="",N(P50)=0),"",SUMIFS(Déplacements!$M$9:$M$808,Déplacements!$E$9:$E$808,$M50,Déplacements!$J$9:$J$808,"Professionnel",Déplacements!$C$9:$C$808,">="&PerDebut,Déplacements!$C$9:$C$808,"<="&PerFin)/P50) | R50: =IF($M50="","",SUMIFS(Dépenses!$L$9:$L$508,Dépenses!$D$9:$D$508,$M50,Dépenses!$S$9:$S$508,"Oui",Dépenses!$C$9:$C$508,">="&PerDebut,Dépenses!$C$9:$C$508,"<="&PerFin))
G51: PLEINS ET RECHARGES | J51: DISTANCE MOYENNE ENTRE DEUX PLEINS | M51: =IF(Paramètres!$B$30="","",Paramètres!$B$30) | O51: =IF($M51="","",COUNTIFS(Déplacements!$E$9:$E$808,$M51,Déplacements!$C$9:$C$808,">="&PerDebut,Déplacements!$C$9:$C$808,"<="&PerFin)) | P51: =IF($M51="","",SUMIFS(Déplacements!$M$9:$M$808,Déplacements!$E$9:$E$808,$M51,Déplacements!$C$9:$C$808,">="&PerDebut,Déplacements!$C$9:$C$808,"<="&PerFin)) | Q51: =IF(OR($M51="",N(P51)=0),"",SUMIFS(Déplacements!$M$9:$M$808,Déplacements!$E$9:$E$808,$M51,Déplacements!$J$9:$J$808,"Professionnel",Déplacements!$C$9:$C$808,">="&PerDebut,Déplacements!$C$9:$C$808,"<="&PerFin)/P51) | R51: =IF($M51="","",SUMIFS(Dépenses!$L$9:$L$508,Dépenses!$D$9:$D$508,$M51,Dépenses!$S$9:$S$508,"Oui",Dépenses!$C$9:$C$508,">="&PerDebut,Dépenses!$C$9:$C$508,"<="&PerFin))
G52: =FIXED($V$17,0) -> 43 | J52: =FIXED(IFERROR($V$8/$V$17,0),0)&" km" -> 502 km

Sheet Déplacements
B1: ="CARNET DE BORD DU VÉHICULE · "&Immatriculation -> CARNET DE BORD DU VÉHICULE · FT-317-KV
B2: JOURNAL DES DÉPLACEMENTS | P2: =TRIM(Marque&" "&Modele)&" · "&TitulaireVehicule -> Norvane Fourgonnette L1 1.5 diesel · Altéis Maintenance SAS
B4: DÉPLACEMENTS | E4: DISTANCE TOTALE | G4: PART PROFESSIONNELLE | I4: LIGNES À VÉRIFIER | J4: DERNIER RELEVÉ DU COMPTEUR
B5: =COUNT(Déplacements!$C$9:$C$808) -> 375 | E5: =SUM(Déplacements!$M$9:$M$808) -> 21596 | G5: =IFERROR(SUMIFS(Déplacements!$M$9:$M$808,Déplacements!$J$9:$J$808,"Professionnel")/SUM(Déplacements!$M$9:$M$808),0) -> 0.94165586 | I5: =COUNTIF(Déplacements!$O$9:$O$808,"?*")-COUNTIF(Déplacements!$O$9:$O$808,"Conforme") -> 2 | J5: =MAX(Déplacements!$L$9:$L$808) -> 60353
B7: Une ligne par déplacement, dans l'ordre chronologique : la distance, l'imputation et la continuité du compteur se calculent seules. | O7: Saisie | P7: Calcul automatique
B8: N° | C8: Date | D8: Heure | E8: Conducteur | F8: Centre de coût | G8: Lieu de départ | H8: Destination | I8: Motif du déplacement / client | J8: Nature du trajet | K8: Compteur départ | L8: Compteur arrivée | M8: Distance (km) | N8: Écart de compteur | O8: Contrôle | P8: Observations | R8: Rang relevé
B9: =IF(C9="","",COUNT($C$9:C9)) -> 1 | C9: 46392 | D9: 0.58333333 | E9: Thomas Girard | F9: =IF(OR(C9="",E9=""),"",IFERROR(INDEX(CondService,MATCH(E9,CondNoms,0))&"","Conducteur inconnu")) -> Service technique | G9: Siège – ZA des Tanneurs | H9: Bourgoin-Jallieu | I9: Intervention – Polyclinique des Alpes | J9: Professionnel | K9: 38740 | L9: 38831 | M9: =IF(OR(K9="",L9=""),"",L9-K9) -> 91 | N9: =IF(OR(C9="",K9=""),"",K9-N(KmOuverture)) -> 0 | O9: =IF(C9="","",IF(OR(E9="",G9="",H9="",J9="",K9="",L9="",AND(J9="Professionnel",I9="")),"Incomplet",IF(FALSE,"",IF(L9<K9,"Compteur incohérent",IF(AND(ISNUMBER(N9),N9>ToleranceKm),"Km non enregistrés",IF(AND(ISNUMBER(N9),N9<-ToleranceKm),"Chevauchement",IF(AND(J9="Personnel",UsagePrive="Non"),"Usage privé non autorisé","Conforme"))))))) -> Conforme | R9: =IF(AND($E9=RelConducteur,$J9="Professionnel",ISNUMBER($C9),$C9>=RelDebut,$C9<=RelFin),COUNTIFS($E$9:$E9,RelConducteur,$J$9:$J9,"Professionnel",$C$9:$C9,">="&RelDebut,$C$9:$C9,"<="&RelFin),"")
B10: =IF(C10="","",COUNT($C$9:C10)) -> 2 | C10: 46393 | D10: 0.3125 | E10: Thomas Girard | F10: =IF(OR(C10="",E10=""),"",IFERROR(INDEX(CondService,MATCH(E10,CondNoms,0))&"","Conducteur inconnu")) -> Service technique | G10: Siège – ZA des Tanneurs | H10: Vienne | I10: Mise en service – Laboratoire Cérès | J10: Professionnel | K10: 38831 | L10: 38898 | M10: =IF(OR(K10="",L10=""),"",L10-K10) -> 67 | N10: =IF(OR(C10="",K10="",L9=""),"",K10-L9) -> 0 | O10: =IF(C10="","",IF(OR(E10="",G10="",H10="",J10="",K10="",L10="",AND(J10="Professionnel",I10="")),"Incomplet",IF(AND(ISNUMBER(C9),C10<C9),"Ordre des dates",IF(L10<K10,"Compteur incohérent",IF(AND(ISNUMBER(N10),N10>ToleranceKm),"Km non enregistrés",IF(AND(ISNUMBER(N10),N10<-ToleranceKm),"Chevauchement",IF(AND(J10="Personnel",UsagePrive="Non"),"Usage privé non autorisé","Conforme"))))))) -> Conforme | R10: =IF(AND($E10=RelConducteur,$J10="Professionnel",ISNUMBER($C10),$C10>=RelDebut,$C10<=RelFin),COUNTIFS($E$9:$E10,RelConducteur,$J$9:$J10,"Professionnel",$C$9:$C10,">="&RelDebut,$C$9:$C10,"<="&RelFin),"")
B11: =IF(C11="","",COUNT($C$9:C11)) -> 3 | C11: 46393 | D11: 0.58333333 | E11: Karim Benali | F11: =IF(OR(C11="",E11=""),"",IFERROR(INDEX(CondService,MATCH(E11,CondNoms,0))&"","Conducteur inconnu")) -> Service technique | G11: Siège – ZA des Tanneurs | H11: Villeurbanne | I11: Intervention – Clinique du Parc | J11: Professionnel | K11: 38898 | L11: 38923 | M11: =IF(OR(K11="",L11=""),"",L11-K11) -> 25 | N11: =IF(OR(C11="",K11="",L10=""),"",K11-L10) -> 0 | O11: =IF(C11="","",IF(OR(E11="",G11="",H11="",J11="",K11="",L11="",AND(J11="Professionnel",I11="")),"Incomplet",IF(AND(ISNUMBER(C10),C11<C10),"Ordre des dates",IF(L11<K11,"Compteur incohérent",IF(AND(ISNUMBER(N11),N11>ToleranceKm),"Km non enregistrés",IF(AND(ISNUMBER(N11),N11<-ToleranceKm),"Chevauchement",IF(AND(J11="Personnel",UsagePrive="Non"),"Usage privé non autorisé","Conforme"))))))) -> Conforme | R11: =IF(AND($E11=RelConducteur,$J11="Professionnel",ISNUMBER($C11),$C11>=RelDebut,$C11<=RelFin),COUNTIFS($E$9:$E11,RelConducteur,$J$9:$J11,"Professionnel",$C$9:$C11,">="&RelDebut,$C$9:$C11,"<="&RelFin),"")
B12: =IF(C12="","",COUNT($C$9:C12)) -> 4 | C12: 46394 | D12: 0.35416667 | E12: Karim Benali | F12: =IF(OR(C12="",E12=""),"",IFERROR(INDEX(CondService,MATCH(E12,CondNoms,0))&"","Conducteur inconnu")) -> Service technique | G12: Siège – ZA des Tanneurs | H12: Villeurbanne | I12: Intervention – Clinique du Parc | J12: Professionnel | K12: 38923 | L12: 38944 | M12: =IF(OR(K12="",L12=""),"",L12-K12) -> 21 | N12: =IF(OR(C12="",K12="",L11=""),"",K12-L11) -> 0 | O12: =IF(C12="","",IF(OR(E12="",G12="",H12="",J12="",K12="",L12="",AND(J12="Professionnel",I12="")),"Incomplet",IF(AND(ISNUMBER(C11),C12<C11),"Ordre des dates",IF(L12<K12,"Compteur incohérent",IF(AND(ISNUMBER(N12),N12>ToleranceKm),"Km non enregistrés",IF(AND(ISNUMBER(N12),N12<-ToleranceKm),"Chevauchement",IF(AND(J12="Personnel",UsagePrive="Non"),"Usage privé non autorisé","Conforme"))))))) -> Conforme | R12: =IF(AND($E12=RelConducteur,$J12="Professionnel",ISNUMBER($C12),$C12>=RelDebut,$C12<=RelFin),COUNTIFS($E$9:$E12,RelConducteur,$J$9:$J12,"Professionnel",$C$9:$C12,">="&RelDebut,$C$9:$C12,"<="&RelFin),"")
B13: =IF(C13="","",COUNT($C$9:C13)) -> 5 | C13: 46395 | D13: 0.33333333 | E13: Thomas Girard | F13: =IF(OR(C13="",E13=""),"",IFERROR(INDEX(CondService,MATCH(E13,CondNoms,0))&"","Conducteur inconnu")) -> Service technique | G13: Siège – ZA des Tanneurs | H13: Bourgoin-Jallieu | I13: Intervention – Polyclinique des Alpes | J13: Professionnel | K13: 38944 | L13: 39036 | M13: =IF(OR(K13="",L13=""),"",L13-K13) -> 92 | N13: =IF(OR(C13="",K13="",L12=""),"",K13-L12) -> 0 | O13: =IF(C13="","",IF(OR(E13="",G13="",H13="",J13="",K13="",L13="",AND(J13="Professionnel",I13="")),"Incomplet",IF(AND(ISNUMBER(C12),C13<C12),"Ordre des dates",IF(L13<K13,"Compteur incohérent",IF(AND(ISNUMBER(N13),N13>ToleranceKm),"Km non enregistrés",IF(AND(ISNUMBER(N13),N13<-ToleranceKm),"Chevauchement",IF(AND(J13="Personnel",UsagePrive="Non"),"Usage privé non autorisé","Conforme"))))))) -> Conforme | R13: =IF(AND($E13=RelConducteur,$J13="Professionnel",ISNUMBER($C13),$C13>=RelDebut,$C13<=RelFin),COUNTIFS($E$9:$E13,RelConducteur,$J$9:$J13,"Professionnel",$C$9:$C13,">="&RelDebut,$C$9:$C13,"<="&RelFin),"")
B14: =IF(C14="","",COUNT($C$9:C14)) -> 6 | C14: 46398 | D14: 0.33333333 | E14: Karim Benali | F14: =IF(OR(C14="",E14=""),"",IFERROR(INDEX(CondService,MATCH(E14,CondNoms,0))&"","Conducteur inconnu")) -> Service technique | G14: Siège – ZA des Tanneurs | H14: Vienne | I14: Mise en service – Laboratoire Cérès | J14: Professionnel | K14: 39036 | L14: 39102 | M14: =IF(OR(K14="",L14=""),"",L14-K14) -> 66 | N14: =IF(OR(C14="",K14="",L13=""),"",K14-L13) -> 0 | O14: =IF(C14="","",IF(OR(E14="",G14="",H14="",J14="",K14="",L14="",AND(J14="Professionnel",I14="")),"Incomplet",IF(AND(ISNUMBER(C13),C14<C13),"Ordre des dates",IF(L14<K14,"Compteur incohérent",IF(AND(ISNUMBER(N14),N14>ToleranceKm),"Km non enregistrés",IF(AND(ISNUMBER(N14),N14<-ToleranceKm),"Chevauchement",IF(AND(J14="Personnel",UsagePrive="Non"),"Usage privé non autorisé","Conforme"))))))) -> Conforme | R14: =IF(AND($E14=RelConducteur,$J14="Professionnel",ISNUMBER($C14),$C14>=RelDebut,$C14<=RelFin),COUNTIFS($E$9:$E14,RelConducteur,$J$9:$J14,"Professionnel",$C$9:$C14,">="&RelDebut,$C$9:$C14,"<="&RelFin),"")
B15: =IF(C15="","",COUNT($C$9:C15)) -> 7 | C15: 46399 | D15: 0.3125 | E15: Thomas Girard | F15: =IF(OR(C15="",E15=""),"",IFERROR(INDEX(CondService,MATCH(E15,CondNoms,0))&"","Conducteur inconnu")) -> Service technique | G15: Siège – ZA des Tanneurs | H15: Bron | I15: Dépannage – Résidence Les Tilleuls | J15: Professionnel | K15: 39102 | L15: 39122 | M15: =IF(OR(K15="",L15=""),"",L15-K15) -> 20 | N15: =IF(OR(C15="",K15="",L14=""),"",K15-L14) -> 0 | O15: =IF(C15="","",IF(OR(E15="",G15="",H15="",J15="",K15="",L15="",AND(J15="Professionnel",I15="")),"Incomplet",IF(AND(ISNUMBER(C14),C15<C14),"Ordre des dates",IF(L15<K15,"Compteur incohérent",IF(AND(ISNUMBER(N15),N15>ToleranceKm),"Km non enregistrés",IF(AND(ISNUMBER(N15),N15<-ToleranceKm),"Chevauchement",IF(AND(J15="Personnel",UsagePrive="Non"),"Usage privé non autorisé","Conforme"))))))) -> Conforme | R15: =IF(AND($E15=RelConducteur,$J15="Professionnel",ISNUMBER($C15),$C15>=RelDebut,$C15<=RelFin),COUNTIFS($E$9:$E15,RelConducteur,$J$9:$J15,"Professionnel",$C$9:$C15,">="&RelDebut,$C$9:$C15,"<="&RelFin),"")
B16: =IF(C16="","",COUNT($C$9:C16)) -> 8 | C16: 46399 | D16: 0.58333333 | E16: Karim Benali | F16: =IF(OR(C16="",E16=""),"",IFERROR(INDEX(CondService,MATCH(E16,CondNoms,0))&"","Conducteur inconnu")) -> Service technique | G16: Siège – ZA des Tanneurs | H16: Vénissieux | I16: Maintenance – Imprimerie Morand | J16: Professionnel | K16: 39122 | L16: 39150 | M16: =IF(OR(K16="",L16=""),"",L16-K16) -> 28 | N16: =IF(OR(C16="",K16="",L15=""),"",K16-L15) -> 0 | O16: =IF(C16="","",IF(OR(E16="",G16="",H16="",J16="",K16="",L16="",AND(J16="Professionnel",I16="")),"Incomplet",IF(AND(ISNUMBER(C15),C16<C15),"Ordre des dates",IF(L16<K16,"Compteur incohérent",IF(AND(ISNUMBER(N16),N16>ToleranceKm),"Km non enregistrés",IF(AND(ISNUMBER(N16),N16<-ToleranceKm),"Chevauchement",IF(AND(J16="Personnel",UsagePrive="Non"),"Usage privé non autorisé","Conforme"))))))) -> Conforme | R16: =IF(AND($E16=RelConducteur,$J16="Professionnel",ISNUMBER($C16),$C16>=RelDebut,$C16<=RelFin),COUNTIFS($E$9:$E16,RelConducteur,$J$9:$J16,"Professionnel",$C$9:$C16,">="&RelDebut,$C$9:$C16,"<="&RelFin),"")
B17: =IF(C17="","",COUNT($C$9:C17)) -> 9 | C17: 46400 | D17: 0.35416667 | E17: Karim Benali | F17: =IF(OR(C17="",E17=""),"",IFERROR(INDEX(CondService,MATCH(E17,CondNoms,0))&"","Conducteur inconnu")) -> Service technique | G17: Siège – ZA des Tanneurs | H17: Meyzieu | I17: Maintenance préventive – Groupe Solvéo | J17: Professionnel | K17: 39150 | L17: 39186 | M17: =IF(OR(K17="",L17=""),"",L17-K17) -> 36 | N17: =IF(OR(C17="",K17="",L16=""),"",K17-L16) -> 0 | O17: =IF(C17="","",IF(OR(E17="",G17="",H17="",J17="",K17="",L17="",AND(J17="Professionnel",I17="")),"Incomplet",IF(AND(ISNUMBER(C16),C17<C16),"Ordre des dates",IF(L17<K17,"Compteur incohérent",IF(AND(ISNUMBER(N17),N17>ToleranceKm),"Km non enregistrés",IF(AND(ISNUMBER(N17),N17<-ToleranceKm),"Chevauchement",IF(AND(J17="Personnel",UsagePrive="Non"),"Usage privé non autorisé","Conforme"))))))) -> Conforme | R17: =IF(AND($E17=RelConducteur,$J17="Professionnel",ISNUMBER($C17),$C17>=RelDebut,$C17<=RelFin),COUNTIFS($E$9:$E17,RelConducteur,$J$9:$J17,"Professionnel",$C$9:$C17,">="&RelDebut,$C$9:$C17,"<="&RelFin),"")
B18: =IF(C18="","",COUNT($C$9:C18)) -> 10 | C18: 46400 | D18: 0.4375 | E18: Sophie Lemaire | F18: =IF(OR(C18="",E18=""),"",IFERROR(INDEX(CondService,MATCH(E18,CondNoms,0))&"","Conducteur inconnu")) -> Service commercial | G18: Siège – ZA des Tanneurs | H18: Annecy | I18: Rendez-vous prospect – Lacustra | J18: Professionnel | K18: 39186 | L18: 39462 | M18: =IF(OR(K18="",L18=""),"",L18-K18) -> 276 | N18: =IF(OR(C18="",K18="",L17=""),"",K18-L17) -> 0 | O18: =IF(C18="","",IF(OR(E18="",G18="",H18="",J18="",K18="",L18="",AND(J18="Professionnel",I18="")),"Incomplet",IF(AND(ISNUMBER(C17),C18<C17),"Ordre des dates",IF(L18<K18,"Compteur incohérent",IF(AND(ISNUMBER(N18),N18>ToleranceKm),"Km non enregistrés",IF(AND(ISNUMBER(N18),N18<-ToleranceKm),"Chevauchement",IF(AND(J18="Personnel",UsagePrive="Non"),"Usage privé non autorisé","Conforme"))))))) -> Conforme | R18: =IF(AND($E18=RelConducteur,$J18="Professionnel",ISNUMBER($C18),$C18>=RelDebut,$C18<=RelFin),COUNTIFS($E$9:$E18,RelConducteur,$J$9:$J18,"Professionnel",$C$9:$C18,">="&RelDebut,$C$9:$C18,"<="&RelFin),"")
B19: =IF(C19="","",COUNT($C$9:C19)) -> 11 | C19: 46401 | D19: 0.35416667 | E19: Thomas Girard | F19: =IF(OR(C19="",E19=""),"",IFERROR(INDEX(CondService,MATCH(E19,CondNoms,0))&"","Conducteur inconnu")) -> Service technique | G19: Siège – ZA des Tanneurs | H19: Givors | I19: Dépannage – Collège Les Platanes | J19: Professionnel | K19: 39462 | L19: 39515 | M19: =IF(OR(K19="",L19=""),"",L19-K19) -> 53 | N19: =IF(OR(C19="",K19="",L18=""),"",K19-L18) -> 0 | O19: =IF(C19="","",IF(OR(E19="",G19="",H19="",J19="",K19="",L19="",AND(J19="Professionnel",I19="")),"Incomplet",IF(AND(ISNUMBER(C18),C19<C18),"Ordre des dates",IF(L19<K19,"Compteur incohérent",IF(AND(ISNUMBER(N19),N19>ToleranceKm),"Km non enregistrés",IF(AND(ISNUMBER(N19),N19<-ToleranceKm),"Chevauchement",IF(AND(J19="Personnel",UsagePrive="Non"),"Usage privé non autorisé","Conforme"))))))) -> Conforme | R19: =IF(AND($E19=RelConducteur,$J19="Professionnel",ISNUMBER($C19),$C19>=RelDebut,$C19<=RelFin),COUNTIFS($E$9:$E19,RelConducteur,$J$9:$J19,"Professionnel",$C$9:$C19,">="&RelDebut,$C$9:$C19,"<="&RelFin),"")
B20: =IF(C20="","",COUNT($C$9:C20)) -> 12 | C20: 46402 | D20: 0.33333333 | E20: Karim Benali | F20: =IF(OR(C20="",E20=""),"",IFERROR(INDEX(CondService,MATCH(E20,CondNoms,0))&"","Conducteur inconnu")) -> Service technique | G20: Siège – ZA des Tanneurs | H20: Meyzieu | I20: Maintenance préventive – Groupe Solvéo | J20: Professionnel | K20: 39515 | L20: 39548 | M20: =IF(OR(K20="",L20=""),"",L20-K20) -> 33 | N20: =IF(OR(C20="",K20="",L19=""),"",K20-L19) -> 0 | O20: =IF(C20="","",IF(OR(E20="",G20="",H20="",J20="",K20="",L20="",AND(J20="Professionnel",I20="")),"Incomplet",IF(AND(ISNUMBER(C19),C20<C19),"Ordre des dates",IF(L20<K20,"Compteur incohérent",IF(AND(ISNUMBER(N20),N20>ToleranceKm),"Km non enregistrés",IF(AND(ISNUMBER(N20),N20<-ToleranceKm),"Chevauchement",IF(AND(J20="Personnel",UsagePrive="Non"),"Usage privé non autorisé","Conforme"))))))) -> Conforme | R20: =IF(AND($E20=RelConducteur,$J20="Professionnel",ISNUMBER($C20),$C20>=RelDebut,$C20<=RelFin),COUNTIFS($E$9:$E20,RelConducteur,$J$9:$J20,"Professionnel",$C$9:$C20,">="&RelDebut,$C$9:$C20,"<="&RelFin),"")
B21: =IF(C21="","",COUNT($C$9:C21)) -> 13 | C21: 46402 | D21: 0.58333333 | E21: Thomas Girard | F21: =IF(OR(C21="",E21=""),"",IFERROR(INDEX(CondService,MATCH(E21,CondNoms,0))&"","Conducteur inconnu")) -> Service technique | G21: Siège – ZA des Tanneurs | H21: Vienne | I21: Mise en service – Laboratoire Cérès | J21: Professionnel | K21: 39548 | L21: 39611 | M21: =IF(OR(K21="",L21=""),"",L21-K21) -> 63 | N21: =IF(OR(C21="",K21="",L20=""),"",K21-L20) -> 0 | O21: =IF(C21="","",IF(OR(E21="",G21="",H21="",J21="",K21="",L21="",AND(J21="Professionnel",I21="")),"Incomplet",IF(AND(ISNUMBER(C20),C21<C20),"Ordre des dates",IF(L21<K21,"Compteur incohérent",IF(AND(ISNUMBER(N21),N21>ToleranceKm),"Km non enregistrés",IF(AND(ISNUMBER(N21),N21<-ToleranceKm),"Chevauchement",IF(AND(J21="Personnel",UsagePrive="Non"),"Usage privé non autorisé","Conforme"))))))) -> Conforme | R21: =IF(AND($E21=RelConducteur,$J21="Professionnel",ISNUMBER($C21),$C21>=RelDebut,$C21<=RelFin),COUNTIFS($E$9:$E21,RelConducteur,$J$9:$J21,"Professionnel",$C$9:$C21,">="&RelDebut,$C$9:$C21,"<="&RelFin),"")
... B193: =IF(C193="","",COUNT($C$9:C193)) -> 185 | C193: 46556 | D193: 0.58333333 | E193: Thomas Girard | F193: =IF(OR(C193="",E193=""),"",IFERROR(INDEX(CondService,MATCH(E193,CondNoms,0))&"","Conducteur inconnu")) -> Service technique | G193: Siège – ZA des Tanneurs | H193: Givors | I193: Dépannage – Collège Les Platanes | J193: Professionnel | K193: 49694 | L193: 49747 | M193: =IF(OR(K193="",L193=""),"",L193-K193) -> 53 | N193: =IF(OR(C193="",K193="",L192=""),"",K193-L192) -> 0 | O193: =IF(C193="","",IF(OR(E193="",G193="",H193="",J193="",K193="",L193="",AND(J193="Professionnel",I193="")),"Incomplet",IF(AND(ISNUMBER(C192),C193<C192),"Ordre des dates",IF(L193<K193,"Compteur incohérent",IF(AND(ISNUMBER(N193),N193>ToleranceKm),"Km non enregistrés",IF(AND(ISNUMBER(N193),N193<-ToleranceKm),"Chevauchement",IF(AND(J193="Personnel",UsagePrive="Non"),"Usage privé non autorisé","Conforme"))))))) -> Conforme | R193: =IF(AND($E193=RelConducteur,$J193="Professionnel",ISNUMBER($C193),$C193>=RelDebut,$C193<=RelFin),COUNTIFS($E$9:$E193,RelConducteur,$J$9:$J193,"Professionnel",$C$9:$C193,">="&RelDebut,$C$9:$C193,"<="&RelFin),"")
B194: =IF(C194="","",COUNT($C$9:C194)) -> 186 | C194: 46556 | D194: 0.77083333 | E194: Thomas Girard | F194: =IF(OR(C194="",E194=""),"",IFERROR(INDEX(CondService,MATCH(E194,CondNoms,0))&"","Conducteur inconnu")) -> Service technique | G194: Siège – ZA des Tanneurs | H194: Villeurbanne | I194: Transport de cartons personnels | J194: Personnel | K194: 49747 | L194: 49783 | M194: =IF(OR(K194="",L194=""),"",L194-K194) -> 36 | N194: =IF(OR(C194="",K194="",L193=""),"",K194-L193) -> 0 | O194: =IF(C194="","",IF(OR(E194="",G194="",H194="",J194="",K194="",L194="",AND(J194="Professionnel",I194="")),"Incomplet",IF(AND(ISNUMBER(C193),C194<C193),"Ordre des dates",IF(L194<K194,"Compteur incohérent",IF(AND(ISNUMBER(N194),N194>ToleranceKm),"Km non enregistrés",IF(AND(ISNUMBER(N194),N194<-ToleranceKm),"Chevauchement",IF(AND(J194="Personnel",UsagePrive="Non"),"Usage privé non autorisé","Conforme"))))))) -> Usage privé non autorisé | P194: À régulariser avec le responsable | R194: =IF(AND($E194=RelConducteur,$J194="Professionnel",ISNUMBER($C194),$C194>=RelDebut,$C194<=RelFin),COUNTIFS($E$9:$E194,RelConducteur,$J$9:$J194,"Professionnel",$C$9:$C194,">="&RelDebut,$C$9:$C194,"<="&RelFin),"")
B195: =IF(C195="","",COUNT($C$9:C195)) -> 187 | C195: 46559 | D195: 0.35416667 | E195: Thomas Girard | F195: =IF(OR(C195="",E195=""),"",IFERROR(INDEX(CondService,MATCH(E195,CondNoms,0))&"","Conducteur inconnu")) -> Service technique | G195: Siège – ZA des Tanneurs | H195: Meyzieu | I195: Maintenance préventive – Groupe Solvéo | J195: Professionnel | K195: 49783 | L195: 49818 | M195: =IF(OR(K195="",L195=""),"",L195-K195) -> 35 | N195: =IF(OR(C195="",K195="",L194=""),"",K195-L194) -> 0 | O195: =IF(C195="","",IF(OR(E195="",G195="",H195="",J195="",K195="",L195="",AND(J195="Professionnel",I195="")),"Incomplet",IF(AND(ISNUMBER(C194),C195<C194),"Ordre des dates",IF(L195<K195,"Compteur incohérent",IF(AND(ISNUMBER(N195),N195>ToleranceKm),"Km non enregistrés",IF(AND(ISNUMBER(N195),N195<-ToleranceKm),"Chevauchement",IF(AND(J195="Personnel",UsagePrive="Non"),"Usage privé non autorisé","Conforme"))))))) -> Conforme | R195: =IF(AND($E195=RelConducteur,$J195="Professionnel",ISNUMBER($C195),$C195>=RelDebut,$C195<=RelFin),COUNTIFS($E$9:$E195,RelConducteur,$J$9:$J195,"Professionnel",$C$9:$C195,">="&RelDebut,$C$9:$C195,"<="&RelFin),"")
B196: =IF(C196="","",COUNT($C$9:C196)) -> 188 | C196: 46559 | D196: 0.41666667 | E196: Sophie Lemaire | F196: =IF(OR(C196="",E196=""),"",IFERROR(INDEX(CondService,MATCH(E196,CondNoms,0))&"","Conducteur inconnu")) -> Service commercial | G196: Siège – ZA des Tanneurs | H196: Mâcon | I196: Rendez-vous client – Cave des Coteaux | J196: Professionnel | K196: 49818 | L196: 49962 | M196: =IF(OR(K196="",L196=""),"",L196-K196) -> 144 | N196: =IF(OR(C196="",K196="",L195=""),"",K196-L195) -> 0 | O196: =IF(C196="","",IF(OR(E196="",G196="",H196="",J196="",K196="",L196="",AND(J196="Professionnel",I196="")),"Incomplet",IF(AND(ISNUMBER(C195),C196<C195),"Ordre des dates",IF(L196<K196,"Compteur incohérent",IF(AND(ISNUMBER(N196),N196>ToleranceKm),"Km non enregistrés",IF(AND(ISNUMBER(N196),N196<-ToleranceKm),"Chevauchement",IF(AND(J196="Personnel",UsagePrive="Non"),"Usage privé non autorisé","Conforme"))))))) -> Conforme | R196: =IF(AND($E196=RelConducteur,$J196="Professionnel",ISNUMBER($C196),$C196>=RelDebut,$C196<=RelFin),COUNTIFS($E$9:$E196,RelConducteur,$J$9:$J196,"Professionnel",$C$9:$C196,">="&RelDebut,$C$9:$C196,"<="&RelFin),"")
B197: =IF(C197="","",COUNT($C$9:C197)) -> 189 | C197: 46560 | D197: 0.3125 | E197: Karim Benali | F197: =IF(OR(C197="",E197=""),"",IFERROR(INDEX(CondService,MATCH(E197,CondNoms,0))&"","Conducteur inconnu")) -> Service technique | G197: Siège – ZA des Tanneurs | H197: Vénissieux | I197: Maintenance – Imprimerie Morand | J197: Professionnel | K197: 49962 | L197: 49988 | M197: =IF(OR(K197="",L197=""),"",L197-K197) -> 26 | N197: =IF(OR(C197="",K197="",L196=""),"",K197-L196) -> 0 | O197: =IF(C197="","",IF(OR(E197="",G197="",H197="",J197="",K197="",L197="",AND(J197="Professionnel",I197="")),"Incomplet",IF(AND(ISNUMBER(C196),C197<C196),"Ordre des dates",IF(L197<K197,"Compteur incohérent",IF(AND(ISNUMBER(N197),N197>ToleranceKm),"Km non enregistrés",IF(AND(ISNUMBER(N197),N197<-ToleranceKm),"Chevauchement",IF(AND(J197="Personnel",UsagePrive="Non"),"Usage privé non autorisé","Conforme"))))))) -> Conforme | R197: =IF(AND($E197=RelConducteur,$J197="Professionnel",ISNUMBER($C197),$C197>=RelDebut,$C197<=RelFin),COUNTIFS($E$9:$E197,RelConducteur,$J$9:$J197,"Professionnel",$C$9:$C197,">="&RelDebut,$C$9:$C197,"<="&RelFin),"")
B198: =IF(C198="","",COUNT($C$9:C198)) -> 190 | C198: 46560 | D198: 0.41666667 | E198: Sophie Lemaire | F198: =IF(OR(C198="",E198=""),"",IFERROR(INDEX(CondService,MATCH(E198,CondNoms,0))&"","Conducteur inconnu")) -> Service commercial | G198: Siège – ZA des Tanneurs | H198: Mâcon | I198: Rendez-vous client – Cave des Coteaux | J198: Professionnel | K198: 49988 | L198: 50133 | M198: =IF(OR(K198="",L198=""),"",L198-K198) -> 145 | N198: =IF(OR(C198="",K198="",L197=""),"",K198-L197) -> 0 | O198: =IF(C198="","",IF(OR(E198="",G198="",H198="",J198="",K198="",L198="",AND(J198="Professionnel",I198="")),"Incomplet",IF(AND(ISNUMBER(C197),C198<C197),"Ordre des dates",IF(L198<K198,"Compteur incohérent",IF(AND(ISNUMBER(N198),N198>ToleranceKm),"Km non enregistrés",IF(AND(ISNUMBER(N198),N198<-ToleranceKm),"Chevauchement",IF(AND(J198="Personnel",UsagePrive="Non"),"Usage privé non autorisé","Conforme"))))))) -> Conforme | R198: =IF(AND($E198=RelConducteur,$J198="Professionnel",ISNUMBER($C198),$C198>=RelDebut,$C198<=RelFin),COUNTIFS($E$9:$E198,RelConducteur,$J$9:$J198,"Professionnel",$C$9:$C198,">="&RelDebut,$C$9:$C198,"<="&RelFin),"")
B199: =IF(C199="","",COUNT($C$9:C199)) -> 191 | C199: 46561 | D199: 0.33333333 | E199: Thomas Girard | F199: =IF(OR(C199="",E199=""),"",IFERROR(INDEX(CondService,MATCH(E199,CondNoms,0))&"","Conducteur inconnu")) -> Service technique | G199: Siège – ZA des Tanneurs | H199: Villefranche-sur-Saône | I199: Maintenance – Hôtel du Beaujolais | J199: Professionnel | K199: 50133 | L199: 50201 | M199: =IF(OR(K199="",L199=""),"",L199-K199) -> 68 | N199: =IF(OR(C199="",K199="",L198=""),"",K199-L198) -> 0 | O199: =IF(C199="","",IF(OR(E199="",G199="",H199="",J199="",K199="",L199="",AND(J199="Professionnel",I199="")),"Incomplet",IF(AND(ISNUMBER(C198),C199<C198),"Ordre des dates",IF(L199<K199,"Compteur incohérent",IF(AND(ISNUMBER(N199),N199>ToleranceKm),"Km non enregistrés",IF(AND(ISNUMBER(N199),N199<-ToleranceKm),"Chevauchement",IF(AND(J199="Personnel",UsagePrive="Non"),"Usage privé non autorisé","Conforme"))))))) -> Conforme | R199: =IF(AND($E199=RelConducteur,$J199="Professionnel",ISNUMBER($C199),$C199>=RelDebut,$C199<=RelFin),COUNTIFS($E$9:$E199,RelConducteur,$J$9:$J199,"Professionnel",$C$9:$C199,">="&RelDebut,$C$9:$C199,"<="&RelFin),"")
B200: =IF(C200="","",COUNT($C$9:C200)) -> 192 | C200: 46562 | D200: 0.3125 | E200: Karim Benali | F200: =IF(OR(C200="",E200=""),"",IFERROR(INDEX(CondService,MATCH(E200,CondNoms,0))&"","Conducteur inconnu")) -> Service technique | G200: Siège – ZA des Tanneurs | H200: Villefranche-sur-Saône | I200: Maintenance – Hôtel du Beaujolais | J200: Professionnel | K200: 50201 | L200: 50271 | M200: =IF(OR(K200="",L200=""),"",L200-K200) -> 70 | N200: =IF(OR(C200="",K200="",L199=""),"",K200-L199) -> 0 | O200: =IF(C200="","",IF(OR(E200="",G200="",H200="",J200="",K200="",L200="",AND(J200="Professionnel",I200="")),"Incomplet",IF(AND(ISNUMBER(C199),C200<C199),"Ordre des dates",IF(L200<K200,"Compteur incohérent",IF(AND(ISNUMBER(N200),N200>ToleranceKm),"Km non enregistrés",IF(AND(ISNUMBER(N200),N200<-ToleranceKm),"Chevauchement",IF(AND(J200="Personnel",UsagePrive="Non"),"Usage privé non autorisé","Conforme"))))))) -> Conforme | R200: =IF(AND($E200=RelConducteur,$J200="Professionnel",ISNUMBER($C200),$C200>=RelDebut,$C200<=RelFin),COUNTIFS($E$9:$E200,RelConducteur,$J$9:$J200,"Professionnel",$C$9:$C200,">="&RelDebut,$C$9:$C200,"<="&RelFin),"")
B201: =IF(C201="","",COUNT($C$9:C201)) -> 193 | C201: 46562 | D201: 0.58333333 | E201: Thomas Girard | F201: =IF(OR(C201="",E201=""),"",IFERROR(INDEX(CondService,MATCH(E201,CondNoms,0))&"","Conducteur inconnu")) -> Service technique | G201: Siège – ZA des Tanneurs | H201: Bron | I201: Dépannage – Résidence Les Tilleuls | J201: Professionnel | K201: 50271 | L201: 50292 | M201: =IF(OR(K201="",L201=""),"",L201-K201) -> 21 | N201: =IF(OR(C201="",K201="",L200=""),"",K201-L200) -> 0 | O201: =IF(C201="","",IF(OR(E201="",G201="",H201="",J201="",K201="",L201="",AND(J201="Professionnel",I201="")),"Incomplet",IF(AND(ISNUMBER(C200),C201<C200),"Ordre des dates",IF(L201<K201,"Compteur incohérent",IF(AND(ISNUMBER(N201),N201>ToleranceKm),"Km non enregistrés",IF(AND(ISNUMBER(N201),N201<-ToleranceKm),"Chevauchement",IF(AND(J201="Personnel",UsagePrive="Non"),"Usage privé non autorisé","Conforme"))))))) -> Conforme | R201: =IF(AND($E201=RelConducteur,$J201="Professionnel",ISNUMBER($C201),$C201>=RelDebut,$C201<=RelFin),COUNTIFS($E$9:$E201,RelConducteur,$J$9:$J201,"Professionnel",$C$9:$C201,">="&RelDebut,$C$9:$C201,"<="&RelFin),"")
B202: =IF(C202="","",COUNT($C$9:C202)) -> 194 | C202: 46563 | D202: 0.3125 | E202: Thomas Girard | F202: =IF(OR(C202="",E202=""),"",IFERROR(INDEX(CondService,MATCH(E202,CondNoms,0))&"","Conducteur inconnu")) -> Service technique | G202: Siège – ZA des Tanneurs | H202: Villeurbanne | I202: Intervention – Clinique du Parc | J202: Professionnel | K202: 50292 | L202: 50315 | M202: =IF(OR(K202="",L202=""),"",L202-K202) -> 23 | N202: =IF(OR(C202="",K202="",L201=""),"",K202-L201) -> 0 | O202: =IF(C202="","",IF(OR(E202="",G202="",H202="",J202="",K202="",L202="",AND(J202="Professionnel",I202="")),"Incomplet",IF(AND(ISNUMBER(C201),C202<C201),"Ordre des dates",IF(L202<K202,"Compteur incohérent",IF(AND(ISNUMBER(N202),N202>ToleranceKm),"Km non enregistrés",IF(AND(ISNUMBER(N202),N202<-ToleranceKm),"Chevauchement",IF(AND(J202="Personnel",UsagePrive="Non"),"Usage privé non autorisé","Conforme"))))))) -> Conforme | R202: =IF(AND($E202=RelConducteur,$J202="Professionnel",ISNUMBER($C202),$C202>=RelDebut,$C202<=RelFin),COUNTIFS($E$9:$E202,RelConducteur,$J$9:$J202,"Professionnel",$C$9:$C202,">="&RelDebut,$C$9:$C202,"<="&RelFin),"")
B203: =IF(C203="","",COUNT($C$9:C203)) -> 195 | C203: 46563 | D203: 0.4375 | E203: Sophie Lemaire | F203: =IF(OR(C203="",E203=""),"",IFERROR(INDEX(CondService,MATCH(E203,CondNoms,0))&"","Conducteur inconnu")) -> Service commercial | G203: Siège – ZA des Tanneurs | H203: Lyon 7e | I203: Salon professionnel de la maintenance | J203: Professionnel | K203: 50315 | L203: 50334 | M203: =IF(OR(K203="",L203=""),"",L203-K203) -> 19 | N203: =IF(OR(C203="",K203="",L202=""),"",K203-L202) -> 0 | O203: =IF(C203="","",IF(OR(E203="",G203="",H203="",J203="",K203="",L203="",AND(J203="Professionnel",I203="")),"Incomplet",IF(AND(ISNUMBER(C202),C203<C202),"Ordre des dates",IF(L203<K203,"Compteur incohérent",IF(AND(ISNUMBER(N203),N203>ToleranceKm),"Km non enregistrés",IF(AND(ISNUMBER(N203),N203<-ToleranceKm),"Chevauchement",IF(AND(J203="Personnel",UsagePrive="Non"),"Usage privé non autorisé","Conforme"))))))) -> Conforme | R203: =IF(AND($E203=RelConducteur,$J203="Professionnel",ISNUMBER($C203),$C203>=RelDebut,$C203<=RelFin),COUNTIFS($E$9:$E203,RelConducteur,$J$9:$J203,"Professionnel",$C$9:$C203,">="&RelDebut,$C$9:$C203,"<="&RelFin),"")
B204: =IF(C204="","",COUNT($C$9:C204)) -> 196 | C204: 46566 | D204: 0.3125 | E204: Karim Benali | F204: =IF(OR(C204="",E204=""),"",IFERROR(INDEX(CondService,MATCH(E204,CondNoms,0))&"","Conducteur inconnu")) -> Service technique | G204: Siège – ZA des Tanneurs | H204: Bourgoin-Jallieu | I204: Intervention – Polyclinique des Alpes | J204: Professionnel | K204: 50334 | L204: 50429 | M204: =IF(OR(K204="",L204=""),"",L204-K204) -> 95 | N204: =IF(OR(C204="",K204="",L203=""),"",K204-L203) -> 0 | O204: =IF(C204="","",IF(OR(E204="",G204="",H204="",J204="",K204="",L204="",AND(J204="Professionnel",I204="")),"Incomplet",IF(AND(ISNUMBER(C203),C204<C203),"Ordre des dates",IF(L204<K204,"Compteur incohérent",IF(AND(ISNUMBER(N204),N204>ToleranceKm),"Km non enregistrés",IF(AND(ISNUMBER(N204),N204<-ToleranceKm),"Chevauchement",IF(AND(J204="Personnel",UsagePrive="Non"),"Usage privé non autorisé","Conforme"))))))) -> Conforme | R204: =IF(AND($E204=RelConducteur,$J204="Professionnel",ISNUMBER($C204),$C204>=RelDebut,$C204<=RelFin),COUNTIFS($E$9:$E204,RelConducteur,$J$9:$J204,"Professionnel",$C$9:$C204,">="&RelDebut,$C$9:$C204,"<="&RelFin),"")
B205: =IF(C205="","",COUNT($C$9:C205)) -> 197 | C205: 46566 | D205: 0.41666667 | E205: Sophie Lemaire | F205: =IF(OR(C205="",E205=""),"",IFERROR(INDEX(CondService,MATCH(E205,CondNoms,0))&"","Conducteur inconnu")) -> Service commercial | G205: Siège – ZA des Tanneurs | H205: Lyon 2e | I205: Réunion client – Cabinet Delorme | J205: Professionnel | K205: 50429 | L205: 50444 | M205: =IF(OR(K205="",L205=""),"",L205-K205) -> 15 | N205: =IF(OR(C205="",K205="",L204=""),"",K205-L204) -> 0 | O205: =IF(C205="","",IF(OR(E205="",G205="",H205="",J205="",K205="",L205="",AND(J205="Professionnel",I205="")),"Incomplet",IF(AND(ISNUMBER(C204),C205<C204),"Ordre des dates",IF(L205<K205,"Compteur incohérent",IF(AND(ISNUMBER(N205),N205>ToleranceKm),"Km non enregistrés",IF(AND(ISNUMBER(N205),N205<-ToleranceKm),"Chevauchement",IF(AND(J205="Personnel",UsagePrive="Non"),"Usage privé non autorisé","Conforme"))))))) -> Conforme | R205: =IF(AND($E205=RelConducteur,$J205="Professionnel",ISNUMBER($C205),$C205>=RelDebut,$C205<=RelFin),COUNTIFS($E$9:$E205,RelConducteur,$J$9:$J205,"Professionnel",$C$9:$C205,">="&RelDebut,$C$9:$C205,"<="&RelFin),"")
B206: =IF(C206="","",COUNT($C$9:C206)) -> 198 | C206: 46567 | D206: 0.33333333 | E206: Thomas Girard | F206: =IF(OR(C206="",E206=""),"",IFERROR(INDEX(CondService,MATCH(E206,CondNoms,0))&"","Conducteur inconnu")) -> Service technique | G206: Siège – ZA des Tanneurs | H206: Vienne | I206: Mise en service – Laboratoire Cérès | J206: Professionnel | K206: 50444 | L206: 50512 | M206: =IF(OR(K206="",L206=""),"",L206-K206) -> 68 | N206: =IF(OR(C206="",K206="",L205=""),"",K206-L205) -> 0 | O206: =IF(C206="","",IF(OR(E206="",G206="",H206="",J206="",K206="",L206="",AND(J206="Professionnel",I206="")),"Incomplet",IF(AND(ISNUMBER(C205),C206<C205),"Ordre des dates",IF(L206<K206,"Compteur incohérent",IF(AND(ISNUMBER(N206),N206>ToleranceKm),"Km non enregistrés",IF(AND(ISNUMBER(N206),N206<-ToleranceKm),"Chevauchement",IF(AND(J206="Personnel",UsagePrive="Non"),"Usage privé non autorisé","Conforme"))))))) -> Conforme | R206: =IF(AND($E206=RelConducteur,$J206="Professionnel",ISNUMBER($C206),$C206>=RelDebut,$C206<=RelFin),COUNTIFS($E$9:$E206,RelConducteur,$J$9:$J206,"Professionnel",$C$9:$C206,">="&RelDebut,$C$9:$C206,"<="&RelFin),"")
... B383: =IF(C383="","",COUNT($C$9:C383)) -> 375 | C383: 46743 | D383: 0.75 | E383: Karim Benali | F383: =IF(OR(C383="",E383=""),"",IFERROR(INDEX(CondService,MATCH(E383,CondNoms,0))&"","Conducteur inconnu")) -> Service technique | G383: Siège – ZA des Tanneurs | H383: Domicile (astreinte) | I383: Astreinte – retour au domicile et reprise le lendemain | J383: Domicile – travail | K383: 60329 | L383: 60353 | M383: =IF(OR(K383="",L383=""),"",L383-K383) -> 24 | N383: =IF(OR(C383="",K383="",L382=""),"",K383-L382) -> 0 | O383: =IF(C383="","",IF(OR(E383="",G383="",H383="",J383="",K383="",L383="",AND(J383="Professionnel",I383="")),"Incomplet",IF(AND(ISNUMBER(C382),C383<C382),"Ordre des dates",IF(L383<K383,"Compteur incohérent",IF(AND(ISNUMBER(N383),N383>ToleranceKm),"Km non enregistrés",IF(AND(ISNUMBER(N383),N383<-ToleranceKm),"Chevauchement",IF(AND(J383="Personnel",UsagePrive="Non"),"Usage privé non autorisé","Conforme"))))))) -> Conforme | R383: =IF(AND($E383=RelConducteur,$J383="Professionnel",ISNUMBER($C383),$C383>=RelDebut,$C383<=RelFin),COUNTIFS($E$9:$E383,RelConducteur,$J$9:$J383,"Professionnel",$C$9:$C383,">="&RelDebut,$C$9:$C383,"<="&RelFin),"")
B384: =IF(C384="","",COUNT($C$9:C384)) | F384: =IF(OR(C384="",E384=""),"",IFERROR(INDEX(CondService,MATCH(E384,CondNoms,0))&"","Conducteur inconnu")) | M384: =IF(OR(K384="",L384=""),"",L384-K384) | N384: =IF(OR(C384="",K384="",L383=""),"",K384-L383) | O384: =IF(C384="","",IF(OR(E384="",G384="",H384="",J384="",K384="",L384="",AND(J384="Professionnel",I384="")),"Incomplet",IF(AND(ISNUMBER(C383),C384<C383),"Ordre des dates",IF(L384<K384,"Compteur incohérent",IF(AND(ISNUMBER(N384),N384>ToleranceKm),"Km non enregistrés",IF(AND(ISNUMBER(N384),N384<-ToleranceKm),"Chevauchement",IF(AND(J384="Personnel",UsagePrive="Non"),"Usage privé non autorisé","Conforme"))))))) | R384: =IF(AND($E384=RelConducteur,$J384="Professionnel",ISNUMBER($C384),$C384>=RelDebut,$C384<=RelFin),COUNTIFS($E$9:$E384,RelConducteur,$J$9:$J384,"Professionnel",$C$9:$C384,">="&RelDebut,$C$9:$C384,"<="&RelFin),"")
B385: =IF(C385="","",COUNT($C$9:C385)) | F385: =IF(OR(C385="",E385=""),"",IFERROR(INDEX(CondService,MATCH(E385,CondNoms,0))&"","Conducteur inconnu")) | M385: =IF(OR(K385="",L385=""),"",L385-K385) | N385: =IF(OR(C385="",K385="",L384=""),"",K385-L384) | O385: =IF(C385="","",IF(OR(E385="",G385="",H385="",J385="",K385="",L385="",AND(J385="Professionnel",I385="")),"Incomplet",IF(AND(ISNUMBER(C384),C385<C384),"Ordre des dates",IF(L385<K385,"Compteur incohérent",IF(AND(ISNUMBER(N385),N385>ToleranceKm),"Km non enregistrés",IF(AND(ISNUMBER(N385),N385<-ToleranceKm),"Chevauchement",IF(AND(J385="Personnel",UsagePrive="Non"),"Usage privé non autorisé","Conforme"))))))) | R385: =IF(AND($E385=RelConducteur,$J385="Professionnel",ISNUMBER($C385),$C385>=RelDebut,$C385<=RelFin),COUNTIFS($E$9:$E385,RelConducteur,$J$9:$J385,"Professionnel",$C$9:$C385,">="&RelDebut,$C$9:$C385,"<="&RelFin),"")
B386: =IF(C386="","",COUNT($C$9:C386)) | F386: =IF(OR(C386="",E386=""),"",IFERROR(INDEX(CondService,MATCH(E386,CondNoms,0))&"","Conducteur inconnu")) | M386: =IF(OR(K386="",L386=""),"",L386-K386) | N386: =IF(OR(C386="",K386="",L385=""),"",K386-L385) | O386: =IF(C386="","",IF(OR(E386="",G386="",H386="",J386="",K386="",L386="",AND(J386="Professionnel",I386="")),"Incomplet",IF(AND(ISNUMBER(C385),C386<C385),"Ordre des dates",IF(L386<K386,"Compteur incohérent",IF(AND(ISNUMBER(N386),N386>ToleranceKm),"Km non enregistrés",IF(AND(ISNUMBER(N386),N386<-ToleranceKm),"Chevauchement",IF(AND(J386="Personnel",UsagePrive="Non"),"Usage privé non autorisé","Conforme"))))))) | R386: =IF(AND($E386=RelConducteur,$J386="Professionnel",ISNUMBER($C386),$C386>=RelDebut,$C386<=RelFin),COUNTIFS($E$9:$E386,RelConducteur,$J$9:$J386,"Professionnel",$C$9:$C386,">="&RelDebut,$C$9:$C386,"<="&RelFin),"")
B387: =IF(C387="","",COUNT($C$9:C387)) | F387: =IF(OR(C387="",E387=""),"",IFERROR(INDEX(CondService,MATCH(E387,CondNoms,0))&"","Conducteur inconnu")) | M387: =IF(OR(K387="",L387=""),"",L387-K387) | N387: =IF(OR(C387="",K387="",L386=""),"",K387-L386) | O387: =IF(C387="","",IF(OR(E387="",G387="",H387="",J387="",K387="",L387="",AND(J387="Professionnel",I387="")),"Incomplet",IF(AND(ISNUMBER(C386),C387<C386),"Ordre des dates",IF(L387<K387,"Compteur incohérent",IF(AND(ISNUMBER(N387),N387>ToleranceKm),"Km non enregistrés",IF(AND(ISNUMBER(N387),N387<-ToleranceKm),"Chevauchement",IF(AND(J387="Personnel",UsagePrive="Non"),"Usage privé non autorisé","Conforme"))))))) | R387: =IF(AND($E387=RelConducteur,$J387="Professionnel",ISNUMBER($C387),$C387>=RelDebut,$C387<=RelFin),COUNTIFS($E$9:$E387,RelConducteur,$J$9:$J387,"Professionnel",$C$9:$C387,">="&RelDebut,$C$9:$C387,"<="&RelFin),"")
B388: =IF(C388="","",COUNT($C$9:C388)) | F388: =IF(OR(C388="",E388=""),"",IFERROR(INDEX(CondService,MATCH(E388,CondNoms,0))&"","Conducteur inconnu")) | M388: =IF(OR(K388="",L388=""),"",L388-K388) | N388: =IF(OR(C388="",K388="",L387=""),"",K388-L387) | O388: =IF(C388="","",IF(OR(E388="",G388="",H388="",J388="",K388="",L388="",AND(J388="Professionnel",I388="")),"Incomplet",IF(AND(ISNUMBER(C387),C388<C387),"Ordre des dates",IF(L388<K388,"Compteur incohérent",IF(AND(ISNUMBER(N388),N388>ToleranceKm),"Km non enregistrés",IF(AND(ISNUMBER(N388),N388<-ToleranceKm),"Chevauchement",IF(AND(J388="Personnel",UsagePrive="Non"),"Usage privé non autorisé","Conforme"))))))) | R388: =IF(AND($E388=RelConducteur,$J388="Professionnel",ISNUMBER($C388),$C388>=RelDebut,$C388<=RelFin),COUNTIFS($E$9:$E388,RelConducteur,$J$9:$J388,"Professionnel",$C$9:$C388,">="&RelDebut,$C$9:$C388,"<="&RelFin),"")
B389: =IF(C389="","",COUNT($C$9:C389)) | F389: =IF(OR(C389="",E389=""),"",IFERROR(INDEX(CondService,MATCH(E389,CondNoms,0))&"","Conducteur inconnu")) | M389: =IF(OR(K389="",L389=""),"",L389-K389) | N389: =IF(OR(C389="",K389="",L388=""),"",K389-L388) | O389: =IF(C389="","",IF(OR(E389="",G389="",H389="",J389="",K389="",L389="",AND(J389="Professionnel",I389="")),"Incomplet",IF(AND(ISNUMBER(C388),C389<C388),"Ordre des dates",IF(L389<K389,"Compteur incohérent",IF(AND(ISNUMBER(N389),N389>ToleranceKm),"Km non enregistrés",IF(AND(ISNUMBER(N389),N389<-ToleranceKm),"Chevauchement",IF(AND(J389="Personnel",UsagePrive="Non"),"Usage privé non autorisé","Conforme"))))))) | R389: =IF(AND($E389=RelConducteur,$J389="Professionnel",ISNUMBER($C389),$C389>=RelDebut,$C389<=RelFin),COUNTIFS($E$9:$E389,RelConducteur,$J$9:$J389,"Professionnel",$C$9:$C389,">="&RelDebut,$C$9:$C389,"<="&RelFin),"")
B390: =IF(C390="","",COUNT($C$9:C390)) | F390: =IF(OR(C390="",E390=""),"",IFERROR(INDEX(CondService,MATCH(E390,CondNoms,0))&"","Conducteur inconnu")) | M390: =IF(OR(K390="",L390=""),"",L390-K390) | N390: =IF(OR(C390="",K390="",L389=""),"",K390-L389) | O390: =IF(C390="","",IF(OR(E390="",G390="",H390="",J390="",K390="",L390="",AND(J390="Professionnel",I390="")),"Incomplet",IF(AND(ISNUMBER(C389),C390<C389),"Ordre des dates",IF(L390<K390,"Compteur incohérent",IF(AND(ISNUMBER(N390),N390>ToleranceKm),"Km non enregistrés",IF(AND(ISNUMBER(N390),N390<-ToleranceKm),"Chevauchement",IF(AND(J390="Personnel",UsagePrive="Non"),"Usage privé non autorisé","Conforme"))))))) | R390: =IF(AND($E390=RelConducteur,$J390="Professionnel",ISNUMBER($C390),$C390>=RelDebut,$C390<=RelFin),COUNTIFS($E$9:$E390,RelConducteur,$J$9:$J390,"Professionnel",$C$9:$C390,">="&RelDebut,$C$9:$C390,"<="&RelFin),"")
B391: =IF(C391="","",COUNT($C$9:C391)) | F391: =IF(OR(C391="",E391=""),"",IFERROR(INDEX(CondService,MATCH(E391,CondNoms,0))&"","Conducteur inconnu")) | M391: =IF(OR(K391="",L391=""),"",L391-K391) | N391: =IF(OR(C391="",K391="",L390=""),"",K391-L390) | O391: =IF(C391="","",IF(OR(E391="",G391="",H391="",J391="",K391="",L391="",AND(J391="Professionnel",I391="")),"Incomplet",IF(AND(ISNUMBER(C390),C391<C390),"Ordre des dates",IF(L391<K391,"Compteur incohérent",IF(AND(ISNUMBER(N391),N391>ToleranceKm),"Km non enregistrés",IF(AND(ISNUMBER(N391),N391<-ToleranceKm),"Chevauchement",IF(AND(J391="Personnel",UsagePrive="Non"),"Usage privé non autorisé","Conforme"))))))) | R391: =IF(AND($E391=RelConducteur,$J391="Professionnel",ISNUMBER($C391),$C391>=RelDebut,$C391<=RelFin),COUNTIFS($E$9:$E391,RelConducteur,$J$9:$J391,"Professionnel",$C$9:$C391,">="&RelDebut,$C$9:$C391,"<="&RelFin),"")
B392: =IF(C392="","",COUNT($C$9:C392)) | F392: =IF(OR(C392="",E392=""),"",IFERROR(INDEX(CondService,MATCH(E392,CondNoms,0))&"","Conducteur inconnu")) | M392: =IF(OR(K392="",L392=""),"",L392-K392) | N392: =IF(OR(C392="",K392="",L391=""),"",K392-L391) | O392: =IF(C392="","",IF(OR(E392="",G392="",H392="",J392="",K392="",L392="",AND(J392="Professionnel",I392="")),"Incomplet",IF(AND(ISNUMBER(C391),C392<C391),"Ordre des dates",IF(L392<K392,"Compteur incohérent",IF(AND(ISNUMBER(N392),N392>ToleranceKm),"Km non enregistrés",IF(AND(ISNUMBER(N392),N392<-ToleranceKm),"Chevauchement",IF(AND(J392="Personnel",UsagePrive="Non"),"Usage privé non autorisé","Conforme"))))))) | R392: =IF(AND($E392=RelConducteur,$J392="Professionnel",ISNUMBER($C392),$C392>=RelDebut,$C392<=RelFin),COUNTIFS($E$9:$E392,RelConducteur,$J$9:$J392,"Professionnel",$C$9:$C392,">="&RelDebut,$C$9:$C392,"<="&RelFin),"")
B393: =IF(C393="","",COUNT($C$9:C393)) | F393: =IF(OR(C393="",E393=""),"",IFERROR(INDEX(CondService,MATCH(E393,CondNoms,0))&"","Conducteur inconnu")) | M393: =IF(OR(K393="",L393=""),"",L393-K393) | N393: =IF(OR(C393="",K393="",L392=""),"",K393-L392) | O393: =IF(C393="","",IF(OR(E393="",G393="",H393="",J393="",K393="",L393="",AND(J393="Professionnel",I393="")),"Incomplet",IF(AND(ISNUMBER(C392),C393<C392),"Ordre des dates",IF(L393<K393,"Compteur incohérent",IF(AND(ISNUMBER(N393),N393>ToleranceKm),"Km non enregistrés",IF(AND(ISNUMBER(N393),N393<-ToleranceKm),"Chevauchement",IF(AND(J393="Personnel",UsagePrive="Non"),"Usage privé non autorisé","Conforme"))))))) | R393: =IF(AND($E393=RelConducteur,$J393="Professionnel",ISNUMBER($C393),$C393>=RelDebut,$C393<=RelFin),COUNTIFS($E$9:$E393,RelConducteur,$J$9:$J393,"Professionnel",$C$9:$C393,">="&RelDebut,$C$9:$C393,"<="&RelFin),"")
B394: =IF(C394="","",COUNT($C$9:C394)) | F394: =IF(OR(C394="",E394=""),"",IFERROR(INDEX(CondService,MATCH(E394,CondNoms,0))&"","Conducteur inconnu")) | M394: =IF(OR(K394="",L394=""),"",L394-K394) | N394: =IF(OR(C394="",K394="",L393=""),"",K394-L393) | O394: =IF(C394="","",IF(OR(E394="",G394="",H394="",J394="",K394="",L394="",AND(J394="Professionnel",I394="")),"Incomplet",IF(AND(ISNUMBER(C393),C394<C393),"Ordre des dates",IF(L394<K394,"Compteur incohérent",IF(AND(ISNUMBER(N394),N394>ToleranceKm),"Km non enregistrés",IF(AND(ISNUMBER(N394),N394<-ToleranceKm),"Chevauchement",IF(AND(J394="Personnel",UsagePrive="Non"),"Usage privé non autorisé","Conforme"))))))) | R394: =IF(AND($E394=RelConducteur,$J394="Professionnel",ISNUMBER($C394),$C394>=RelDebut,$C394<=RelFin),COUNTIFS($E$9:$E394,RelConducteur,$J$9:$J394,"Professionnel",$C$9:$C394,">="&RelDebut,$C$9:$C394,"<="&RelFin),"")
B395: =IF(C395="","",COUNT($C$9:C395)) | F395: =IF(OR(C395="",E395=""),"",IFERROR(INDEX(CondService,MATCH(E395,CondNoms,0))&"","Conducteur inconnu")) | M395: =IF(OR(K395="",L395=""),"",L395-K395) | N395: =IF(OR(C395="",K395="",L394=""),"",K395-L394) | O395: =IF(C395="","",IF(OR(E395="",G395="",H395="",J395="",K395="",L395="",AND(J395="Professionnel",I395="")),"Incomplet",IF(AND(ISNUMBER(C394),C395<C394),"Ordre des dates",IF(L395<K395,"Compteur incohérent",IF(AND(ISNUMBER(N395),N395>ToleranceKm),"Km non enregistrés",IF(AND(ISNUMBER(N395),N395<-ToleranceKm),"Chevauchement",IF(AND(J395="Personnel",UsagePrive="Non"),"Usage privé non autorisé","Conforme"))))))) | R395: =IF(AND($E395=RelConducteur,$J395="Professionnel",ISNUMBER($C395),$C395>=RelDebut,$C395<=RelFin),COUNTIFS($E$9:$E395,RelConducteur,$J$9:$J395,"Professionnel",$C$9:$C395,">="&RelDebut,$C$9:$C395,"<="&RelFin),"")
... B808: =IF(C808="","",COUNT($C$9:C808)) | F808: =IF(OR(C808="",E808=""),"",IFERROR(INDEX(CondService,MATCH(E808,CondNoms,0))&"","Conducteur inconnu")) | M808: =IF(OR(K808="",L808=""),"",L808-K808) | N808: =IF(OR(C808="",K808="",L807=""),"",K808-L807) | O808: =IF(C808="","",IF(OR(E808="",G808="",H808="",J808="",K808="",L808="",AND(J808="Professionnel",I808="")),"Incomplet",IF(AND(ISNUMBER(C807),C808<C807),"Ordre des dates",IF(L808<K808,"Compteur incohérent",IF(AND(ISNUMBER(N808),N808>ToleranceKm),"Km non enregistrés",IF(AND(ISNUMBER(N808),N808<-ToleranceKm),"Chevauchement",IF(AND(J808="Personnel",UsagePrive="Non"),"Usage privé non autorisé","Conforme"))))))) | R808: =IF(AND($E808=RelConducteur,$J808="Professionnel",ISNUMBER($C808),$C808>=RelDebut,$C808<=RelFin),COUNTIFS($E$9:$E808,RelConducteur,$J$9:$J808,"Professionnel",$C$9:$C808,">="&RelDebut,$C$9:$C808,"<="&RelFin),"")

Sheet Dépenses
B1: ="CARNET DE BORD DU VÉHICULE · "&Immatriculation -> CARNET DE BORD DU VÉHICULE · FT-317-KV
B2: JOURNAL DES DÉPENSES | V2: =TRIM(Marque&" "&Modele)&" · "&TitulaireVehicule -> Norvane Fourgonnette L1 1.5 diesel · Altéis Maintenance SAS
B4: DÉPENSES TTC | E4: DONT ÉNERGIE | G4: TVA | H4: AVANCES À REMBOURSER | I4: LIGNES À VÉRIFIER
B5: =SUM(Dépenses!$L$9:$L$508) -> 6437.89 | E5: =SUMIFS(Dépenses!$L$9:$L$508,Dépenses!$X$9:$X$508,"Énergie") -> 2588.99 | G5: =SUM(Dépenses!$O$9:$O$508) -> 881.64833 | H5: =SUMIFS(Dépenses!$L$9:$L$508,Dépenses!$S$9:$S$508,"Oui") -> 945.3 | I5: =COUNTIF(Dépenses!$V$9:$V$508,"?*")-COUNTIF(Dépenses!$V$9:$V$508,"Conforme") -> 0
B7: Carburant, entretien, péages, assurance… Une ligne par facture ou ticket. Quantité et plein complet : pour l'énergie uniquement. | T7: Saisie | U7: Calcul automatique
B8: N° | C8: Date | D8: Conducteur | E8: Compteur (km) | F8: Catégorie | G8: Opération d'entretien (facultatif) | H8: Fournisseur / lieu | I8: Détail | J8: ="Quantité"&CHAR(10)&"("&UniteQte&")" -> Quantité (L) | K8: Plein complet | L8: Montant TTC | M8: Taux TVA | N8: Montant HT | O8: TVA | P8: Prix unitaire | Q8: ="Conso."&CHAR(10)&"("&UniteQte&"/100)" -> Conso. (L/100) | R8: Mode de règlement | S8: Avance conducteur | T8: Centre de coût | U8: N° de pièce | V8: Contrôle | X8: Regroupement | Y8: Énergie | Z8: Km plein complet | AA8: Quantité en attente | AB8: Taux TVA retenu | AC8: Distance conso. | AD8: Quantité conso. | AE8: Rang relevé
B9: =IF(C9="","",COUNT($C$9:C9)) -> 1 | C9: 46391 | F9: Assurance | G9: Assurance | H9: Mutuelle Horizon Assurances | I9: Prime annuelle – contrat flotte | L9: 1148 | M9: 0 | N9: =IF(L9="","",L9/(1+AB9)) -> 1148 | O9: =IF(L9="","",L9-N9) -> 0 | P9: =IF(AND(Y9=1,N(J9)>0,ISNUMBER(L9)),L9/J9,"") | Q9: ="" | R9: Prélèvement | S9: Non | T9: =IF(C9="","",IF(D9="","Non affecté",IFERROR(INDEX(CondService,MATCH(D9,CondNoms,0))&"","Non affecté"))) -> Non affecté | U9: PJ-0001 | V9: =IF(C9="","",IF(OR(F9="",L9=""),"Incomplet",IF(X9="Catégorie inconnue","Catégorie inconnue",IF(AND(Y9=1,OR(E9="",J9="",K9="")),"Plein incomplet",IF(AND(ISNUMBER(E9),E9<N(KmOuverture)),"Compteur < ouverture",IF(AND(Y9=1,N(Capacite)>0,N(J9)>Capacite*1.02),"Quantité > réservoir",IF(ISNUMBER(Q9),IF(AND(ConsoRef>0,ABS(Q9/MAX(ConsoRef,0.0001)-1)>SeuilConso),"Conso. atypique","Conforme"),IF(AND(G9<>"",E9="",X9="Entretien et réparations"),"Compteur manquant","Conforme")))))))) -> Conforme | X9: =IF(F9="","",IFERROR(INDEX(CatGroupe,MATCH(F9,CatNoms,0))&"","Catégorie inconnue")) -> Frais fixes et divers | Y9: =IF(X9="Énergie",1,0) -> 0 | Z9: =IF(AND(Y9=1,K9="Oui",ISNUMBER(E9)),E9,"") | AA9: =IF(Y9=1,IF(K9="Oui",0,N(J9)),0) -> 0 | AB9: =IF(ISNUMBER(M9),M9,IFERROR(INDEX(CatTVA,MATCH(F9,CatNoms,0))*1,0.2)) -> 0 | AC9: ="" | AD9: ="" | AE9: =IF(AND($D9=RelConducteur,$S9="Oui",ISNUMBER($C9),$C9>=RelDebut,$C9<=RelFin),COUNTIFS($D$9:$D9,RelConducteur,$S$9:$S9,"Oui",$C$9:$C9,">="&RelDebut,$C$9:$C9,"<="&RelFin),"")
B10: =IF(C10="","",COUNT($C$9:C10)) -> 2 | C10: 46400 | D10: Sophie Lemaire | E10: 39186 | F10: Carburant | H10: Hypermarché – Porte Est | I10: Gazole | J10: 32.45 | K10: Oui | L10: 56.95 | N10: =IF(L10="","",L10/(1+AB10)) -> 47.458333 | O10: =IF(L10="","",L10-N10) -> 9.4916667 | P10: =IF(AND(Y10=1,N(J10)>0,ISNUMBER(L10)),L10/J10,"") -> 1.7550077 | Q10: =IF(AND(Y10=1,K10="Oui",ISNUMBER(E10),ISNUMBER(Z9),N(J10)>0),IF(E10>Z9,(N(AA9)+N(J10))/(E10-Z9)*100,""),"") | R10: Carte carburant | S10: Non | T10: =IF(C10="","",IF(D10="","Non affecté",IFERROR(INDEX(CondService,MATCH(D10,CondNoms,0))&"","Non affecté"))) -> Service commercial | U10: CC-0002 | V10: =IF(C10="","",IF(OR(F10="",L10=""),"Incomplet",IF(X10="Catégorie inconnue","Catégorie inconnue",IF(AND(Y10=1,OR(E10="",J10="",K10="")),"Plein incomplet",IF(AND(ISNUMBER(E10),E10<N(KmOuverture)),"Compteur < ouverture",IF(AND(Y10=1,N(Capacite)>0,N(J10)>Capacite*1.02),"Quantité > réservoir",IF(ISNUMBER(Q10),IF(AND(ConsoRef>0,ABS(Q10/MAX(ConsoRef,0.0001)-1)>SeuilConso),"Conso. atypique","Conforme"),IF(AND(G10<>"",E10="",X10="Entretien et réparations"),"Compteur manquant","Conforme")))))))) -> Conforme | X10: =IF(F10="","",IFERROR(INDEX(CatGroupe,MATCH(F10,CatNoms,0))&"","Catégorie inconnue")) -> Énergie | Y10: =IF(X10="Énergie",1,0) -> 1 | Z10: =IF(AND(Y10=1,K10="Oui",ISNUMBER(E10)),E10,Z9) -> 39186 | AA10: =IF(Y10=1,IF(K10="Oui",0,N(AA9)+N(J10)),N(AA9)) -> 0 | AB10: =IF(ISNUMBER(M10),M10,IFERROR(INDEX(CatTVA,MATCH(F10,CatNoms,0))*1,0.2)) -> 0.2 | AC10: =IF(Q10="","",E10-Z9) | AD10: =IF(Q10="","",N(AA9)+N(J10)) | AE10: =IF(AND($D10=RelConducteur,$S10="Oui",ISNUMBER($C10),$C10>=RelDebut,$C10<=RelFin),COUNTIFS($D$9:$D10,RelConducteur,$S$9:$S10,"Oui",$C$9:$C10,">="&RelDebut,$C$9:$C10,"<="&RelFin),"")
B11: =IF(C11="","",COUNT($C$9:C11)) -> 3 | C11: 46400 | D11: Sophie Lemaire | E11: 39462 | F11: Péage | H11: Autoroute | I11: Aller-retour Annecy | L11: 27.4 | N11: =IF(L11="","",L11/(1+AB11)) -> 22.833333 | O11: =IF(L11="","",L11-N11) -> 4.5666667 | P11: =IF(AND(Y11=1,N(J11)>0,ISNUMBER(L11)),L11/J11,"") | Q11: =IF(AND(Y11=1,K11="Oui",ISNUMBER(E11),ISNUMBER(Z10),N(J11)>0),IF(E11>Z10,(N(AA10)+N(J11))/(E11-Z10)*100,""),"") | R11: Carte bancaire personnelle | S11: Oui | T11: =IF(C11="","",IF(D11="","Non affecté",IFERROR(INDEX(CondService,MATCH(D11,CondNoms,0))&"","Non affecté"))) -> Service commercial | U11: PJ-0003 | V11: =IF(C11="","",IF(OR(F11="",L11=""),"Incomplet",IF(X11="Catégorie inconnue","Catégorie inconnue",IF(AND(Y11=1,OR(E11="",J11="",K11="")),"Plein incomplet",IF(AND(ISNUMBER(E11),E11<N(KmOuverture)),"Compteur < ouverture",IF(AND(Y11=1,N(Capacite)>0,N(J11)>Capacite*1.02),"Quantité > réservoir",IF(ISNUMBER(Q11),IF(AND(ConsoRef>0,ABS(Q11/MAX(ConsoRef,0.0001)-1)>SeuilConso),"Conso. atypique","Conforme"),IF(AND(G11<>"",E11="",X11="Entretien et réparations"),"Compteur manquant","Conforme")))))))) -> Conforme | X11: =IF(F11="","",IFERROR(INDEX(CatGroupe,MATCH(F11,CatNoms,0))&"","Catégorie inconnue")) -> Frais fixes et divers | Y11: =IF(X11="Énergie",1,0) -> 0 | Z11: =IF(AND(Y11=1,K11="Oui",ISNUMBER(E11)),E11,Z10) -> 39186 | AA11: =IF(Y11=1,IF(K11="Oui",0,N(AA10)+N(J11)),N(AA10)) -> 0 | AB11: =IF(ISNUMBER(M11),M11,IFERROR(INDEX(CatTVA,MATCH(F11,CatNoms,0))*1,0.2)) -> 0.2 | AC11: =IF(Q11="","",E11-Z10) | AD11: =IF(Q11="","",N(AA10)+N(J11)) | AE11: =IF(AND($D11=RelConducteur,$S11="Oui",ISNUMBER($C11),$C11>=RelDebut,$C11<=RelFin),COUNTIFS($D$9:$D11,RelConducteur,$S$9:$S11,"Oui",$C$9:$C11,">="&RelDebut,$C$9:$C11,"<="&RelFin),"")
B12: =IF(C12="","",COUNT($C$9:C12)) -> 4 | C12: 46400 | D12: Sophie Lemaire | E12: 39462 | F12: Stationnement | H12: Parking – Annecy | I12: Stationnement rendez-vous client | L12: 8.2 | N12: =IF(L12="","",L12/(1+AB12)) -> 6.8333333 | O12: =IF(L12="","",L12-N12) -> 1.3666667 | P12: =IF(AND(Y12=1,N(J12)>0,ISNUMBER(L12)),L12/J12,"") | Q12: =IF(AND(Y12=1,K12="Oui",ISNUMBER(E12),ISNUMBER(Z11),N(J12)>0),IF(E12>Z11,(N(AA11)+N(J12))/(E12-Z11)*100,""),"") | R12: Carte bancaire personnelle | S12: Oui | T12: =IF(C12="","",IF(D12="","Non affecté",IFERROR(INDEX(CondService,MATCH(D12,CondNoms,0))&"","Non affecté"))) -> Service commercial | U12: PJ-0004 | V12: =IF(C12="","",IF(OR(F12="",L12=""),"Incomplet",IF(X12="Catégorie inconnue","Catégorie inconnue",IF(AND(Y12=1,OR(E12="",J12="",K12="")),"Plein incomplet",IF(AND(ISNUMBER(E12),E12<N(KmOuverture)),"Compteur < ouverture",IF(AND(Y12=1,N(Capacite)>0,N(J12)>Capacite*1.02),"Quantité > réservoir",IF(ISNUMBER(Q12),IF(AND(ConsoRef>0,ABS(Q12/MAX(ConsoRef,0.0001)-1)>SeuilConso),"Conso. atypique","Conforme"),IF(AND(G12<>"",E12="",X12="Entretien et réparations"),"Compteur manquant","Conforme")))))))) -> Conforme | X12: =IF(F12="","",IFERROR(INDEX(CatGroupe,MATCH(F12,CatNoms,0))&"","Catégorie inconnue")) -> Frais fixes et divers | Y12: =IF(X12="Énergie",1,0) -> 0 | Z12: =IF(AND(Y12=1,K12="Oui",ISNUMBER(E12)),E12,Z11) -> 39186 | AA12: =IF(Y12=1,IF(K12="Oui",0,N(AA11)+N(J12)),N(AA11)) -> 0 | AB12: =IF(ISNUMBER(M12),M12,IFERROR(INDEX(CatTVA,MATCH(F12,CatNoms,0))*1,0.2)) -> 0.2 | AC12: =IF(Q12="","",E12-Z11) | AD12: =IF(Q12="","",N(AA11)+N(J12)) | AE12: =IF(AND($D12=RelConducteur,$S12="Oui",ISNUMBER($C12),$C12>=RelDebut,$C12<=RelFin),COUNTIFS($D$9:$D12,RelConducteur,$S$9:$S12,"Oui",$C$9:$C12,">="&RelDebut,$C$9:$C12,"<="&RelFin),"")
B13: =IF(C13="","",COUNT($C$9:C13)) -> 5 | C13: 46405 | D13: Sophie Lemaire | E13: 39634 | F13: Carburant | H13: Hypermarché – Porte Est | I13: Gazole | J13: 32.19 | K13: Oui | L13: 55.4 | N13: =IF(L13="","",L13/(1+AB13)) -> 46.166667 | O13: =IF(L13="","",L13-N13) -> 9.2333333 | P13: =IF(AND(Y13=1,N(J13)>0,ISNUMBER(L13)),L13/J13,"") -> 1.7210314 | Q13: =IF(AND(Y13=1,K13="Oui",ISNUMBER(E13),ISNUMBER(Z12),N(J13)>0),IF(E13>Z12,(N(AA12)+N(J13))/(E13-Z12)*100,""),"") -> 7.1852679 | R13: Carte carburant | S13: Non | T13: =IF(C13="","",IF(D13="","Non affecté",IFERROR(INDEX(CondService,MATCH(D13,CondNoms,0))&"","Non affecté"))) -> Service commercial | U13: CC-0005 | V13: =IF(C13="","",IF(OR(F13="",L13=""),"Incomplet",IF(X13="Catégorie inconnue","Catégorie inconnue",IF(AND(Y13=1,OR(E13="",J13="",K13="")),"Plein incomplet",IF(AND(ISNUMBER(E13),E13<N(KmOuverture)),"Compteur < ouverture",IF(AND(Y13=1,N(Capacite)>0,N(J13)>Capacite*1.02),"Quantité > réservoir",IF(ISNUMBER(Q13),IF(AND(ConsoRef>0,ABS(Q13/MAX(ConsoRef,0.0001)-1)>SeuilConso),"Conso. atypique","Conforme"),IF(AND(G13<>"",E13="",X13="Entretien et réparations"),"Compteur manquant","Conforme")))))))) -> Conforme | X13: =IF(F13="","",IFERROR(INDEX(CatGroupe,MATCH(F13,CatNoms,0))&"","Catégorie inconnue")) -> Énergie | Y13: =IF(X13="Énergie",1,0) -> 1 | Z13: =IF(AND(Y13=1,K13="Oui",ISNUMBER(E13)),E13,Z12) -> 39634 | AA13: =IF(Y13=1,IF(K13="Oui",0,N(AA12)+N(J13)),N(AA12)) -> 0 | AB13: =IF(ISNUMBER(M13),M13,IFERROR(INDEX(CatTVA,MATCH(F13,CatNoms,0))*1,0.2)) -> 0.2 | AC13: =IF(Q13="","",E13-Z12) -> 448 | AD13: =IF(Q13="","",N(AA12)+N(J13)) -> 32.19 | AE13: =IF(AND($D13=RelConducteur,$S13="Oui",ISNUMBER($C13),$C13>=RelDebut,$C13<=RelFin),COUNTIFS($D$9:$D13,RelConducteur,$S$9:$S13,"Oui",$C$9:$C13,">="&RelDebut,$C$9:$C13,"<="&RelFin),"")
B14: =IF(C14="","",COUNT($C$9:C14)) -> 6 | C14: 46405 | D14: Sophie Lemaire | E14: 39778 | F14: Péage | H14: Autoroute | I14: Aller-retour Mâcon | L14: 14.6 | N14: =IF(L14="","",L14/(1+AB14)) -> 12.166667 | O14: =IF(L14="","",L14-N14) -> 2.4333333 | P14: =IF(AND(Y14=1,N(J14)>0,ISNUMBER(L14)),L14/J14,"") | Q14: =IF(AND(Y14=1,K14="Oui",ISNUMBER(E14),ISNUMBER(Z13),N(J14)>0),IF(E14>Z13,(N(AA13)+N(J14))/(E14-Z13)*100,""),"") | R14: Carte bancaire personnelle | S14: Oui | T14: =IF(C14="","",IF(D14="","Non affecté",IFERROR(INDEX(CondService,MATCH(D14,CondNoms,0))&"","Non affecté"))) -> Service commercial | U14: PJ-0006 | V14: =IF(C14="","",IF(OR(F14="",L14=""),"Incomplet",IF(X14="Catégorie inconnue","Catégorie inconnue",IF(AND(Y14=1,OR(E14="",J14="",K14="")),"Plein incomplet",IF(AND(ISNUMBER(E14),E14<N(KmOuverture)),"Compteur < ouverture",IF(AND(Y14=1,N(Capacite)>0,N(J14)>Capacite*1.02),"Quantité > réservoir",IF(ISNUMBER(Q14),IF(AND(ConsoRef>0,ABS(Q14/MAX(ConsoRef,0.0001)-1)>SeuilConso),"Conso. atypique","Conforme"),IF(AND(G14<>"",E14="",X14="Entretien et réparations"),"Compteur manquant","Conforme")))))))) -> Conforme | X14: =IF(F14="","",IFERROR(INDEX(CatGroupe,MATCH(F14,CatNoms,0))&"","Catégorie inconnue")) -> Frais fixes et divers | Y14: =IF(X14="Énergie",1,0) -> 0 | Z14: =IF(AND(Y14=1,K14="Oui",ISNUMBER(E14)),E14,Z13) -> 39634 | AA14: =IF(Y14=1,IF(K14="Oui",0,N(AA13)+N(J14)),N(AA13)) -> 0 | AB14: =IF(ISNUMBER(M14),M14,IFERROR(INDEX(CatTVA,MATCH(F14,CatNoms,0))*1,0.2)) -> 0.2 | AC14: =IF(Q14="","",E14-Z13) | AD14: =IF(Q14="","",N(AA13)+N(J14)) | AE14: =IF(AND($D14=RelConducteur,$S14="Oui",ISNUMBER($C14),$C14>=RelDebut,$C14<=RelFin),COUNTIFS($D$9:$D14,RelConducteur,$S$9:$S14,"Oui",$C$9:$C14,">="&RelDebut,$C$9:$C14,"<="&RelFin),"")
B15: =IF(C15="","",COUNT($C$9:C15)) -> 7 | C15: 46406 | D15: Sophie Lemaire | E15: 40015 | F15: Péage | H15: Autoroute | I15: Aller-retour Grenoble | L15: 19.8 | N15: =IF(L15="","",L15/(1+AB15)) -> 16.5 | O15: =IF(L15="","",L15-N15) -> 3.3 | P15: =IF(AND(Y15=1,N(J15)>0,ISNUMBER(L15)),L15/J15,"") | Q15: =IF(AND(Y15=1,K15="Oui",ISNUMBER(E15),ISNUMBER(Z14),N(J15)>0),IF(E15>Z14,(N(AA14)+N(J15))/(E15-Z14)*100,""),"") | R15: Carte bancaire personnelle | S15: Oui | T15: =IF(C15="","",IF(D15="","Non affecté",IFERROR(INDEX(CondService,MATCH(D15,CondNoms,0))&"","Non affecté"))) -> Service commercial | U15: PJ-0007 | V15: =IF(C15="","",IF(OR(F15="",L15=""),"Incomplet",IF(X15="Catégorie inconnue","Catégorie inconnue",IF(AND(Y15=1,OR(E15="",J15="",K15="")),"Plein incomplet",IF(AND(ISNUMBER(E15),E15<N(KmOuverture)),"Compteur < ouverture",IF(AND(Y15=1,N(Capacite)>0,N(J15)>Capacite*1.02),"Quantité > réservoir",IF(ISNUMBER(Q15),IF(AND(ConsoRef>0,ABS(Q15/MAX(ConsoRef,0.0001)-1)>SeuilConso),"Conso. atypique","Conforme"),IF(AND(G15<>"",E15="",X15="Entretien et réparations"),"Compteur manquant","Conforme")))))))) -> Conforme | X15: =IF(F15="","",IFERROR(INDEX(CatGroupe,MATCH(F15,CatNoms,0))&"","Catégorie inconnue")) -> Frais fixes et divers | Y15: =IF(X15="Énergie",1,0) -> 0 | Z15: =IF(AND(Y15=1,K15="Oui",ISNUMBER(E15)),E15,Z14) -> 39634 | AA15: =IF(Y15=1,IF(K15="Oui",0,N(AA14)+N(J15)),N(AA14)) -> 0 | AB15: =IF(ISNUMBER(M15),M15,IFERROR(INDEX(CatTVA,MATCH(F15,CatNoms,0))*1,0.2)) -> 0.2 | AC15: =IF(Q15="","",E15-Z14) | AD15: =IF(Q15="","",N(AA14)+N(J15)) | AE15: =IF(AND($D15=RelConducteur,$S15="Oui",ISNUMBER($C15),$C15>=RelDebut,$C15<=RelFin),COUNTIFS($D$9:$D15,RelConducteur,$S$9:$S15,"Oui",$C$9:$C15,">="&RelDebut,$C$9:$C15,"<="&RelFin),"")
B16: =IF(C16="","",COUNT($C$9:C16)) -> 8 | C16: 46407 | D16: Sophie Lemaire | E16: 40172 | F16: Carburant | H16: Station – Avenue Jean-Mermoz | I16: Gazole | J16: 36.05 | K16: Oui | L16: 63.12 | N16: =IF(L16="","",L16/(1+AB16)) -> 52.6 | O16: =IF(L16="","",L16-N16) -> 10.52 | P16: =IF(AND(Y16=1,N(J16)>0,ISNUMBER(L16)),L16/J16,"") -> 1.7509015 | Q16: =IF(AND(Y16=1,K16="Oui",ISNUMBER(E16),ISNUMBER(Z15),N(J16)>0),IF(E16>Z15,(N(AA15)+N(J16))/(E16-Z15)*100,""),"") -> 6.7007435 | R16: Carte carburant | S16: Non | T16: =IF(C16="","",IF(D16="","Non affecté",IFERROR(INDEX(CondService,MATCH(D16,CondNoms,0))&"","Non affecté"))) -> Service commercial | U16: CC-0008 | V16: =IF(C16="","",IF(OR(F16="",L16=""),"Incomplet",IF(X16="Catégorie inconnue","Catégorie inconnue",IF(AND(Y16=1,OR(E16="",J16="",K16="")),"Plein incomplet",IF(AND(ISNUMBER(E16),E16<N(KmOuverture)),"Compteur < ouverture",IF(AND(Y16=1,N(Capacite)>0,N(J16)>Capacite*1.02),"Quantité > réservoir",IF(ISNUMBER(Q16),IF(AND(ConsoRef>0,ABS(Q16/MAX(ConsoRef,0.0001)-1)>SeuilConso),"Conso. atypique","Conforme"),IF(AND(G16<>"",E16="",X16="Entretien et réparations"),"Compteur manquant","Conforme")))))))) -> Conforme | X16: =IF(F16="","",IFERROR(INDEX(CatGroupe,MATCH(F16,CatNoms,0))&"","Catégorie inconnue")) -> Énergie | Y16: =IF(X16="Énergie",1,0) -> 1 | Z16: =IF(AND(Y16=1,K16="Oui",ISNUMBER(E16)),E16,Z15) -> 40172 | AA16: =IF(Y16=1,IF(K16="Oui",0,N(AA15)+N(J16)),N(AA15)) -> 0 | AB16: =IF(ISNUMBER(M16),M16,IFERROR(INDEX(CatTVA,MATCH(F16,CatNoms,0))*1,0.2)) -> 0.2 | AC16: =IF(Q16="","",E16-Z15) -> 538 | AD16: =IF(Q16="","",N(AA15)+N(J16)) -> 36.05 | AE16: =IF(AND($D16=RelConducteur,$S16="Oui",ISNUMBER($C16),$C16>=RelDebut,$C16<=RelFin),COUNTIFS($D$9:$D16,RelConducteur,$S$9:$S16,"Oui",$C$9:$C16,">="&RelDebut,$C$9:$C16,"<="&RelFin),"")
B17: =IF(C17="","",COUNT($C$9:C17)) -> 9 | C17: 46409 | E17: 40220 | F17: Équipement | G17: Vérification extincteur | H17: Sécurité Incendie Rhône | I17: Vérification annuelle de l'extincteur | L17: 38.4 | N17: =IF(L17="","",L17/(1+AB17)) -> 32 | O17: =IF(L17="","",L17-N17) -> 6.4 | P17: =IF(AND(Y17=1,N(J17)>0,ISNUMBER(L17)),L17/J17,"") | Q17: =IF(AND(Y17=1,K17="Oui",ISNUMBER(E17),ISNUMBER(Z16),N(J17)>0),IF(E17>Z16,(N(AA16)+N(J17))/(E17-Z16)*100,""),"") | R17: Virement | S17: Non | T17: =IF(C17="","",IF(D17="","Non affecté",IFERROR(INDEX(CondService,MATCH(D17,CondNoms,0))&"","Non affecté"))) -> Non affecté | U17: PJ-0009 | V17: =IF(C17="","",IF(OR(F17="",L17=""),"Incomplet",IF(X17="Catégorie inconnue","Catégorie inconnue",IF(AND(Y17=1,OR(E17="",J17="",K17="")),"Plein incomplet",IF(AND(ISNUMBER(E17),E17<N(KmOuverture)),"Compteur < ouverture",IF(AND(Y17=1,N(Capacite)>0,N(J17)>Capacite*1.02),"Quantité > réservoir",IF(ISNUMBER(Q17),IF(AND(ConsoRef>0,ABS(Q17/MAX(ConsoRef,0.0001)-1)>SeuilConso),"Conso. atypique","Conforme"),IF(AND(G17<>"",E17="",X17="Entretien et réparations"),"Compteur manquant","Conforme")))))))) -> Conforme | X17: =IF(F17="","",IFERROR(INDEX(CatGroupe,MATCH(F17,CatNoms,0))&"","Catégorie inconnue")) -> Frais fixes et divers | Y17: =IF(X17="Énergie",1,0) -> 0 | Z17: =IF(AND(Y17=1,K17="Oui",ISNUMBER(E17)),E17,Z16) -> 40172 | AA17: =IF(Y17=1,IF(K17="Oui",0,N(AA16)+N(J17)),N(AA16)) -> 0 | AB17: =IF(ISNUMBER(M17),M17,IFERROR(INDEX(CatTVA,MATCH(F17,CatNoms,0))*1,0.2)) -> 0.2 | AC17: =IF(Q17="","",E17-Z16) | AD17: =IF(Q17="","",N(AA16)+N(J17)) | AE17: =IF(AND($D17=RelConducteur,$S17="Oui",ISNUMBER($C17),$C17>=RelDebut,$C17<=RelFin),COUNTIFS($D$9:$D17,RelConducteur,$S$9:$S17,"Oui",$C$9:$C17,">="&RelDebut,$C$9:$C17,"<="&RelFin),"")
B18: =IF(C18="","",COUNT($C$9:C18)) -> 10 | C18: 46415 | D18: Sophie Lemaire | E18: 40635 | F18: Péage | H18: Autoroute | I18: Aller-retour Grenoble | L18: 19.8 | N18: =IF(L18="","",L18/(1+AB18)) -> 16.5 | O18: =IF(L18="","",L18-N18) -> 3.3 | P18: =IF(AND(Y18=1,N(J18)>0,ISNUMBER(L18)),L18/J18,"") | Q18: =IF(AND(Y18=1,K18="Oui",ISNUMBER(E18),ISNUMBER(Z17),N(J18)>0),IF(E18>Z17,(N(AA17)+N(J18))/(E18-Z17)*100,""),"") | R18: Carte bancaire personnelle | S18: Oui | T18: =IF(C18="","",IF(D18="","Non affecté",IFERROR(INDEX(CondService,MATCH(D18,CondNoms,0))&"","Non affecté"))) -> Service commercial | U18: PJ-0010 | V18: =IF(C18="","",IF(OR(F18="",L18=""),"Incomplet",IF(X18="Catégorie inconnue","Catégorie inconnue",IF(AND(Y18=1,OR(E18="",J18="",K18="")),"Plein incomplet",IF(AND(ISNUMBER(E18),E18<N(KmOuverture)),"Compteur < ouverture",IF(AND(Y18=1,N(Capacite)>0,N(J18)>Capacite*1.02),"Quantité > réservoir",IF(ISNUMBER(Q18),IF(AND(ConsoRef>0,ABS(Q18/MAX(ConsoRef,0.0001)-1)>SeuilConso),"Conso. atypique","Conforme"),IF(AND(G18<>"",E18="",X18="Entretien et réparations"),"Compteur manquant","Conforme")))))))) -> Conforme | X18: =IF(F18="","",IFERROR(INDEX(CatGroupe,MATCH(F18,CatNoms,0))&"","Catégorie inconnue")) -> Frais fixes et divers | Y18: =IF(X18="Énergie",1,0) -> 0 | Z18: =IF(AND(Y18=1,K18="Oui",ISNUMBER(E18)),E18,Z17) -> 40172 | AA18: =IF(Y18=1,IF(K18="Oui",0,N(AA17)+N(J18)),N(AA17)) -> 0 | AB18: =IF(ISNUMBER(M18),M18,IFERROR(INDEX(CatTVA,MATCH(F18,CatNoms,0))*1,0.2)) -> 0.2 | AC18: =IF(Q18="","",E18-Z17) | AD18: =IF(Q18="","",N(AA17)+N(J18)) | AE18: =IF(AND($D18=RelConducteur,$S18="Oui",ISNUMBER($C18),$C18>=RelDebut,$C18<=RelFin),COUNTIFS($D$9:$D18,RelConducteur,$S$9:$S18,"Oui",$C$9:$C18,">="&RelDebut,$C$9:$C18,"<="&RelFin),"")
B19: =IF(C19="","",COUNT($C$9:C19)) -> 11 | C19: 46416 | D19: Karim Benali | E19: 40706 | F19: Carburant | H19: Hypermarché – Porte Est | I19: Gazole | J19: 19.2 | K19: Non | L19: 33.6 | N19: =IF(L19="","",L19/(1+AB19)) -> 28 | O19: =IF(L19="","",L19-N19) -> 5.6 | P19: =IF(AND(Y19=1,N(J19)>0,ISNUMBER(L19)),L19/J19,"") -> 1.75 | Q19: =IF(AND(Y19=1,K19="Oui",ISNUMBER(E19),ISNUMBER(Z18),N(J19)>0),IF(E19>Z18,(N(AA18)+N(J19))/(E19-Z18)*100,""),"") | R19: Carte carburant | S19: Non | T19: =IF(C19="","",IF(D19="","Non affecté",IFERROR(INDEX(CondService,MATCH(D19,CondNoms,0))&"","Non affecté"))) -> Service technique | U19: CC-0011 | V19: =IF(C19="","",IF(OR(F19="",L19=""),"Incomplet",IF(X19="Catégorie inconnue","Catégorie inconnue",IF(AND(Y19=1,OR(E19="",J19="",K19="")),"Plein incomplet",IF(AND(ISNUMBER(E19),E19<N(KmOuverture)),"Compteur < ouverture",IF(AND(Y19=1,N(Capacite)>0,N(J19)>Capacite*1.02),"Quantité > réservoir",IF(ISNUMBER(Q19),IF(AND(ConsoRef>0,ABS(Q19/MAX(ConsoRef,0.0001)-1)>SeuilConso),"Conso. atypique","Conforme"),IF(AND(G19<>"",E19="",X19="Entretien et réparations"),"Compteur manquant","Conforme")))))))) -> Conforme | X19: =IF(F19="","",IFERROR(INDEX(CatGroupe,MATCH(F19,CatNoms,0))&"","Catégorie inconnue")) -> Énergie | Y19: =IF(X19="Énergie",1,0) -> 1 | Z19: =IF(AND(Y19=1,K19="Oui",ISNUMBER(E19)),E19,Z18) -> 40172 | AA19: =IF(Y19=1,IF(K19="Oui",0,N(AA18)+N(J19)),N(AA18)) -> 19.2 | AB19: =IF(ISNUMBER(M19),M19,IFERROR(INDEX(CatTVA,MATCH(F19,CatNoms,0))*1,0.2)) -> 0.2 | AC19: =IF(Q19="","",E19-Z18) | AD19: =IF(Q19="","",N(AA18)+N(J19)) | AE19: =IF(AND($D19=RelConducteur,$S19="Oui",ISNUMBER($C19),$C19>=RelDebut,$C19<=RelFin),COUNTIFS($D$9:$D19,RelConducteur,$S$9:$S19,"Oui",$C$9:$C19,">="&RelDebut,$C$9:$C19,"<="&RelFin),"")
B20: =IF(C20="","",COUNT($C$9:C20)) -> 12 | C20: 46416 | D20: Sophie Lemaire | E20: 40720 | F20: Stationnement | H20: Parking – Lyon 2e | I20: Stationnement rendez-vous client | L20: 7.5 | N20: =IF(L20="","",L20/(1+AB20)) -> 6.25 | O20: =IF(L20="","",L20-N20) -> 1.25 | P20: =IF(AND(Y20=1,N(J20)>0,ISNUMBER(L20)),L20/J20,"") | Q20: =IF(AND(Y20=1,K20="Oui",ISNUMBER(E20),ISNUMBER(Z19),N(J20)>0),IF(E20>Z19,(N(AA19)+N(J20))/(E20-Z19)*100,""),"") | R20: Carte bancaire personnelle | S20: Oui | T20: =IF(C20="","",IF(D20="","Non affecté",IFERROR(INDEX(CondService,MATCH(D20,CondNoms,0))&"","Non affecté"))) -> Service commercial | U20: PJ-0012 | V20: =IF(C20="","",IF(OR(F20="",L20=""),"Incomplet",IF(X20="Catégorie inconnue","Catégorie inconnue",IF(AND(Y20=1,OR(E20="",J20="",K20="")),"Plein incomplet",IF(AND(ISNUMBER(E20),E20<N(KmOuverture)),"Compteur < ouverture",IF(AND(Y20=1,N(Capacite)>0,N(J20)>Capacite*1.02),"Quantité > réservoir",IF(ISNUMBER(Q20),IF(AND(ConsoRef>0,ABS(Q20/MAX(ConsoRef,0.0001)-1)>SeuilConso),"Conso. atypique","Conforme"),IF(AND(G20<>"",E20="",X20="Entretien et réparations"),"Compteur manquant","Conforme")))))))) -> Conforme | X20: =IF(F20="","",IFERROR(INDEX(CatGroupe,MATCH(F20,CatNoms,0))&"","Catégorie inconnue")) -> Frais fixes et divers | Y20: =IF(X20="Énergie",1,0) -> 0 | Z20: =IF(AND(Y20=1,K20="Oui",ISNUMBER(E20)),E20,Z19) -> 40172 | AA20: =IF(Y20=1,IF(K20="Oui",0,N(AA19)+N(J20)),N(AA19)) -> 19.2 | AB20: =IF(ISNUMBER(M20),M20,IFERROR(INDEX(CatTVA,MATCH(F20,CatNoms,0))*1,0.2)) -> 0.2 | AC20: =IF(Q20="","",E20-Z19) | AD20: =IF(Q20="","",N(AA19)+N(J20)) | AE20: =IF(AND($D20=RelConducteur,$S20="Oui",ISNUMBER($C20),$C20>=RelDebut,$C20<=RelFin),COUNTIFS($D$9:$D20,RelConducteur,$S$9:$S20,"Oui",$C$9:$C20,">="&RelDebut,$C$9:$C20,"<="&RelFin),"")
B21: =IF(C21="","",COUNT($C$9:C21)) -> 13 | C21: 46420 | D21: Sophie Lemaire | E21: 40948 | F21: Péage | H21: Autoroute | I21: Aller-retour Mâcon | L21: 14.6 | N21: =IF(L21="","",L21/(1+AB21)) -> 12.166667 | O21: =IF(L21="","",L21-N21) -> 2.4333333 | P21: =IF(AND(Y21=1,N(J21)>0,ISNUMBER(L21)),L21/J21,"") | Q21: =IF(AND(Y21=1,K21="Oui",ISNUMBER(E21),ISNUMBER(Z20),N(J21)>0),IF(E21>Z20,(N(AA20)+N(J21))/(E21-Z20)*100,""),"") | R21: Carte bancaire personnelle | S21: Oui | T21: =IF(C21="","",IF(D21="","Non affecté",IFERROR(INDEX(CondService,MATCH(D21,CondNoms,0))&"","Non affecté"))) -> Service commercial | U21: PJ-0013 | V21: =IF(C21="","",IF(OR(F21="",L21=""),"Incomplet",IF(X21="Catégorie inconnue","Catégorie inconnue",IF(AND(Y21=1,OR(E21="",J21="",K21="")),"Plein incomplet",IF(AND(ISNUMBER(E21),E21<N(KmOuverture)),"Compteur < ouverture",IF(AND(Y21=1,N(Capacite)>0,N(J21)>Capacite*1.02),"Quantité > réservoir",IF(ISNUMBER(Q21),IF(AND(ConsoRef>0,ABS(Q21/MAX(ConsoRef,0.0001)-1)>SeuilConso),"Conso. atypique","Conforme"),IF(AND(G21<>"",E21="",X21="Entretien et réparations"),"Compteur manquant","Conforme")))))))) -> Conforme | X21: =IF(F21="","",IFERROR(INDEX(CatGroupe,MATCH(F21,CatNoms,0))&"","Catégorie inconnue")) -> Frais fixes et divers | Y21: =IF(X21="Énergie",1,0) -> 0 | Z21: =IF(AND(Y21=1,K21="Oui",ISNUMBER(E21)),E21,Z20) -> 40172 | AA21: =IF(Y21=1,IF(K21="Oui",0,N(AA20)+N(J21)),N(AA20)) -> 19.2 | AB21: =IF(ISNUMBER(M21),M21,IFERROR(INDEX(CatTVA,MATCH(F21,CatNoms,0))*1,0.2)) -> 0.2 | AC21: =IF(Q21="","",E21-Z20) | AD21: =IF(Q21="","",N(AA20)+N(J21)) | AE21: =IF(AND($D21=RelConducteur,$S21="Oui",ISNUMBER($C21),$C21>=RelDebut,$C21<=RelFin),COUNTIFS($D$9:$D21,RelConducteur,$S$9:$S21,"Oui",$C$9:$C21,">="&RelDebut,$C$9:$C21,"<="&RelFin),"")
B22: =IF(C22="","",COUNT($C$9:C22)) -> 14 | C22: 46422 | D22: Karim Benali | E22: 40997 | F22: Carburant | H22: Hypermarché – Porte Est | I22: Gazole | J22: 38.45 | K22: Oui | L22: 67.52 | N22: =IF(L22="","",L22/(1+AB22)) -> 56.266667 | O22: =IF(L22="","",L22-N22) -> 11.253333 | P22: =IF(AND(Y22=1,N(J22)>0,ISNUMBER(L22)),L22/J22,"") -> 1.7560468 | Q22: =IF(AND(Y22=1,K22="Oui",ISNUMBER(E22),ISNUMBER(Z21),N(J22)>0),IF(E22>Z21,(N(AA21)+N(J22))/(E22-Z21)*100,""),"") -> 6.9878788 | R22: Carte carburant | S22: Non | T22: =IF(C22="","",IF(D22="","Non affecté",IFERROR(INDEX(CondService,MATCH(D22,CondNoms,0))&"","Non affecté"))) -> Service technique | U22: CC-0014 | V22: =IF(C22="","",IF(OR(F22="",L22=""),"Incomplet",IF(X22="Catégorie inconnue","Catégorie inconnue",IF(AND(Y22=1,OR(E22="",J22="",K22="")),"Plein incomplet",IF(AND(ISNUMBER(E22),E22<N(KmOuverture)),"Compteur < ouverture",IF(AND(Y22=1,N(Capacite)>0,N(J22)>Capacite*1.02),"Quantité > réservoir",IF(ISNUMBER(Q22),IF(AND(ConsoRef>0,ABS(Q22/MAX(ConsoRef,0.0001)-1)>SeuilConso),"Conso. atypique","Conforme"),IF(AND(G22<>"",E22="",X22="Entretien et réparations"),"Compteur manquant","Conforme")))))))) -> Conforme | X22: =IF(F22="","",IFERROR(INDEX(CatGroupe,MATCH(F22,CatNoms,0))&"","Catégorie inconnue")) -> Énergie | Y22: =IF(X22="Énergie",1,0) -> 1 | Z22: =IF(AND(Y22=1,K22="Oui",ISNUMBER(E22)),E22,Z21) -> 40997 | AA22: =IF(Y22=1,IF(K22="Oui",0,N(AA21)+N(J22)),N(AA21)) -> 0 | AB22: =IF(ISNUMBER(M22),M22,IFERROR(INDEX(CatTVA,MATCH(F22,CatNoms,0))*1,0.2)) -> 0.2 | AC22: =IF(Q22="","",E22-Z21) -> 825 | AD22: =IF(Q22="","",N(AA21)+N(J22)) -> 57.65 | AE22: =IF(AND($D22=RelConducteur,$S22="Oui",ISNUMBER($C22),$C22>=RelDebut,$C22<=RelFin),COUNTIFS($D$9:$D22,RelConducteur,$S$9:$S22,"Oui",$C$9:$C22,">="&RelDebut,$C$9:$C22,"<="&RelFin),"")
B23: =IF(C23="","",COUNT($C$9:C23)) -> 15 | C23: 46423 | D23: Thomas Girard | E23: 41054 | F23: Lavage | H23: Station de lavage – ZA des Tanneurs | I23: Lavage extérieur et aspiration | L23: 14 | N23: =IF(L23="","",L23/(1+AB23)) -> 11.666667 | O23: =IF(L23="","",L23-N23) -> 2.3333333 | P23: =IF(AND(Y23=1,N(J23)>0,ISNUMBER(L23)),L23/J23,"") | Q23: =IF(AND(Y23=1,K23="Oui",ISNUMBER(E23),ISNUMBER(Z22),N(J23)>0),IF(E23>Z22,(N(AA22)+N(J23))/(E23-Z22)*100,""),"") | R23: Carte carburant | S23: Non | T23: =IF(C23="","",IF(D23="","Non affecté",IFERROR(INDEX(CondService,MATCH(D23,CondNoms,0))&"","Non affecté"))) -> Service technique | U23: PJ-0015 | V23: =IF(C23="","",IF(OR(F23="",L23=""),"Incomplet",IF(X23="Catégorie inconnue","Catégorie inconnue",IF(AND(Y23=1,OR(E23="",J23="",K23="")),"Plein incomplet",IF(AND(ISNUMBER(E23),E23<N(KmOuverture)),"Compteur < ouverture",IF(AND(Y23=1,N(Capacite)>0,N(J23)>Capacite*1.02),"Quantité > réservoir",IF(ISNUMBER(Q23),IF(AND(ConsoRef>0,ABS(Q23/MAX(ConsoRef,0.0001)-1)>SeuilConso),"Conso. atypique","Conforme"),IF(AND(G23<>"",E23="",X23="Entretien et réparations"),"Compteur manquant","Conforme")))))))) -> Conforme | X23: =IF(F23="","",IFERROR(INDEX(CatGroupe,MATCH(F23,CatNoms,0))&"","Catégorie inconnue")) -> Frais fixes et divers | Y23: =IF(X23="Énergie",1,0) -> 0 | Z23: =IF(AND(Y23=1,K23="Oui",ISNUMBER(E23)),E23,Z22) -> 40997 | AA23: =IF(Y23=1,IF(K23="Oui",0,N(AA22)+N(J23)),N(AA22)) -> 0 | AB23: =IF(ISNUMBER(M23),M23,IFERROR(INDEX(CatTVA,MATCH(F23,CatNoms,0))*1,0.2)) -> 0.2 | AC23: =IF(Q23="","",E23-Z22) | AD23: =IF(Q23="","",N(AA22)+N(J23)) | AE23: =IF(AND($D23=RelConducteur,$S23="Oui",ISNUMBER($C23),$C23>=RelDebut,$C23<=RelFin),COUNTIFS($D$9:$D23,RelConducteur,$S$9:$S23,"Oui",$C$9:$C23,">="&RelDebut,$C$9:$C23,"<="&RelFin),"")
B24: =IF(C24="","",COUNT($C$9:C24)) -> 16 | C24: 46427 | D24: Sophie Lemaire | E24: 41418 | F24: Péage | H24: Autoroute | I24: Aller-retour Mâcon | L24: 14.6 | N24: =IF(L24="","",L24/(1+AB24)) -> 12.166667 | O24: =IF(L24="","",L24-N24) -> 2.4333333 | P24: =IF(AND(Y24=1,N(J24)>0,ISNUMBER(L24)),L24/J24,"") | Q24: =IF(AND(Y24=1,K24="Oui",ISNUMBER(E24),ISNUMBER(Z23),N(J24)>0),IF(E24>Z23,(N(AA23)+N(J24))/(E24-Z23)*100,""),"") | R24: Carte bancaire personnelle | S24: Oui | T24: =IF(C24="","",IF(D24="","Non affecté",IFERROR(INDEX(CondService,MATCH(D24,CondNoms,0))&"","Non affecté"))) -> Service commercial | U24: PJ-0016 | V24: =IF(C24="","",IF(OR(F24="",L24=""),"Incomplet",IF(X24="Catégorie inconnue","Catégorie inconnue",IF(AND(Y24=1,OR(E24="",J24="",K24="")),"Plein incomplet",IF(AND(ISNUMBER(E24),E24<N(KmOuverture)),"Compteur < ouverture",IF(AND(Y24=1,N(Capacite)>0,N(J24)>Capacite*1.02),"Quantité > réservoir",IF(ISNUMBER(Q24),IF(AND(ConsoRef>0,ABS(Q24/MAX(ConsoRef,0.0001)-1)>SeuilConso),"Conso. atypique","Conforme"),IF(AND(G24<>"",E24="",X24="Entretien et réparations"),"Compteur manquant","Conforme")))))))) -> Conforme | X24: =IF(F24="","",IFERROR(INDEX(CatGroupe,MATCH(F24,CatNoms,0))&"","Catégorie inconnue")) -> Frais fixes et divers | Y24: =IF(X24="Énergie",1,0) -> 0 | Z24: =IF(AND(Y24=1,K24="Oui",ISNUMBER(E24)),E24,Z23) -> 40997 | AA24: =IF(Y24=1,IF(K24="Oui",0,N(AA23)+N(J24)),N(AA23)) -> 0 | AB24: =IF(ISNUMBER(M24),M24,IFERROR(INDEX(CatTVA,MATCH(F24,CatNoms,0))*1,0.2)) -> 0.2 | AC24: =IF(Q24="","",E24-Z23) | AD24: =IF(Q24="","",N(AA23)+N(J24)) | AE24: =IF(AND($D24=RelConducteur,$S24="Oui",ISNUMBER($C24),$C24>=RelDebut,$C24<=RelFin),COUNTIFS($D$9:$D24,RelConducteur,$S$9:$S24,"Oui",$C$9:$C24,">="&RelDebut,$C$9:$C24,"<="&RelFin),"")
B25: =IF(C25="","",COUNT($C$9:C25)) -> 17 | C25: 46428 | D25: Élodie Faure | E25: 41513 | F25: Carburant | H25: Station – Avenue Jean-Mermoz | I25: Gazole | J25: 36.24 | K25: Oui | L25: 62.12 | N25: =IF(L25="","",L25/(1+AB25)) -> 51.766667 | O25: =IF(L25="","",L25-N25) -> 10.353333 | P25: =IF(AND(Y25=1,N(J25)>0,ISNUMBER(L25)),L25/J25,"") -> 1.714128 | Q25: =IF(AND(Y25=1,K25="Oui",ISNUMBER(E25),ISNUMBER(Z24),N(J25)>0),IF(E25>Z24,(N(AA24)+N(J25))/(E25-Z24)*100,""),"") -> 7.0232558 | R25: Carte carburant | S25: Non | T25: =IF(C25="","",IF(D25="","Non affecté",IFERROR(INDEX(CondService,MATCH(D25,CondNoms,0))&"","Non affecté"))) -> Direction | U25: CC-0017 | V25: =IF(C25="","",IF(OR(F25="",L25=""),"Incomplet",IF(X25="Catégorie inconnue","Catégorie inconnue",IF(AND(Y25=1,OR(E25="",J25="",K25="")),"Plein incomplet",IF(AND(ISNUMBER(E25),E25<N(KmOuverture)),"Compteur < ouverture",IF(AND(Y25=1,N(Capacite)>0,N(J25)>Capacite*1.02),"Quantité > réservoir",IF(ISNUMBER(Q25),IF(AND(ConsoRef>0,ABS(Q25/MAX(ConsoRef,0.0001)-1)>SeuilConso),"Conso. atypique","Conforme"),IF(AND(G25<>"",E25="",X25="Entretien et réparations"),"Compteur manquant","Conforme")))))))) -> Conforme | X25: =IF(F25="","",IFERROR(INDEX(CatGroupe,MATCH(F25,CatNoms,0))&"","Catégorie inconnue")) -> Énergie | Y25: =IF(X25="Énergie",1,0) -> 1 | Z25: =IF(AND(Y25=1,K25="Oui",ISNUMBER(E25)),E25,Z24) -> 41513 | AA25: =IF(Y25=1,IF(K25="Oui",0,N(AA24)+N(J25)),N(AA24)) -> 0 | AB25: =IF(ISNUMBER(M25),M25,IFERROR(INDEX(CatTVA,MATCH(F25,CatNoms,0))*1,0.2)) -> 0.2 | AC25: =IF(Q25="","",E25-Z24) -> 516 | AD25: =IF(Q25="","",N(AA24)+N(J25)) -> 36.24 | AE25: =IF(AND($D25=RelConducteur,$S25="Oui",ISNUMBER($C25),$C25>=RelDebut,$C25<=RelFin),COUNTIFS($D$9:$D25,RelConducteur,$S$9:$S25,"Oui",$C$9:$C25,">="&RelDebut,$C$9:$C25,"<="&RelFin),"")
B26: =IF(C26="","",COUNT($C$9:C26)) -> 18 | C26: 46441 | D26: Sophie Lemaire | E26: 42000 | F26: Carburant | H26: Station – Avenue Jean-Mermoz | I26: Gazole | J26: 34.88 | K26: Oui | L26: 61.28 | N26: =IF(L26="","",L26/(1+AB26)) -> 51.066667 | O26: =IF(L26="","",L26-N26) -> 10.213333 | P26: =IF(AND(Y26=1,N(J26)>0,ISNUMBER(L26)),L26/J26,"") -> 1.7568807 | Q26: =IF(AND(Y26=1,K26="Oui",ISNUMBER(E26),ISNUMBER(Z25),N(J26)>0),IF(E26>Z25,(N(AA25)+N(J26))/(E26-Z25)*100,""),"") -> 7.1622177 | R26: Carte carburant | S26: Non | T26: =IF(C26="","",IF(D26="","Non affecté",IFERROR(INDEX(CondService,MATCH(D26,CondNoms,0))&"","Non affecté"))) -> Service commercial | U26: CC-0018 | V26: =IF(C26="","",IF(OR(F26="",L26=""),"Incomplet",IF(X26="Catégorie inconnue","Catégorie inconnue",IF(AND(Y26=1,OR(E26="",J26="",K26="")),"Plein incomplet",IF(AND(ISNUMBER(E26),E26<N(KmOuverture)),"Compteur < ouverture",IF(AND(Y26=1,N(Capacite)>0,N(J26)>Capacite*1.02),"Quantité > réservoir",IF(ISNUMBER(Q26),IF(AND(ConsoRef>0,ABS(Q26/MAX(ConsoRef,0.0001)-1)>SeuilConso),"Conso. atypique","Conforme"),IF(AND(G26<>"",E26="",X26="Entretien et réparations"),"Compteur manquant","Conforme")))))))) -> Conforme | X26: =IF(F26="","",IFERROR(INDEX(CatGroupe,MATCH(F26,CatNoms,0))&"","Catégorie inconnue")) -> Énergie | Y26: =IF(X26="Énergie",1,0) -> 1 | Z26: =IF(AND(Y26=1,K26="Oui",ISNUMBER(E26)),E26,Z25) -> 42000 | AA26: =IF(Y26=1,IF(K26="Oui",0,N(AA25)+N(J26)),N(AA25)) -> 0 | AB26: =IF(ISNUMBER(M26),M26,IFERROR(INDEX(CatTVA,MATCH(F26,CatNoms,0))*1,0.2)) -> 0.2 | AC26: =IF(Q26="","",E26-Z25) -> 487 | AD26: =IF(Q26="","",N(AA25)+N(J26)) -> 34.88 | AE26: =IF(AND($D26=RelConducteur,$S26="Oui",ISNUMBER($C26),$C26>=RelDebut,$C26<=RelFin),COUNTIFS($D$9:$D26,RelConducteur,$S$9:$S26,"Oui",$C$9:$C26,">="&RelDebut,$C$9:$C26,"<="&RelFin),"")
B27: =IF(C27="","",COUNT($C$9:C27)) -> 19 | C27: 46441 | D27: Sophie Lemaire | E27: 42214 | F27: Péage | H27: Autoroute | I27: Aller-retour Grenoble | L27: 19.8 | N27: =IF(L27="","",L27/(1+AB27)) -> 16.5 | O27: =IF(L27="","",L27-N27) -> 3.3 | P27: =IF(AND(Y27=1,N(J27)>0,ISNUMBER(L27)),L27/J27,"") | Q27: =IF(AND(Y27=1,K27="Oui",ISNUMBER(E27),ISNUMBER(Z26),N(J27)>0),IF(E27>Z26,(N(AA26)+N(J27))/(E27-Z26)*100,""),"") | R27: Carte bancaire personnelle | S27: Oui | T27: =IF(C27="","",IF(D27="","Non affecté",IFERROR(INDEX(CondService,MATCH(D27,CondNoms,0))&"","Non affecté"))) -> Service commercial | U27: PJ-0019 | V27: =IF(C27="","",IF(OR(F27="",L27=""),"Incomplet",IF(X27="Catégorie inconnue","Catégorie inconnue",IF(AND(Y27=1,OR(E27="",J27="",K27="")),"Plein incomplet",IF(AND(ISNUMBER(E27),E27<N(KmOuverture)),"Compteur < ouverture",IF(AND(Y27=1,N(Capacite)>0,N(J27)>Capacite*1.02),"Quantité > réservoir",IF(ISNUMBER(Q27),IF(AND(ConsoRef>0,ABS(Q27/MAX(ConsoRef,0.0001)-1)>SeuilConso),"Conso. atypique","Conforme"),IF(AND(G27<>"",E27="",X27="Entretien et réparations"),"Compteur manquant","Conforme")))))))) -> Conforme | X27: =IF(F27="","",IFERROR(INDEX(CatGroupe,MATCH(F27,CatNoms,0))&"","Catégorie inconnue")) -> Frais fixes et divers | Y27: =IF(X27="Énergie",1,0) -> 0 | Z27: =IF(AND(Y27=1,K27="Oui",ISNUMBER(E27)),E27,Z26) -> 42000 | AA27: =IF(Y27=1,IF(K27="Oui",0,N(AA26)+N(J27)),N(AA26)) -> 0 | AB27: =IF(ISNUMBER(M27),M27,IFERROR(INDEX(CatTVA,MATCH(F27,CatNoms,0))*1,0.2)) -> 0.2 | AC27: =IF(Q27="","",E27-Z26) | AD27: =IF(Q27="","",N(AA26)+N(J27)) | AE27: =IF(AND($D27=RelConducteur,$S27="Oui",ISNUMBER($C27),$C27>=RelDebut,$C27<=RelFin),COUNTIFS($D$9:$D27,RelConducteur,$S$9:$S27,"Oui",$C$9:$C27,">="&RelDebut,$C$9:$C27,"<="&RelFin),"")
B28: =IF(C28="","",COUNT($C$9:C28)) -> 20 | C28: 46441 | D28: Sophie Lemaire | E28: 42214 | F28: Stationnement | H28: Parking – Grenoble | I28: Stationnement rendez-vous client | L28: 6.4 | N28: =IF(L28="","",L28/(1+AB28)) -> 5.3333333 | O28: =IF(L28="","",L28-N28) -> 1.0666667 | P28: =IF(AND(Y28=1,N(J28)>0,ISNUMBER(L28)),L28/J28,"") | Q28: =IF(AND(Y28=1,K28="Oui",ISNUMBER(E28),ISNUMBER(Z27),N(J28)>0),IF(E28>Z27,(N(AA27)+N(J28))/(E28-Z27)*100,""),"") | R28: Carte bancaire personnelle | S28: Oui | T28: =IF(C28="","",IF(D28="","Non affecté",IFERROR(INDEX(CondService,MATCH(D28,CondNoms,0))&"","Non affecté"))) -> Service commercial | U28: PJ-0020 | V28: =IF(C28="","",IF(OR(F28="",L28=""),"Incomplet",IF(X28="Catégorie inconnue","Catégorie inconnue",IF(AND(Y28=1,OR(E28="",J28="",K28="")),"Plein incomplet",IF(AND(ISNUMBER(E28),E28<N(KmOuverture)),"Compteur < ouverture",IF(AND(Y28=1,N(Capacite)>0,N(J28)>Capacite*1.02),"Quantité > réservoir",IF(ISNUMBER(Q28),IF(AND(ConsoRef>0,ABS(Q28/MAX(ConsoRef,0.0001)-1)>SeuilConso),"Conso. atypique","Conforme"),IF(AND(G28<>"",E28="",X28="Entretien et réparations"),"Compteur manquant","Conforme")))))))) -> Conforme | X28: =IF(F28="","",IFERROR(INDEX(CatGroupe,MATCH(F28,CatNoms,0))&"","Catégorie inconnue")) -> Frais fixes et divers | Y28: =IF(X28="Énergie",1,0) -> 0 | Z28: =IF(AND(Y28=1,K28="Oui",ISNUMBER(E28)),E28,Z27) -> 42000 | AA28: =IF(Y28=1,IF(K28="Oui",0,N(AA27)+N(J28)),N(AA27)) -> 0 | AB28: =IF(ISNUMBER(M28),M28,IFERROR(INDEX(CatTVA,MATCH(F28,CatNoms,0))*1,0.2)) -> 0.2 | AC28: =IF(Q28="","",E28-Z27) | AD28: =IF(Q28="","",N(AA27)+N(J28)) | AE28: =IF(AND($D28=RelConducteur,$S28="Oui",ISNUMBER($C28),$C28>=RelDebut,$C28<=RelFin),COUNTIFS($D$9:$D28,RelConducteur,$S$9:$S28,"Oui",$C$9:$C28,">="&RelDebut,$C$9:$C28,"<="&RelFin),"")
B29: =IF(C29="","",COUNT($C$9:C29)) -> 21 | C29: 46443 | D29: Sophie Lemaire | E29: 42317 | F29: Stationnement | H29: Parking – Lyon 7e | I29: Stationnement rendez-vous client | L29: 9 | N29: =IF(L29="","",L29/(1+AB29)) -> 7.5 | O29: =IF(L29="","",L29-N29) -> 1.5 | P29: =IF(AND(Y29=1,N(J29)>0,ISNUMBER(L29)),L29/J29,"") | Q29: =IF(AND(Y29=1,K29="Oui",ISNUMBER(E29),ISNUMBER(Z28),N(J29)>0),IF(E29>Z28,(N(AA28)+N(J29))/(E29-Z28)*100,""),"") | R29: Carte bancaire personnelle | S29: Oui | T29: =IF(C29="","",IF(D29="","Non affecté",IFERROR(INDEX(CondService,MATCH(D29,CondNoms,0))&"","Non affecté"))) -> Service commercial | U29: PJ-0021 | V29: =IF(C29="","",IF(OR(F29="",L29=""),"Incomplet",IF(X29="Catégorie inconnue","Catégorie inconnue",IF(AND(Y29=1,OR(E29="",J29="",K29="")),"Plein incomplet",IF(AND(ISNUMBER(E29),E29<N(KmOuverture)),"Compteur < ouverture",IF(AND(Y29=1,N(Capacite)>0,N(J29)>Capacite*1.02),"Quantité > réservoir",IF(ISNUMBER(Q29),IF(AND(ConsoRef>0,ABS(Q29/MAX(ConsoRef,0.0001)-1)>SeuilConso),"Conso. atypique","Conforme"),IF(AND(G29<>"",E29="",X29="Entretien et réparations"),"Compteur manquant","Conforme")))))))) -> Conforme | X29: =IF(F29="","",IFERROR(INDEX(CatGroupe,MATCH(F29,CatNoms,0))&"","Catégorie inconnue")) -> Frais fixes et divers | Y29: =IF(X29="Énergie",1,0) -> 0 | Z29: =IF(AND(Y29=1,K29="Oui",ISNUMBER(E29)),E29,Z28) -> 42000 | AA29: =IF(Y29=1,IF(K29="Oui",0,N(AA28)+N(J29)),N(AA28)) -> 0 | AB29: =IF(ISNUMBER(M29),M29,IFERROR(INDEX(CatTVA,MATCH(F29,CatNoms,0))*1,0.2)) -> 0.2 | AC29: =IF(Q29="","",E29-Z28) | AD29: =IF(Q29="","",N(AA28)+N(J29)) | AE29: =IF(AND($D29=RelConducteur,$S29="Oui",ISNUMBER($C29),$C29>=RelDebut,$C29<=RelFin),COUNTIFS($D$9:$D29,RelConducteur,$S$9:$S29,"Oui",$C$9:$C29,">="&RelDebut,$C$9:$C29,"<="&RelFin),"")
B30: =IF(C30="","",COUNT($C$9:C30)) -> 22 | C30: 46451 | D30: Thomas Girard | E30: 42524 | F30: Lavage | H30: Station de lavage – ZA des Tanneurs | I30: Lavage extérieur et aspiration | L30: 14 | N30: =IF(L30="","",L30/(1+AB30)) -> 11.666667 | O30: =IF(L30="","",L30-N30) -> 2.3333333 | P30: =IF(AND(Y30=1,N(J30)>0,ISNUMBER(L30)),L30/J30,"") | Q30: =IF(AND(Y30=1,K30="Oui",ISNUMBER(E30),ISNUMBER(Z29),N(J30)>0),IF(E30>Z29,(N(AA29)+N(J30))/(E30-Z29)*100,""),"") | R30: Carte carburant | S30: Non | T30: =IF(C30="","",IF(D30="","Non affecté",IFERROR(INDEX(CondService,MATCH(D30,CondNoms,0))&"","Non affecté"))) -> Service technique | U30: PJ-0022 | V30: =IF(C30="","",IF(OR(F30="",L30=""),"Incomplet",IF(X30="Catégorie inconnue","Catégorie inconnue",IF(AND(Y30=1,OR(E30="",J30="",K30="")),"Plein incomplet",IF(AND(ISNUMBER(E30),E30<N(KmOuverture)),"Compteur < ouverture",IF(AND(Y30=1,N(Capacite)>0,N(J30)>Capacite*1.02),"Quantité > réservoir",IF(ISNUMBER(Q30),IF(AND(ConsoRef>0,ABS(Q30/MAX(ConsoRef,0.0001)-1)>SeuilConso),"Conso. atypique","Conforme"),IF(AND(G30<>"",E30="",X30="Entretien et réparations"),"Compteur manquant","Conforme")))))))) -> Conforme | X30: =IF(F30="","",IFERROR(INDEX(CatGroupe,MATCH(F30,CatNoms,0))&"","Catégorie inconnue")) -> Frais fixes et divers | Y30: =IF(X30="Énergie",1,0) -> 0 | Z30: =IF(AND(Y30=1,K30="Oui",ISNUMBER(E30)),E30,Z29) -> 42000 | AA30: =IF(Y30=1,IF(K30="Oui",0,N(AA29)+N(J30)),N(AA29)) -> 0 | AB30: =IF(ISNUMBER(M30),M30,IFERROR(INDEX(CatTVA,MATCH(F30,CatNoms,0))*1,0.2)) -> 0.2 | AC30: =IF(Q30="","",E30-Z29) | AD30: =IF(Q30="","",N(AA29)+N(J30)) | AE30: =IF(AND($D30=RelConducteur,$S30="Oui",ISNUMBER($C30),$C30>=RelDebut,$C30<=RelFin),COUNTIFS($D$9:$D30,RelConducteur,$S$9:$S30,"Oui",$C$9:$C30,">="&RelDebut,$C$9:$C30,"<="&RelFin),"")
B31: =IF(C31="","",COUNT($C$9:C31)) -> 23 | C31: 46454 | D31: Karim Benali | E31: 42586 | F31: Carburant | H31: Station – Avenue Jean-Mermoz | I31: Gazole | J31: 41.19 | K31: Oui | L31: 70.81 | N31: =IF(L31="","",L31/(1+AB31)) -> 59.008333 | O31: =IF(L31="","",L31-N31) -> 11.801667 | P31: =IF(AND(Y31=1,N(J31)>0,ISNUMBER(L31)),L31/J31,"") -> 1.7191066 | Q31: =IF(AND(Y31=1,K31="Oui",ISNUMBER(E31),ISNUMBER(Z30),N(J31)>0),IF(E31>Z30,(N(AA30)+N(J31))/(E31-Z30)*100,""),"") -> 7.0290102 | R31: Carte carburant | S31: Non | T31: =IF(C31="","",IF(D31="","Non affecté",IFERROR(INDEX(CondService,MATCH(D31,CondNoms,0))&"","Non affecté"))) -> Service technique | U31: CC-0023 | V31: =IF(C31="","",IF(OR(F31="",L31=""),"Incomplet",IF(X31="Catégorie inconnue","Catégorie inconnue",IF(AND(Y31=1,OR(E31="",J31="",K31="")),"Plein incomplet",IF(AND(ISNUMBER(E31),E31<N(KmOuverture)),"Compteur < ouverture",IF(AND(Y31=1,N(Capacite)>0,N(J31)>Capacite*1.02),"Quantité > réservoir",IF(ISNUMBER(Q31),IF(AND(ConsoRef>0,ABS(Q31/MAX(ConsoRef,0.0001)-1)>SeuilConso),"Conso. atypique","Conforme"),IF(AND(G31<>"",E31="",X31="Entretien et réparations"),"Compteur manquant","Conforme")))))))) -> Conforme | X31: =IF(F31="","",IFERROR(INDEX(CatGroupe,MATCH(F31,CatNoms,0))&"","Catégorie inconnue")) -> Énergie | Y31: =IF(X31="Énergie",1,0) -> 1 | Z31: =IF(AND(Y31=1,K31="Oui",ISNUMBER(E31)),E31,Z30) -> 42586 | AA31: =IF(Y31=1,IF(K31="Oui",0,N(AA30)+N(J31)),N(AA30)) -> 0 | AB31: =IF(ISNUMBER(M31),M31,IFERROR(INDEX(CatTVA,MATCH(F31,CatNoms,0))*1,0.2)) -> 0.2 | AC31: =IF(Q31="","",E31-Z30) -> 586 | AD31: =IF(Q31="","",N(AA30)+N(J31)) -> 41.19 | AE31: =IF(AND($D31=RelConducteur,$S31="Oui",ISNUMBER($C31),$C31>=RelDebut,$C31<=RelFin),COUNTIFS($D$9:$D31,RelConducteur,$S$9:$S31,"Oui",$C$9:$C31,">="&RelDebut,$C$9:$C31,"<="&RelFin),"")
B32: =IF(C32="","",COUNT($C$9:C32)) -> 24 | C32: 46461 | D32: Karim Benali | E32: 42970 | F32: Contrôle technique | G32: Contrôle technique | H32: Centre de contrôle des Tanneurs | I32: Premier contrôle périodique – favorable | L32: 89 | N32: =IF(L32="","",L32/(1+AB32)) -> 74.166667 | O32: =IF(L32="","",L32-N32) -> 14.833333 | P32: =IF(AND(Y32=1,N(J32)>0,ISNUMBER(L32)),L32/J32,"") | Q32: =IF(AND(Y32=1,K32="Oui",ISNUMBER(E32),ISNUMBER(Z31),N(J32)>0),IF(E32>Z31,(N(AA31)+N(J32))/(E32-Z31)*100,""),"") | R32: Carte bancaire entreprise | S32: Non | T32: =IF(C32="","",IF(D32="","Non affecté",IFERROR(INDEX(CondService,MATCH(D32,CondNoms,0))&"","Non affecté"))) -> Service technique | U32: PJ-0024 | V32: =IF(C32="","",IF(OR(F32="",L32=""),"Incomplet",IF(X32="Catégorie inconnue","Catégorie inconnue",IF(AND(Y32=1,OR(E32="",J32="",K32="")),"Plein incomplet",IF(AND(ISNUMBER(E32),E32<N(KmOuverture)),"Compteur < ouverture",IF(AND(Y32=1,N(Capacite)>0,N(J32)>Capacite*1.02),"Quantité > réservoir",IF(ISNUMBER(Q32),IF(AND(ConsoRef>0,ABS(Q32/MAX(ConsoRef,0.0001)-1)>SeuilConso),"Conso. atypique","Conforme"),IF(AND(G32<>"",E32="",X32="Entretien et réparations"),"Compteur manquant","Conforme")))))))) -> Conforme | X32: =IF(F32="","",IFERROR(INDEX(CatGroupe,MATCH(F32,CatNoms,0))&"","Catégorie inconnue")) -> Entretien et réparations | Y32: =IF(X32="Énergie",1,0) -> 0 | Z32: =IF(AND(Y32=1,K32="Oui",ISNUMBER(E32)),E32,Z31) -> 42586 | AA32: =IF(Y32=1,IF(K32="Oui",0,N(AA31)+N(J32)),N(AA31)) -> 0 | AB32: =IF(ISNUMBER(M32),M32,IFERROR(INDEX(CatTVA,MATCH(F32,CatNoms,0))*1,0.2)) -> 0.2 | AC32: =IF(Q32="","",E32-Z31) | AD32: =IF(Q32="","",N(AA31)+N(J32)) | AE32: =IF(AND($D32=RelConducteur,$S32="Oui",ISNUMBER($C32),$C32>=RelDebut,$C32<=RelFin),COUNTIFS($D$9:$D32,RelConducteur,$S$9:$S32,"Oui",$C$9:$C32,">="&RelDebut,$C$9:$C32,"<="&RelFin),"")
B33: =IF(C33="","",COUNT($C$9:C33)) -> 25 | C33: 46462 | D33: Thomas Girard | E33: 43120 | F33: Carburant | H33: Hypermarché – Porte Est | I33: Gazole | J33: 38.85 | K33: Oui | L33: 66.24 | N33: =IF(L33="","",L33/(1+AB33)) -> 55.2 | O33: =IF(L33="","",L33-N33) -> 11.04 | P33: =IF(AND(Y33=1,N(J33)>0,ISNUMBER(L33)),L33/J33,"") -> 1.7050193 | Q33: =IF(AND(Y33=1,K33="Oui",ISNUMBER(E33),ISNUMBER(Z32),N(J33)>0),IF(E33>Z32,(N(AA32)+N(J33))/(E33-Z32)*100,""),"") -> 7.2752809 | R33: Carte carburant | S33: Non | T33: =IF(C33="","",IF(D33="","Non affecté",IFERROR(INDEX(CondService,MATCH(D33,CondNoms,0))&"","Non affecté"))) -> Service technique | U33: CC-0025 | V33: =IF(C33="","",IF(OR(F33="",L33=""),"Incomplet",IF(X33="Catégorie inconnue","Catégorie inconnue",IF(AND(Y33=1,OR(E33="",J33="",K33="")),"Plein incomplet",IF(AND(ISNUMBER(E33),E33<N(KmOuverture)),"Compteur < ouverture",IF(AND(Y33=1,N(Capacite)>0,N(J33)>Capacite*1.02),"Quantité > réservoir",IF(ISNUMBER(Q33),IF(AND(ConsoRef>0,ABS(Q33/MAX(ConsoRef,0.0001)-1)>SeuilConso),"Conso. atypique","Conforme"),IF(AND(G33<>"",E33="",X33="Entretien et réparations"),"Compteur manquant","Conforme")))))))) -> Conforme | X33: =IF(F33="","",IFERROR(INDEX(CatGroupe,MATCH(F33,CatNoms,0))&"","Catégorie inconnue")) -> Énergie | Y33: =IF(X33="Énergie",1,0) -> 1 | Z33: =IF(AND(Y33=1,K33="Oui",ISNUMBER(E33)),E33,Z32) -> 43120 | AA33: =IF(Y33=1,IF(K33="Oui",0,N(AA32)+N(J33)),N(AA32)) -> 0 | AB33: =IF(ISNUMBER(M33),M33,IFERROR(INDEX(CatTVA,MATCH(F33,CatNoms,0))*1,0.2)) -> 0.2 | AC33: =IF(Q33="","",E33-Z32) -> 534 | AD33: =IF(Q33="","",N(AA32)+N(J33)) -> 38.85 | AE33: =IF(AND($D33=RelConducteur,$S33="Oui",ISNUMBER($C33),$C33>=RelDebut,$C33<=RelFin),COUNTIFS($D$9:$D33,RelConducteur,$S$9:$S33,"Oui",$C$9:$C33,">="&RelDebut,$C$9:$C33,"<="&RelFin),"")
B34: =IF(C34="","",COUNT($C$9:C34)) -> 26 | C34: 46464 | D34: Sophie Lemaire | E34: 43435 | F34: Péage | H34: Autoroute | I34: Aller-retour Grenoble | L34: 19.8 | N34: =IF(L34="","",L34/(1+AB34)) -> 16.5 | O34: =IF(L34="","",L34-N34) -> 3.3 | P34: =IF(AND(Y34=1,N(J34)>0,ISNUMBER(L34)),L34/J34,"") | Q34: =IF(AND(Y34=1,K34="Oui",ISNUMBER(E34),ISNUMBER(Z33),N(J34)>0),IF(E34>Z33,(N(AA33)+N(J34))/(E34-Z33)*100,""),"") | R34: Carte bancaire personnelle | S34: Oui | T34: =IF(C34="","",IF(D34="","Non affecté",IFERROR(INDEX(CondService,MATCH(D34,CondNoms,0))&"","Non affecté"))) -> Service commercial | U34: PJ-0026 | V34: =IF(C34="","",IF(OR(F34="",L34=""),"Incomplet",IF(X34="Catégorie inconnue","Catégorie inconnue",IF(AND(Y34=1,OR(E34="",J34="",K34="")),"Plein incomplet",IF(AND(ISNUMBER(E34),E34<N(KmOuverture)),"Compteur < ouverture",IF(AND(Y34=1,N(Capacite)>0,N(J34)>Capacite*1.02),"Quantité > réservoir",IF(ISNUMBER(Q34),IF(AND(ConsoRef>0,ABS(Q34/MAX(ConsoRef,0.0001)-1)>SeuilConso),"Conso. atypique","Conforme"),IF(AND(G34<>"",E34="",X34="Entretien et réparations"),"Compteur manquant","Conforme")))))))) -> Conforme | X34: =IF(F34="","",IFERROR(INDEX(CatGroupe,MATCH(F34,CatNoms,0))&"","Catégorie inconnue")) -> Frais fixes et divers | Y34: =IF(X34="Énergie",1,0) -> 0 | Z34: =IF(AND(Y34=1,K34="Oui",ISNUMBER(E34)),E34,Z33) -> 43120 | AA34: =IF(Y34=1,IF(K34="Oui",0,N(AA33)+N(J34)),N(AA33)) -> 0 | AB34: =IF(ISNUMBER(M34),M34,IFERROR(INDEX(CatTVA,MATCH(F34,CatNoms,0))*1,0.2)) -> 0.2 | AC34: =IF(Q34="","",E34-Z33) | AD34: =IF(Q34="","",N(AA33)+N(J34)) | AE34: =IF(AND($D34=RelConducteur,$S34="Oui",ISNUMBER($C34),$C34>=RelDebut,$C34<=RelFin),COUNTIFS($D$9:$D34,RelConducteur,$S$9:$S34,"Oui",$C$9:$C34,">="&RelDebut,$C$9:$C34,"<="&RelFin),"") -> 1
B35: =IF(C35="","",COUNT($C$9:C35)) -> 27 | C35: 46468 | D35: Sophie Lemaire | E35: 43619 | F35: Carburant | H35: Station – ZA des Tanneurs | I35: Gazole | J35: 34.86 | K35: Oui | L35: 61.11 | N35: =IF(L35="","",L35/(1+AB35)) -> 50.925 | O35: =IF(L35="","",L35-N35) -> 10.185 | P35: =IF(AND(Y35=1,N(J35)>0,ISNUMBER(L35)),L35/J35,"") -> 1.753012 | Q35: =IF(AND(Y35=1,K35="Oui",ISNUMBER(E35),ISNUMBER(Z34),N(J35)>0),IF(E35>Z34,(N(AA34)+N(J35))/(E35-Z34)*100,""),"") -> 6.9859719 | R35: Carte carburant | S35: Non | T35: =IF(C35="","",IF(D35="","Non affecté",IFERROR(INDEX(CondService,MATCH(D35,CondNoms,0))&"","Non affecté"))) -> Service commercial | U35: CC-0027 | V35: =IF(C35="","",IF(OR(F35="",L35=""),"Incomplet",IF(X35="Catégorie inconnue","Catégorie inconnue",IF(AND(Y35=1,OR(E35="",J35="",K35="")),"Plein incomplet",IF(AND(ISNUMBER(E35),E35<N(KmOuverture)),"Compteur < ouverture",IF(AND(Y35=1,N(Capacite)>0,N(J35)>Capacite*1.02),"Quantité > réservoir",IF(ISNUMBER(Q35),IF(AND(ConsoRef>0,ABS(Q35/MAX(ConsoRef,0.0001)-1)>SeuilConso),"Conso. atypique","Conforme"),IF(AND(G35<>"",E35="",X35="Entretien et réparations"),"Compteur manquant","Conforme")))))))) -> Conforme | X35: =IF(F35="","",IFERROR(INDEX(CatGroupe,MATCH(F35,CatNoms,0))&"","Catégorie inconnue")) -> Énergie | Y35: =IF(X35="Énergie",1,0) -> 1 | Z35: =IF(AND(Y35=1,K35="Oui",ISNUMBER(E35)),E35,Z34) -> 43619 | AA35: =IF(Y35=1,IF(K35="Oui",0,N(AA34)+N(J35)),N(AA34)) -> 0 | AB35: =IF(ISNUMBER(M35),M35,IFERROR(INDEX(CatTVA,MATCH(F35,CatNoms,0))*1,0.2)) -> 0.2 | AC35: =IF(Q35="","",E35-Z34) -> 499 | AD35: =IF(Q35="","",N(AA34)+N(J35)) -> 34.86 | AE35: =IF(AND($D35=RelConducteur,$S35="Oui",ISNUMBER($C35),$C35>=RelDebut,$C35<=RelFin),COUNTIFS($D$9:$D35,RelConducteur,$S$9:$S35,"Oui",$C$9:$C35,">="&RelDebut,$C$9:$C35,"<="&RelFin),"")
B36: =IF(C36="","",COUNT($C$9:C36)) -> 28 | C36: 46472 | D36: Sophie Lemaire | E36: 44056 | F36: Péage | H36: Autoroute | I36: Aller-retour Grenoble | L36: 19.8 | N36: =IF(L36="","",L36/(1+AB36)) -> 16.5 | O36: =IF(L36="","",L36-N36) -> 3.3 | P36: =IF(AND(Y36=1,N(J36)>0,ISNUMBER(L36)),L36/J36,"") | Q36: =IF(AND(Y36=1,K36="Oui",ISNUMBER(E36),ISNUMBER(Z35),N(J36)>0),IF(E36>Z35,(N(AA35)+N(J36))/(E36-Z35)*100,""),"") | R36: Carte bancaire personnelle | S36: Oui | T36: =IF(C36="","",IF(D36="","Non affecté",IFERROR(INDEX(CondService,MATCH(D36,CondNoms,0))&"","Non affecté"))) -> Service commercial | U36: PJ-0028 | V36: =IF(C36="","",IF(OR(F36="",L36=""),"Incomplet",IF(X36="Catégorie inconnue","Catégorie inconnue",IF(AND(Y36=1,OR(E36="",J36="",K36="")),"Plein incomplet",IF(AND(ISNUMBER(E36),E36<N(KmOuverture)),"Compteur < ouverture",IF(AND(Y36=1,N(Capacite)>0,N(J36)>Capacite*1.02),"Quantité > réservoir",IF(ISNUMBER(Q36),IF(AND(ConsoRef>0,ABS(Q36/MAX(ConsoRef,0.0001)-1)>SeuilConso),"Conso. atypique","Conforme"),IF(AND(G36<>"",E36="",X36="Entretien et réparations"),"Compteur manquant","Conforme")))))))) -> Conforme | X36: =IF(F36="","",IFERROR(INDEX(CatGroupe,MATCH(F36,CatNoms,0))&"","Catégorie inconnue")) -> Frais fixes et divers | Y36: =IF(X36="Énergie",1,0) -> 0 | Z36: =IF(AND(Y36=1,K36="Oui",ISNUMBER(E36)),E36,Z35) -> 43619 | AA36: =IF(Y36=1,IF(K36="Oui",0,N(AA35)+N(J36)),N(AA35)) -> 0 | AB36: =IF(ISNUMBER(M36),M36,IFERROR(INDEX(CatTVA,MATCH(F36,CatNoms,0))*1,0.2)) -> 0.2 | AC36: =IF(Q36="","",E36-Z35) | AD36: =IF(Q36="","",N(AA35)+N(J36)) | AE36: =IF(AND($D36=RelConducteur,$S36="Oui",ISNUMBER($C36),$C36>=RelDebut,$C36<=RelFin),COUNTIFS($D$9:$D36,RelConducteur,$S$9:$S36,"Oui",$C$9:$C36,">="&RelDebut,$C$9:$C36,"<="&RelFin),"") -> 2
B37: =IF(C37="","",COUNT($C$9:C37)) -> 29 | C37: 46472 | D37: Sophie Lemaire | E37: 44056 | F37: Stationnement | H37: Parking – Grenoble | I37: Stationnement rendez-vous client | L37: 6.4 | N37: =IF(L37="","",L37/(1+AB37)) -> 5.3333333 | O37: =IF(L37="","",L37-N37) -> 1.0666667 | P37: =IF(AND(Y37=1,N(J37)>0,ISNUMBER(L37)),L37/J37,"") | Q37: =IF(AND(Y37=1,K37="Oui",ISNUMBER(E37),ISNUMBER(Z36),N(J37)>0),IF(E37>Z36,(N(AA36)+N(J37))/(E37-Z36)*100,""),"") | R37: Carte bancaire personnelle | S37: Oui | T37: =IF(C37="","",IF(D37="","Non affecté",IFERROR(INDEX(CondService,MATCH(D37,CondNoms,0))&"","Non affecté"))) -> Service commercial | U37: PJ-0029 | V37: =IF(C37="","",IF(OR(F37="",L37=""),"Incomplet",IF(X37="Catégorie inconnue","Catégorie inconnue",IF(AND(Y37=1,OR(E37="",J37="",K37="")),"Plein incomplet",IF(AND(ISNUMBER(E37),E37<N(KmOuverture)),"Compteur < ouverture",IF(AND(Y37=1,N(Capacite)>0,N(J37)>Capacite*1.02),"Quantité > réservoir",IF(ISNUMBER(Q37),IF(AND(ConsoRef>0,ABS(Q37/MAX(ConsoRef,0.0001)-1)>SeuilConso),"Conso. atypique","Conforme"),IF(AND(G37<>"",E37="",X37="Entretien et réparations"),"Compteur manquant","Conforme")))))))) -> Conforme | X37: =IF(F37="","",IFERROR(INDEX(CatGroupe,MATCH(F37,CatNoms,0))&"","Catégorie inconnue")) -> Frais fixes et divers | Y37: =IF(X37="Énergie",1,0) -> 0 | Z37: =IF(AND(Y37=1,K37="Oui",ISNUMBER(E37)),E37,Z36) -> 43619 | AA37: =IF(Y37=1,IF(K37="Oui",0,N(AA36)+N(J37)),N(AA36)) -> 0 | AB37: =IF(ISNUMBER(M37),M37,IFERROR(INDEX(CatTVA,MATCH(F37,CatNoms,0))*1,0.2)) -> 0.2 | AC37: =IF(Q37="","",E37-Z36) | AD37: =IF(Q37="","",N(AA36)+N(J37)) | AE37: =IF(AND($D37=RelConducteur,$S37="Oui",ISNUMBER($C37),$C37>=RelDebut,$C37<=RelFin),COUNTIFS($D$9:$D37,RelConducteur,$S$9:$S37,"Oui",$C$9:$C37,">="&RelDebut,$C$9:$C37,"<="&RelFin),"") -> 3
B38: =IF(C38="","",COUNT($C$9:C38)) -> 30 | C38: 46476 | D38: Karim Benali | E38: 44128 | F38: Carburant | H38: Station – Avenue Jean-Mermoz | I38: Gazole | J38: 35.42 | K38: Oui | L38: 61.28 | N38: =IF(L38="","",L38/(1+AB38)) -> 51.066667 | O38: =IF(L38="","",L38-N38) -> 10.213333 | P38: =IF(AND(Y38=1,N(J38)>0,ISNUMBER(L38)),L38/J38,"") -> 1.730096 | Q38: =IF(AND(Y38=1,K38="Oui",ISNUMBER(E38),ISNUMBER(Z37),N(J38)>0),IF(E38>Z37,(N(AA37)+N(J38))/(E38-Z37)*100,""),"") -> 6.9587426 | R38: Carte carburant | S38: Non | T38: =IF(C38="","",IF(D38="","Non affecté",IFERROR(INDEX(CondService,MATCH(D38,CondNoms,0))&"","Non affecté"))) -> Service technique | U38: CC-0030 | V38: =IF(C38="","",IF(OR(F38="",L38=""),"Incomplet",IF(X38="Catégorie inconnue","Catégorie inconnue",IF(AND(Y38=1,OR(E38="",J38="",K38="")),"Plein incomplet",IF(AND(ISNUMBER(E38),E38<N(KmOuverture)),"Compteur < ouverture",IF(AND(Y38=1,N(Capacite)>0,N(J38)>Capacite*1.02),"Quantité > réservoir",IF(ISNUMBER(Q38),IF(AND(ConsoRef>0,ABS(Q38/MAX(ConsoRef,0.0001)-1)>SeuilConso),"Conso. atypique","Conforme"),IF(AND(G38<>"",E38="",X38="Entretien et réparations"),"Compteur manquant","Conforme")))))))) -> Conforme | X38: =IF(F38="","",IFERROR(INDEX(CatGroupe,MATCH(F38,CatNoms,0))&"","Catégorie inconnue")) -> Énergie | Y38: =IF(X38="Énergie",1,0) -> 1 | Z38: =IF(AND(Y38=1,K38="Oui",ISNUMBER(E38)),E38,Z37) -> 44128 | AA38: =IF(Y38=1,IF(K38="Oui",0,N(AA37)+N(J38)),N(AA37)) -> 0 | AB38: =IF(ISNUMBER(M38),M38,IFERROR(INDEX(CatTVA,MATCH(F38,CatNoms,0))*1,0.2)) -> 0.2 | AC38: =IF(Q38="","",E38-Z37) -> 509 | AD38: =IF(Q38="","",N(AA37)+N(J38)) -> 35.42 | AE38: =IF(AND($D38=RelConducteur,$S38="Oui",ISNUMBER($C38),$C38>=RelDebut,$C38<=RelFin),COUNTIFS($D$9:$D38,RelConducteur,$S$9:$S38,"Oui",$C$9:$C38,">="&RelDebut,$C$9:$C38,"<="&RelFin),"")
B39: =IF(C39="","",COUNT($C$9:C39)) -> 31 | C39: 46476 | D39: Sophie Lemaire | E39: 44401 | F39: Péage | H39: Autoroute | I39: Aller-retour Annecy | L39: 27.4 | N39: =IF(L39="","",L39/(1+AB39)) -> 22.833333 | O39: =IF(L39="","",L39-N39) -> 4.5666667 | P39: =IF(AND(Y39=1,N(J39)>0,ISNUMBER(L39)),L39/J39,"") | Q39: =IF(AND(Y39=1,K39="Oui",ISNUMBER(E39),ISNUMBER(Z38),N(J39)>0),IF(E39>Z38,(N(AA38)+N(J39))/(E39-Z38)*100,""),"") | R39: Carte bancaire personnelle | S39: Oui | T39: =IF(C39="","",IF(D39="","Non affecté",IFERROR(INDEX(CondService,MATCH(D39,CondNoms,0))&"","Non affecté"))) -> Service commercial | U39: PJ-0031 | V39: =IF(C39="","",IF(OR(F39="",L39=""),"Incomplet",IF(X39="Catégorie inconnue","Catégorie inconnue",IF(AND(Y39=1,OR(E39="",J39="",K39="")),"Plein incomplet",IF(AND(ISNUMBER(E39),E39<N(KmOuverture)),"Compteur < ouverture",IF(AND(Y39=1,N(Capacite)>0,N(J39)>Capacite*1.02),"Quantité > réservoir",IF(ISNUMBER(Q39),IF(AND(ConsoRef>0,ABS(Q39/MAX(ConsoRef,0.0001)-1)>SeuilConso),"Conso. atypique","Conforme"),IF(AND(G39<>"",E39="",X39="Entretien et réparations"),"Compteur manquant","Conforme")))))))) -> Conforme | X39: =IF(F39="","",IFERROR(INDEX(CatGroupe,MATCH(F39,CatNoms,0))&"","Catégorie inconnue")) -> Frais fixes et divers | Y39: =IF(X39="Énergie",1,0) -> 0 | Z39: =IF(AND(Y39=1,K39="Oui",ISNUMBER(E39)),E39,Z38) -> 44128 | AA39: =IF(Y39=1,IF(K39="Oui",0,N(AA38)+N(J39)),N(AA38)) -> 0 | AB39: =IF(ISNUMBER(M39),M39,IFERROR(INDEX(CatTVA,MATCH(F39,CatNoms,0))*1,0.2)) -> 0.2 | AC39: =IF(Q39="","",E39-Z38) | AD39: =IF(Q39="","",N(AA38)+N(J39)) | AE39: =IF(AND($D39=RelConducteur,$S39="Oui",ISNUMBER($C39),$C39>=RelDebut,$C39<=RelFin),COUNTIFS($D$9:$D39,RelConducteur,$S$9:$S39,"Oui",$C$9:$C39,">="&RelDebut,$C$9:$C39,"<="&RelFin),"") -> 4
B40: =IF(C40="","",COUNT($C$9:C40)) -> 32 | C40: 46476 | D40: Sophie Lemaire | E40: 44401 | F40: Stationnement | H40: Parking – Annecy | I40: Stationnement rendez-vous client | L40: 8.2 | N40: =IF(L40="","",L40/(1+AB40)) -> 6.8333333 | O40: =IF(L40="","",L40-N40) -> 1.3666667 | P40: =IF(AND(Y40=1,N(J40)>0,ISNUMBER(L40)),L40/J40,"") | Q40: =IF(AND(Y40=1,K40="Oui",ISNUMBER(E40),ISNUMBER(Z39),N(J40)>0),IF(E40>Z39,(N(AA39)+N(J40))/(E40-Z39)*100,""),"") | R40: Carte bancaire personnelle | S40: Oui | T40: =IF(C40="","",IF(D40="","Non affecté",IFERROR(INDEX(CondService,MATCH(D40,CondNoms,0))&"","Non affecté"))) -> Service commercial | U40: PJ-0032 | V40: =IF(C40="","",IF(OR(F40="",L40=""),"Incomplet",IF(X40="Catégorie inconnue","Catégorie inconnue",IF(AND(Y40=1,OR(E40="",J40="",K40="")),"Plein incomplet",IF(AND(ISNUMBER(E40),E40<N(KmOuverture)),"Compteur < ouverture",IF(AND(Y40=1,N(Capacite)>0,N(J40)>Capacite*1.02),"Quantité > réservoir",IF(ISNUMBER(Q40),IF(AND(ConsoRef>0,ABS(Q40/MAX(ConsoRef,0.0001)-1)>SeuilConso),"Conso. atypique","Conforme"),IF(AND(G40<>"",E40="",X40="Entretien et réparations"),"Compteur manquant","Conforme")))))))) -> Conforme | X40: =IF(F40="","",IFERROR(INDEX(CatGroupe,MATCH(F40,CatNoms,0))&"","Catégorie inconnue")) -> Frais fixes et divers | Y40: =IF(X40="Énergie",1,0) -> 0 | Z40: =IF(AND(Y40=1,K40="Oui",ISNUMBER(E40)),E40,Z39) -> 44128 | AA40: =IF(Y40=1,IF(K40="Oui",0,N(AA39)+N(J40)),N(AA39)) -> 0 | AB40: =IF(ISNUMBER(M40),M40,IFERROR(INDEX(CatTVA,MATCH(F40,CatNoms,0))*1,0.2)) -> 0.2 | AC40: =IF(Q40="","",E40-Z39) | AD40: =IF(Q40="","",N(AA39)+N(J40)) | AE40: =IF(AND($D40=RelConducteur,$S40="Oui",ISNUMBER($C40),$C40>=RelDebut,$C40<=RelFin),COUNTIFS($D$9:$D40,RelConducteur,$S$9:$S40,"Oui",$C$9:$C40,">="&RelDebut,$C$9:$C40,"<="&RelFin),"") -> 5
B41: =IF(C41="","",COUNT($C$9:C41)) -> 33 | C41: 46478 | D41: Sophie Lemaire | E41: 44598 | F41: Stationnement | H41: Parking – Lyon 7e | I41: Stationnement rendez-vous client | L41: 9 | N41: =IF(L41="","",L41/(1+AB41)) -> 7.5 | O41: =IF(L41="","",L41-N41) -> 1.5 | P41: =IF(AND(Y41=1,N(J41)>0,ISNUMBER(L41)),L41/J41,"") | Q41: =IF(AND(Y41=1,K41="Oui",ISNUMBER(E41),ISNUMBER(Z40),N(J41)>0),IF(E41>Z40,(N(AA40)+N(J41))/(E41-Z40)*100,""),"") | R41: Carte bancaire personnelle | S41: Oui | T41: =IF(C41="","",IF(D41="","Non affecté",IFERROR(INDEX(CondService,MATCH(D41,CondNoms,0))&"","Non affecté"))) -> Service commercial | U41: PJ-0033 | V41: =IF(C41="","",IF(OR(F41="",L41=""),"Incomplet",IF(X41="Catégorie inconnue","Catégorie inconnue",IF(AND(Y41=1,OR(E41="",J41="",K41="")),"Plein incomplet",IF(AND(ISNUMBER(E41),E41<N(KmOuverture)),"Compteur < ouverture",IF(AND(Y41=1,N(Capacite)>0,N(J41)>Capacite*1.02),"Quantité > réservoir",IF(ISNUMBER(Q41),IF(AND(ConsoRef>0,ABS(Q41/MAX(ConsoRef,0.0001)-1)>SeuilConso),"Conso. atypique","Conforme"),IF(AND(G41<>"",E41="",X41="Entretien et réparations"),"Compteur manquant","Conforme")))))))) -> Conforme | X41: =IF(F41="","",IFERROR(INDEX(CatGroupe,MATCH(F41,CatNoms,0))&"","Catégorie inconnue")) -> Frais fixes et divers | Y41: =IF(X41="Énergie",1,0) -> 0 | Z41: =IF(AND(Y41=1,K41="Oui",ISNUMBER(E41)),E41,Z40) -> 44128 | AA41: =IF(Y41=1,IF(K41="Oui",0,N(AA40)+N(J41)),N(AA40)) -> 0 | AB41: =IF(ISNUMBER(M41),M41,IFERROR(INDEX(CatTVA,MATCH(F41,CatNoms,0))*1,0.2)) -> 0.2 | AC41: =IF(Q41="","",E41-Z40) | AD41: =IF(Q41="","",N(AA40)+N(J41)) | AE41: =IF(AND($D41=RelConducteur,$S41="Oui",ISNUMBER($C41),$C41>=RelDebut,$C41<=RelFin),COUNTIFS($D$9:$D41,RelConducteur,$S$9:$S41,"Oui",$C$9:$C41,">="&RelDebut,$C$9:$C41,"<="&RelFin),"")
B42: =IF(C42="","",COUNT($C$9:C42)) -> 34 | C42: 46479 | D42: Thomas Girard | E42: 44598 | F42: Lavage | H42: Station de lavage – ZA des Tanneurs | I42: Lavage extérieur et aspiration | L42: 14 | N42: =IF(L42="","",L42/(1+AB42)) -> 11.666667 | O42: =IF(L42="","",L42-N42) -> 2.3333333 | P42: =IF(AND(Y42=1,N(J42)>0,ISNUMBER(L42)),L42/J42,"") | Q42: =IF(AND(Y42=1,K42="Oui",ISNUMBER(E42),ISNUMBER(Z41),N(J42)>0),IF(E42>Z41,(N(AA41)+N(J42))/(E42-Z41)*100,""),"") | R42: Carte carburant | S42: Non | T42: =IF(C42="","",IF(D42="","Non affecté",IFERROR(INDEX(CondService,MATCH(D42,CondNoms,0))&"","Non affecté"))) -> Service technique | U42: PJ-0034 | V42: =IF(C42="","",IF(OR(F42="",L42=""),"Incomplet",IF(X42="Catégorie inconnue","Catégorie inconnue",IF(AND(Y42=1,OR(E42="",J42="",K42="")),"Plein incomplet",IF(AND(ISNUMBER(E42),E42<N(KmOuverture)),"Compteur < ouverture",IF(AND(Y42=1,N(Capacite)>0,N(J42)>Capacite*1.02),"Quantité > réservoir",IF(ISNUMBER(Q42),IF(AND(ConsoRef>0,ABS(Q42/MAX(ConsoRef,0.0001)-1)>SeuilConso),"Conso. atypique","Conforme"),IF(AND(G42<>"",E42="",X42="Entretien et réparations"),"Compteur manquant","Conforme")))))))) -> Conforme | X42: =IF(F42="","",IFERROR(INDEX(CatGroupe,MATCH(F42,CatNoms,0))&"","Catégorie inconnue")) -> Frais fixes et divers | Y42: =IF(X42="Énergie",1,0) -> 0 | Z42: =IF(AND(Y42=1,K42="Oui",ISNUMBER(E42)),E42,Z41) -> 44128 | AA42: =IF(Y42=1,IF(K42="Oui",0,N(AA41)+N(J42)),N(AA41)) -> 0 | AB42: =IF(ISNUMBER(M42),M42,IFERROR(INDEX(CatTVA,MATCH(F42,CatNoms,0))*1,0.2)) -> 0.2 | AC42: =IF(Q42="","",E42-Z41) | AD42: =IF(Q42="","",N(AA41)+N(J42)) | AE42: =IF(AND($D42=RelConducteur,$S42="Oui",ISNUMBER($C42),$C42>=RelDebut,$C42<=RelFin),COUNTIFS($D$9:$D42,RelConducteur,$S$9:$S42,"Oui",$C$9:$C42,">="&RelDebut,$C$9:$C42,"<="&RelFin),"")
B43: =IF(C43="","",COUNT($C$9:C43)) -> 35 | C43: 46482 | D43: Karim Benali | E43: 44670 | F43: Carburant | H43: Station – Avenue Jean-Mermoz | I43: Gazole | J43: 38.03 | K43: Oui | L43: 67.81 | N43: =IF(L43="","",L43/(1+AB43)) -> 56.508333 | O43: =IF(L43="","",L43-N43) -> 11.301667 | P43: =IF(AND(Y43=1,N(J43)>0,ISNUMBER(L43)),L43/J43,"") -> 1.783066 | Q43: =IF(AND(Y43=1,K43="Oui",ISNUMBER(E43),ISNUMBER(Z42),N(J43)>0),IF(E43>Z42,(N(AA42)+N(J43))/(E43-Z42)*100,""),"") -> 7.0166052 | R43: Carte carburant | S43: Non | T43: =IF(C43="","",IF(D43="","Non affecté",IFERROR(INDEX(CondService,MATCH(D43,CondNoms,0))&"","Non affecté"))) -> Service technique | U43: CC-0035 | V43: =IF(C43="","",IF(OR(F43="",L43=""),"Incomplet",IF(X43="Catégorie inconnue","Catégorie inconnue",IF(AND(Y43=1,OR(E43="",J43="",K43="")),"Plein incomplet",IF(AND(ISNUMBER(E43),E43<N(KmOuverture)),"Compteur < ouverture",IF(AND(Y43=1,N(Capacite)>0,N(J43)>Capacite*1.02),"Quantité > réservoir",IF(ISNUMBER(Q43),IF(AND(ConsoRef>0,ABS(Q43/MAX(ConsoRef,0.0001)-1)>SeuilConso),"Conso. atypique","Conforme"),IF(AND(G43<>"",E43="",X43="Entretien et réparations"),"Compteur manquant","Conforme")))))))) -> Conforme | X43: =IF(F43="","",IFERROR(INDEX(CatGroupe,MATCH(F43,CatNoms,0))&"","Catégorie inconnue")) -> Énergie | Y43: =IF(X43="Énergie",1,0) -> 1 | Z43: =IF(AND(Y43=1,K43="Oui",ISNUMBER(E43)),E43,Z42) -> 44670 | AA43: =IF(Y43=1,IF(K43="Oui",0,N(AA42)+N(J43)),N(AA42)) -> 0 | AB43: =IF(ISNUMBER(M43),M43,IFERROR(INDEX(CatTVA,MATCH(F43,CatNoms,0))*1,0.2)) -> 0.2 | AC43: =IF(Q43="","",E43-Z42) -> 542 | AD43: =IF(Q43="","",N(AA42)+N(J43)) -> 38.03 | AE43: =IF(AND($D43=RelConducteur,$S43="Oui",ISNUMBER($C43),$C43>=RelDebut,$C43<=RelFin),COUNTIFS($D$9:$D43,RelConducteur,$S$9:$S43,"Oui",$C$9:$C43,">="&RelDebut,$C$9:$C43,"<="&RelFin),"")
B44: =IF(C44="","",COUNT($C$9:C44)) -> 36 | C44: 46482 | D44: Karim Benali | E44: 44670 | F44: Péage | H44: Autoroute | I44: Aller-retour Villefranche-sur-Saône | L44: 5.2 | N44: =IF(L44="","",L44/(1+AB44)) -> 4.3333333 | O44: =IF(L44="","",L44-N44) -> 0.86666667 | P44: =IF(AND(Y44=1,N(J44)>0,ISNUMBER(L44)),L44/J44,"") | Q44: =IF(AND(Y44=1,K44="Oui",ISNUMBER(E44),ISNUMBER(Z43),N(J44)>0),IF(E44>Z43,(N(AA43)+N(J44))/(E44-Z43)*100,""),"") | R44: Carte carburant | S44: Non | T44: =IF(C44="","",IF(D44="","Non affecté",IFERROR(INDEX(CondService,MATCH(D44,CondNoms,0))&"","Non affecté"))) -> Service technique | U44: PJ-0036 | V44: =IF(C44="","",IF(OR(F44="",L44=""),"Incomplet",IF(X44="Catégorie inconnue","Catégorie inconnue",IF(AND(Y44=1,OR(E44="",J44="",K44="")),"Plein incomplet",IF(AND(ISNUMBER(E44),E44<N(KmOuverture)),"Compteur < ouverture",IF(AND(Y44=1,N(Capacite)>0,N(J44)>Capacite*1.02),"Quantité > réservoir",IF(ISNUMBER(Q44),IF(AND(ConsoRef>0,ABS(Q44/MAX(ConsoRef,0.0001)-1)>SeuilConso),"Conso. atypique","Conforme"),IF(AND(G44<>"",E44="",X44="Entretien et réparations"),"Compteur manquant","Conforme")))))))) -> Conforme | X44: =IF(F44="","",IFERROR(INDEX(CatGroupe,MATCH(F44,CatNoms,0))&"","Catégorie inconnue")) -> Frais fixes et divers | Y44: =IF(X44="Énergie",1,0) -> 0 | Z44: =IF(AND(Y44=1,K44="Oui",ISNUMBER(E44)),E44,Z43) -> 44670 | AA44: =IF(Y44=1,IF(K44="Oui",0,N(AA43)+N(J44)),N(AA43)) -> 0 | AB44: =IF(ISNUMBER(M44),M44,IFERROR(INDEX(CatTVA,MATCH(F44,CatNoms,0))*1,0.2)) -> 0.2 | AC44: =IF(Q44="","",E44-Z43) | AD44: =IF(Q44="","",N(AA43)+N(J44)) | AE44: =IF(AND($D44=RelConducteur,$S44="Oui",ISNUMBER($C44),$C44>=RelDebut,$C44<=RelFin),COUNTIFS($D$9:$D44,RelConducteur,$S$9:$S44,"Oui",$C$9:$C44,">="&RelDebut,$C$9:$C44,"<="&RelFin),"")
B45: =IF(C45="","",COUNT($C$9:C45)) -> 37 | C45: 46483 | D45: Sophie Lemaire | E45: 44983 | F45: Péage | H45: Autoroute | I45: Aller-retour Grenoble | L45: 19.8 | N45: =IF(L45="","",L45/(1+AB45)) -> 16.5 | O45: =IF(L45="","",L45-N45) -> 3.3 | P45: =IF(AND(Y45=1,N(J45)>0,ISNUMBER(L45)),L45/J45,"") | Q45: =IF(AND(Y45=1,K45="Oui",ISNUMBER(E45),ISNUMBER(Z44),N(J45)>0),IF(E45>Z44,(N(AA44)+N(J45))/(E45-Z44)*100,""),"") | R45: Carte bancaire personnelle | S45: Oui | T45: =IF(C45="","",IF(D45="","Non affecté",IFERROR(INDEX(CondService,MATCH(D45,CondNoms,0))&"","Non affecté"))) -> Service commercial | U45: PJ-0037 | V45: =IF(C45="","",IF(OR(F45="",L45=""),"Incomplet",IF(X45="Catégorie inconnue","Catégorie inconnue",IF(AND(Y45=1,OR(E45="",J45="",K45="")),"Plein incomplet",IF(AND(ISNUMBER(E45),E45<N(KmOuverture)),"Compteur < ouverture",IF(AND(Y45=1,N(Capacite)>0,N(J45)>Capacite*1.02),"Quantité > réservoir",IF(ISNUMBER(Q45),IF(AND(ConsoRef>0,ABS(Q45/MAX(ConsoRef,0.0001)-1)>SeuilConso),"Conso. atypique","Conforme"),IF(AND(G45<>"",E45="",X45="Entretien et réparations"),"Compteur manquant","Conforme")))))))) -> Conforme | X45: =IF(F45="","",IFERROR(INDEX(CatGroupe,MATCH(F45,CatNoms,0))&"","Catégorie inconnue")) -> Frais fixes et divers | Y45: =IF(X45="Énergie",1,0) -> 0 | Z45: =IF(AND(Y45=1,K45="Oui",ISNUMBER(E45)),E45,Z44) -> 44670 | AA45: =IF(Y45=1,IF(K45="Oui",0,N(AA44)+N(J45)),N(AA44)) -> 0 | AB45: =IF(ISNUMBER(M45),M45,IFERROR(INDEX(CatTVA,MATCH(F45,CatNoms,0))*1,0.2)) -> 0.2 | AC45: =IF(Q45="","",E45-Z44) | AD45: =IF(Q45="","",N(AA44)+N(J45)) | AE45: =IF(AND($D45=RelConducteur,$S45="Oui",ISNUMBER($C45),$C45>=RelDebut,$C45<=RelFin),COUNTIFS($D$9:$D45,RelConducteur,$S$9:$S45,"Oui",$C$9:$C45,">="&RelDebut,$C$9:$C45,"<="&RelFin),"")
B46: =IF(C46="","",COUNT($C$9:C46)) -> 38 | C46: 46483 | D46: Sophie Lemaire | E46: 44983 | F46: Stationnement | H46: Parking – Grenoble | I46: Stationnement rendez-vous client | L46: 6.4 | N46: =IF(L46="","",L46/(1+AB46)) -> 5.3333333 | O46: =IF(L46="","",L46-N46) -> 1.0666667 | P46: =IF(AND(Y46=1,N(J46)>0,ISNUMBER(L46)),L46/J46,"") | Q46: =IF(AND(Y46=1,K46="Oui",ISNUMBER(E46),ISNUMBER(Z45),N(J46)>0),IF(E46>Z45,(N(AA45)+N(J46))/(E46-Z45)*100,""),"") | R46: Carte bancaire personnelle | S46: Oui | T46: =IF(C46="","",IF(D46="","Non affecté",IFERROR(INDEX(CondService,MATCH(D46,CondNoms,0))&"","Non affecté"))) -> Service commercial | U46: PJ-0038 | V46: =IF(C46="","",IF(OR(F46="",L46=""),"Incomplet",IF(X46="Catégorie inconnue","Catégorie inconnue",IF(AND(Y46=1,OR(E46="",J46="",K46="")),"Plein incomplet",IF(AND(ISNUMBER(E46),E46<N(KmOuverture)),"Compteur < ouverture",IF(AND(Y46=1,N(Capacite)>0,N(J46)>Capacite*1.02),"Quantité > réservoir",IF(ISNUMBER(Q46),IF(AND(ConsoRef>0,ABS(Q46/MAX(ConsoRef,0.0001)-1)>SeuilConso),"Conso. atypique","Conforme"),IF(AND(G46<>"",E46="",X46="Entretien et réparations"),"Compteur manquant","Conforme")))))))) -> Conforme | X46: =IF(F46="","",IFERROR(INDEX(CatGroupe,MATCH(F46,CatNoms,0))&"","Catégorie inconnue")) -> Frais fixes et divers | Y46: =IF(X46="Énergie",1,0) -> 0 | Z46: =IF(AND(Y46=1,K46="Oui",ISNUMBER(E46)),E46,Z45) -> 44670 | AA46: =IF(Y46=1,IF(K46="Oui",0,N(AA45)+N(J46)),N(AA45)) -> 0 | AB46: =IF(ISNUMBER(M46),M46,IFERROR(INDEX(CatTVA,MATCH(F46,CatNoms,0))*1,0.2)) -> 0.2 | AC46: =IF(Q46="","",E46-Z45) | AD46: =IF(Q46="","",N(AA45)+N(J46)) | AE46: =IF(AND($D46=RelConducteur,$S46="Oui",ISNUMBER($C46),$C46>=RelDebut,$C46<=RelFin),COUNTIFS($D$9:$D46,RelConducteur,$S$9:$S46,"Oui",$C$9:$C46,">="&RelDebut,$C$9:$C46,"<="&RelFin),"")
B47: =IF(C47="","",COUNT($C$9:C47)) -> 39 | C47: 46485 | D47: Sophie Lemaire | E47: 45092 | F47: Stationnement | H47: Parking – Lyon 2e | I47: Stationnement rendez-vous client | L47: 7.5 | N47: =IF(L47="","",L47/(1+AB47)) -> 6.25 | O47: =IF(L47="","",L47-N47) -> 1.25 | P47: =IF(AND(Y47=1,N(J47)>0,ISNUMBER(L47)),L47/J47,"") | Q47: =IF(AND(Y47=1,K47="Oui",ISNUMBER(E47),ISNUMBER(Z46),N(J47)>0),IF(E47>Z46,(N(AA46)+N(J47))/(E47-Z46)*100,""),"") | R47: Carte bancaire personnelle | S47: Oui | T47: =IF(C47="","",IF(D47="","Non affecté",IFERROR(INDEX(CondService,MATCH(D47,CondNoms,0))&"","Non affecté"))) -> Service commercial | U47: PJ-0039 | V47: =IF(C47="","",IF(OR(F47="",L47=""),"Incomplet",IF(X47="Catégorie inconnue","Catégorie inconnue",IF(AND(Y47=1,OR(E47="",J47="",K47="")),"Plein incomplet",IF(AND(ISNUMBER(E47),E47<N(KmOuverture)),"Compteur < ouverture",IF(AND(Y47=1,N(Capacite)>0,N(J47)>Capacite*1.02),"Quantité > réservoir",IF(ISNUMBER(Q47),IF(AND(ConsoRef>0,ABS(Q47/MAX(ConsoRef,0.0001)-1)>SeuilConso),"Conso. atypique","Conforme"),IF(AND(G47<>"",E47="",X47="Entretien et réparations"),"Compteur manquant","Conforme")))))))) -> Conforme | X47: =IF(F47="","",IFERROR(INDEX(CatGroupe,MATCH(F47,CatNoms,0))&"","Catégorie inconnue")) -> Frais fixes et divers | Y47: =IF(X47="Énergie",1,0) -> 0 | Z47: =IF(AND(Y47=1,K47="Oui",ISNUMBER(E47)),E47,Z46) -> 44670 | AA47: =IF(Y47=1,IF(K47="Oui",0,N(AA46)+N(J47)),N(AA46)) -> 0 | AB47: =IF(ISNUMBER(M47),M47,IFERROR(INDEX(CatTVA,MATCH(F47,CatNoms,0))*1,0.2)) -> 0.2 | AC47: =IF(Q47="","",E47-Z46) | AD47: =IF(Q47="","",N(AA46)+N(J47)) | AE47: =IF(AND($D47=RelConducteur,$S47="Oui",ISNUMBER($C47),$C47>=RelDebut,$C47<=RelFin),COUNTIFS($D$9:$D47,RelConducteur,$S$9:$S47,"Oui",$C$9:$C47,">="&RelDebut,$C$9:$C47,"<="&RelFin),"")
B48: =IF(C48="","",COUNT($C$9:C48)) -> 40 | C48: 46489 | D48: Sophie Lemaire | E48: 45149 | F48: Stationnement | H48: Parking – Lyon 2e | I48: Stationnement rendez-vous client | L48: 7.5 | N48: =IF(L48="","",L48/(1+AB48)) -> 6.25 | O48: =IF(L48="","",L48-N48) -> 1.25 | P48: =IF(AND(Y48=1,N(J48)>0,ISNUMBER(L48)),L48/J48,"") | Q48: =IF(AND(Y48=1,K48="Oui",ISNUMBER(E48),ISNUMBER(Z47),N(J48)>0),IF(E48>Z47,(N(AA47)+N(J48))/(E48-Z47)*100,""),"") | R48: Carte bancaire personnelle | S48: Oui | T48: =IF(C48="","",IF(D48="","Non affecté",IFERROR(INDEX(CondService,MATCH(D48,CondNoms,0))&"","Non affecté"))) -> Service commercial | U48: PJ-0040 | V48: =IF(C48="","",IF(OR(F48="",L48=""),"Incomplet",IF(X48="Catégorie inconnue","Catégorie inconnue",IF(AND(Y48=1,OR(E48="",J48="",K48="")),"Plein incomplet",IF(AND(ISNUMBER(E48),E48<N(KmOuverture)),"Compteur < ouverture",IF(AND(Y48=1,N(Capacite)>0,N(J48)>Capacite*1.02),"Quantité > réservoir",IF(ISNUMBER(Q48),IF(AND(ConsoRef>0,ABS(Q48/MAX(ConsoRef,0.0001)-1)>SeuilConso),"Conso. atypique","Conforme"),IF(AND(G48<>"",E48="",X48="Entretien et réparations"),"Compteur manquant","Conforme")))))))) -> Conforme | X48: =IF(F48="","",IFERROR(INDEX(CatGroupe,MATCH(F48,CatNoms,0))&"","Catégorie inconnue")) -> Frais fixes et divers | Y48: =IF(X48="Énergie",1,0) -> 0 | Z48: =IF(AND(Y48=1,K48="Oui",ISNUMBER(E48)),E48,Z47) -> 44670 | AA48: =IF(Y48=1,IF(K48="Oui",0,N(AA47)+N(J48)),N(AA47)) -> 0 | AB48: =IF(ISNUMBER(M48),M48,IFERROR(INDEX(CatTVA,MATCH(F48,CatNoms,0))*1,0.2)) -> 0.2 | AC48: =IF(Q48="","",E48-Z47) | AD48: =IF(Q48="","",N(AA47)+N(J48)) | AE48: =IF(AND($D48=RelConducteur,$S48="Oui",ISNUMBER($C48),$C48>=RelDebut,$C48<=RelFin),COUNTIFS($D$9:$D48,RelConducteur,$S$9:$S48,"Oui",$C$9:$C48,">="&RelDebut,$C$9:$C48,"<="&RelFin),"")
B49: =IF(C49="","",COUNT($C$9:C49)) -> 41 | C49: 46490 | D49: Karim Benali | E49: 45243 | F49: Carburant | H49: Station – Avenue Jean-Mermoz | I49: Gazole | J49: 38.17 | K49: Oui | L49: 66.57 | N49: =IF(L49="","",L49/(1+AB49)) -> 55.475 | O49: =IF(L49="","",L49-N49) -> 11.095 | P49: =IF(AND(Y49=1,N(J49)>0,ISNUMBER(L49)),L49/J49,"") -> 1.7440398 | Q49: =IF(AND(Y49=1,K49="Oui",ISNUMBER(E49),ISNUMBER(Z48),N(J49)>0),IF(E49>Z48,(N(AA48)+N(J49))/(E49-Z48)*100,""),"") -> 6.6614311 | R49: Carte carburant | S49: Non | T49: =IF(C49="","",IF(D49="","Non affecté",IFERROR(INDEX(CondService,MATCH(D49,CondNoms,0))&"","Non affecté"))) -> Service technique | U49: CC-0041 | V49: =IF(C49="","",IF(OR(F49="",L49=""),"Incomplet",IF(X49="Catégorie inconnue","Catégorie inconnue",IF(AND(Y49=1,OR(E49="",J49="",K49="")),"Plein incomplet",IF(AND(ISNUMBER(E49),E49<N(KmOuverture)),"Compteur < ouverture",IF(AND(Y49=1,N(Capacite)>0,N(J49)>Capacite*1.02),"Quantité > réservoir",IF(ISNUMBER(Q49),IF(AND(ConsoRef>0,ABS(Q49/MAX(ConsoRef,0.0001)-1)>SeuilConso),"Conso. atypique","Conforme"),IF(AND(G49<>"",E49="",X49="Entretien et réparations"),"Compteur manquant","Conforme")))))))) -> Conforme | X49: =IF(F49="","",IFERROR(INDEX(CatGroupe,MATCH(F49,CatNoms,0))&"","Catégorie inconnue")) -> Énergie | Y49: =IF(X49="Énergie",1,0) -> 1 | Z49: =IF(AND(Y49=1,K49="Oui",ISNUMBER(E49)),E49,Z48) -> 45243 | AA49: =IF(Y49=1,IF(K49="Oui",0,N(AA48)+N(J49)),N(AA48)) -> 0 | AB49: =IF(ISNUMBER(M49),M49,IFERROR(INDEX(CatTVA,MATCH(F49,CatNoms,0))*1,0.2)) -> 0.2 | AC49: =IF(Q49="","",E49-Z48) -> 573 | AD49: =IF(Q49="","",N(AA48)+N(J49)) -> 38.17 | AE49: =IF(AND($D49=RelConducteur,$S49="Oui",ISNUMBER($C49),$C49>=RelDebut,$C49<=RelFin),COUNTIFS($D$9:$D49,RelConducteur,$S$9:$S49,"Oui",$C$9:$C49,">="&RelDebut,$C$9:$C49,"<="&RelFin),"")
B50: =IF(C50="","",COUNT($C$9:C50)) -> 42 | C50: 46500 | D50: Karim Benali | E50: 45621 | F50: Péage | H50: Autoroute | I50: Aller-retour Bourgoin-Jallieu | L50: 7.8 | N50: =IF(L50="","",L50/(1+AB50)) -> 6.5 | O50: =IF(L50="","",L50-N50) -> 1.3 | P50: =IF(AND(Y50=1,N(J50)>0,ISNUMBER(L50)),L50/J50,"") | Q50: =IF(AND(Y50=1,K50="Oui",ISNUMBER(E50),ISNUMBER(Z49),N(J50)>0),IF(E50>Z49,(N(AA49)+N(J50))/(E50-Z49)*100,""),"") | R50: Carte carburant | S50: Non | T50: =IF(C50="","",IF(D50="","Non affecté",IFERROR(INDEX(CondService,MATCH(D50,CondNoms,0))&"","Non affecté"))) -> Service technique | U50: PJ-0042 | V50: =IF(C50="","",IF(OR(F50="",L50=""),"Incomplet",IF(X50="Catégorie inconnue","Catégorie inconnue",IF(AND(Y50=1,OR(E50="",J50="",K50="")),"Plein incomplet",IF(AND(ISNUMBER(E50),E50<N(KmOuverture)),"Compteur < ouverture",IF(AND(Y50=1,N(Capacite)>0,N(J50)>Capacite*1.02),"Quantité > réservoir",IF(ISNUMBER(Q50),IF(AND(ConsoRef>0,ABS(Q50/MAX(ConsoRef,0.0001)-1)>SeuilConso),"Conso. atypique","Conforme"),IF(AND(G50<>"",E50="",X50="Entretien et réparations"),"Compteur manquant","Conforme")))))))) -> Conforme | X50: =IF(F50="","",IFERROR(INDEX(CatGroupe,MATCH(F50,CatNoms,0))&"","Catégorie inconnue")) -> Frais fixes et divers | Y50: =IF(X50="Énergie",1,0) -> 0 | Z50: =IF(AND(Y50=1,K50="Oui",ISNUMBER(E50)),E50,Z49) -> 45243 | AA50: =IF(Y50=1,IF(K50="Oui",0,N(AA49)+N(J50)),N(AA49)) -> 0 | AB50: =IF(ISNUMBER(M50),M50,IFERROR(INDEX(CatTVA,MATCH(F50,CatNoms,0))*1,0.2)) -> 0.2 | AC50: =IF(Q50="","",E50-Z49) | AD50: =IF(Q50="","",N(AA49)+N(J50)) | AE50: =IF(AND($D50=RelConducteur,$S50="Oui",ISNUMBER($C50),$C50>=RelDebut,$C50<=RelFin),COUNTIFS($D$9:$D50,RelConducteur,$S$9:$S50,"Oui",$C$9:$C50,">="&RelDebut,$C$9:$C50,"<="&RelFin),"")
B51: =IF(C51="","",COUNT($C$9:C51)) -> 43 | C51: 46500 | D51: Sophie Lemaire | E51: 45621 | F51: Carburant | H51: Station – ZA des Tanneurs | I51: Gazole | J51: 25.73 | K51: Oui | L51: 44.8 | N51: =IF(L51="","",L51/(1+AB51)) -> 37.333333 | O51: =IF(L51="","",L51-N51) -> 7.4666667 | P51: =IF(AND(Y51=1,N(J51)>0,ISNUMBER(L51)),L51/J51,"") -> 1.7411582 | Q51: =IF(AND(Y51=1,K51="Oui",ISNUMBER(E51),ISNUMBER(Z50),N(J51)>0),IF(E51>Z50,(N(AA50)+N(J51))/(E51-Z50)*100,""),"") -> 6.8068783 | R51: Carte carburant | S51: Non | T51: =IF(C51="","",IF(D51="","Non affecté",IFERROR(INDEX(CondService,MATCH(D51,CondNoms,0))&"","Non affecté"))) -> Service commercial | U51: CC-0043 | V51: =IF(C51="","",IF(OR(F51="",L51=""),"Incomplet",IF(X51="Catégorie inconnue","Catégorie inconnue",IF(AND(Y51=1,OR(E51="",J51="",K51="")),"Plein incomplet",IF(AND(ISNUMBER(E51),E51<N(KmOuverture)),"Compteur < ouverture",IF(AND(Y51=1,N(Capacite)>0,N(J51)>Capacite*1.02),"Quantité > réservoir",IF(ISNUMBER(Q51),IF(AND(ConsoRef>0,ABS(Q51/MAX(ConsoRef,0.0001)-1)>SeuilConso),"Conso. atypique","Conforme"),IF(AND(G51<>"",E51="",X51="Entretien et réparations"),"Compteur manquant","Conforme")))))))) -> Conforme | X51: =IF(F51="","",IFERROR(INDEX(CatGroupe,MATCH(F51,CatNoms,0))&"","Catégorie inconnue")) -> Énergie | Y51: =IF(X51="Énergie",1,0) -> 1 | Z51: =IF(AND(Y51=1,K51="Oui",ISNUMBER(E51)),E51,Z50) -> 45621 | AA51: =IF(Y51=1,IF(K51="Oui",0,N(AA50)+N(J51)),N(AA50)) -> 0 | AB51: =IF(ISNUMBER(M51),M51,IFERROR(INDEX(CatTVA,MATCH(F51,CatNoms,0))*1,0.2)) -> 0.2 | AC51: =IF(Q51="","",E51-Z50) -> 378 | AD51: =IF(Q51="","",N(AA50)+N(J51)) -> 25.73 | AE51: =IF(AND($D51=RelConducteur,$S51="Oui",ISNUMBER($C51),$C51>=RelDebut,$C51<=RelFin),COUNTIFS($D$9:$D51,RelConducteur,$S$9:$S51,"Oui",$C$9:$C51,">="&RelDebut,$C$9:$C51,"<="&RelFin),"")
B52: =IF(C52="","",COUNT($C$9:C52)) -> 44 | C52: 46500 | D52: Sophie Lemaire | E52: 45894 | F52: Péage | H52: Autoroute | I52: Aller-retour Annecy | L52: 27.4 | N52: =IF(L52="","",L52/(1+AB52)) -> 22.833333 | O52: =IF(L52="","",L52-N52) -> 4.5666667 | P52: =IF(AND(Y52=1,N(J52)>0,ISNUMBER(L52)),L52/J52,"") | Q52: =IF(AND(Y52=1,K52="Oui",ISNUMBER(E52),ISNUMBER(Z51),N(J52)>0),IF(E52>Z51,(N(AA51)+N(J52))/(E52-Z51)*100,""),"") | R52: Carte bancaire personnelle | S52: Oui | T52: =IF(C52="","",IF(D52="","Non affecté",IFERROR(INDEX(CondService,MATCH(D52,CondNoms,0))&"","Non affecté"))) -> Service commercial | U52: PJ-0044 | V52: =IF(C52="","",IF(OR(F52="",L52=""),"Incomplet",IF(X52="Catégorie inconnue","Catégorie inconnue",IF(AND(Y52=1,OR(E52="",J52="",K52="")),"Plein incomplet",IF(AND(ISNUMBER(E52),E52<N(KmOuverture)),"Compteur < ouverture",IF(AND(Y52=1,N(Capacite)>0,N(J52)>Capacite*1.02),"Quantité > réservoir",IF(ISNUMBER(Q52),IF(AND(ConsoRef>0,ABS(Q52/MAX(ConsoRef,0.0001)-1)>SeuilConso),"Conso. atypique","Conforme"),IF(AND(G52<>"",E52="",X52="Entretien et réparations"),"Compteur manquant","Conforme")))))))) -> Conforme | X52: =IF(F52="","",IFERROR(INDEX(CatGroupe,MATCH(F52,CatNoms,0))&"","Catégorie inconnue")) -> Frais fixes et divers | Y52: =IF(X52="Énergie",1,0) -> 0 | Z52: =IF(AND(Y52=1,K52="Oui",ISNUMBER(E52)),E52,Z51) -> 45621 | AA52: =IF(Y52=1,IF(K52="Oui",0,N(AA51)+N(J52)),N(AA51)) -> 0 | AB52: =IF(ISNUMBER(M52),M52,IFERROR(INDEX(CatTVA,MATCH(F52,CatNoms,0))*1,0.2)) -> 0.2 | AC52: =IF(Q52="","",E52-Z51) | AD52: =IF(Q52="","",N(AA51)+N(J52)) | AE52: =IF(AND($D52=RelConducteur,$S52="Oui",ISNUMBER($C52),$C52>=RelDebut,$C52<=RelFin),COUNTIFS($D$9:$D52,RelConducteur,$S$9:$S52,"Oui",$C$9:$C52,">="&RelDebut,$C$9:$C52,"<="&RelFin),"")
B53: =IF(C53="","",COUNT($C$9:C53)) -> 45 | C53: 46504 | D53: Sophie Lemaire | E53: 45982 | F53: Carburant | H53: Station – Avenue Jean-Mermoz | I53: Gazole | J53: 24.79 | K53: Oui | L53: 43.88 | N53: =IF(L53="","",L53/(1+AB53)) -> 36.566667 | O53: =IF(L53="","",L53-N53) -> 7.3133333 | P53: =IF(AND(Y53=1,N(J53)>0,ISNUMBER(L53)),L53/J53,"") -> 1.7700686 | Q53: =IF(AND(Y53=1,K53="Oui",ISNUMBER(E53),ISNUMBER(Z52),N(J53)>0),IF(E53>Z52,(N(AA52)+N(J53))/(E53-Z52)*100,""),"") -> 6.867036 | R53: Carte carburant | S53: Non | T53: =IF(C53="","",IF(D53="","Non affecté",IFERROR(INDEX(CondService,MATCH(D53,CondNoms,0))&"","Non affecté"))) -> Service commercial | U53: CC-0045 | V53: =IF(C53="","",IF(OR(F53="",L53=""),"Incomplet",IF(X53="Catégorie inconnue","Catégorie inconnue",IF(AND(Y53=1,OR(E53="",J53="",K53="")),"Plein incomplet",IF(AND(ISNUMBER(E53),E53<N(KmOuverture)),"Compteur < ouverture",IF(AND(Y53=1,N(Capacite)>0,N(J53)>Capacite*1.02),"Quantité > réservoir",IF(ISNUMBER(Q53),IF(AND(ConsoRef>0,ABS(Q53/MAX(ConsoRef,0.0001)-1)>SeuilConso),"Conso. atypique","Conforme"),IF(AND(G53<>"",E53="",X53="Entretien et réparations"),"Compteur manquant","Conforme")))))))) -> Conforme | X53: =IF(F53="","",IFERROR(INDEX(CatGroupe,MATCH(F53,CatNoms,0))&"","Catégorie inconnue")) -> Énergie | Y53: =IF(X53="Énergie",1,0) -> 1 | Z53: =IF(AND(Y53=1,K53="Oui",ISNUMBER(E53)),E53,Z52) -> 45982 | AA53: =IF(Y53=1,IF(K53="Oui",0,N(AA52)+N(J53)),N(AA52)) -> 0 | AB53: =IF(ISNUMBER(M53),M53,IFERROR(INDEX(CatTVA,MATCH(F53,CatNoms,0))*1,0.2)) -> 0.2 | AC53: =IF(Q53="","",E53-Z52) -> 361 | AD53: =IF(Q53="","",N(AA52)+N(J53)) -> 24.79 | AE53: =IF(AND($D53=RelConducteur,$S53="Oui",ISNUMBER($C53),$C53>=RelDebut,$C53<=RelFin),COUNTIFS($D$9:$D53,RelConducteur,$S$9:$S53,"Oui",$C$9:$C53,">="&RelDebut,$C$9:$C53,"<="&RelFin),"")
B54: =IF(C54="","",COUNT($C$9:C54)) -> 46 | C54: 46504 | D54: Sophie Lemaire | E54: 46259 | F54: Péage | H54: Autoroute | I54: Aller-retour Annecy | L54: 27.4 | N54: =IF(L54="","",L54/(1+AB54)) -> 22.833333 | O54: =IF(L54="","",L54-N54) -> 4.5666667 | P54: =IF(AND(Y54=1,N(J54)>0,ISNUMBER(L54)),L54/J54,"") | Q54: =IF(AND(Y54=1,K54="Oui",ISNUMBER(E54),ISNUMBER(Z53),N(J54)>0),IF(E54>Z53,(N(AA53)+N(J54))/(E54-Z53)*100,""),"") | R54: Carte bancaire personnelle | S54: Oui | T54: =IF(C54="","",IF(D54="","Non affecté",IFERROR(INDEX(CondService,MATCH(D54,CondNoms,0))&"","Non affecté"))) -> Service commercial | U54: PJ-0046 | V54: =IF(C54="","",IF(OR(F54="",L54=""),"Incomplet",IF(X54="Catégorie inconnue","Catégorie inconnue",IF(AND(Y54=1,OR(E54="",J54="",K54="")),"Plein incomplet",IF(AND(ISNUMBER(E54),E54<N(KmOuverture)),"Compteur < ouverture",IF(AND(Y54=1,N(Capacite)>0,N(J54)>Capacite*1.02),"Quantité > réservoir",IF(ISNUMBER(Q54),IF(AND(ConsoRef>0,ABS(Q54/MAX(ConsoRef,0.0001)-1)>SeuilConso),"Conso. atypique","Conforme"),IF(AND(G54<>"",E54="",X54="Entretien et réparations"),"Compteur manquant","Conforme")))))))) -> Conforme | X54: =IF(F54="","",IFERROR(INDEX(CatGroupe,MATCH(F54,CatNoms,0))&"","Catégorie inconnue")) -> Frais fixes et divers | Y54: =IF(X54="Énergie",1,0) -> 0 | Z54: =IF(AND(Y54=1,K54="Oui",ISNUMBER(E54)),E54,Z53) -> 45982 | AA54: =IF(Y54=1,IF(K54="Oui",0,N(AA53)+N(J54)),N(AA53)) -> 0 | AB54: =IF(ISNUMBER(M54),M54,IFERROR(INDEX(CatTVA,MATCH(F54,CatNoms,0))*1,0.2)) -> 0.2 | AC54: =IF(Q54="","",E54-Z53) | AD54: =IF(Q54="","",N(AA53)+N(J54)) | AE54: =IF(AND($D54=RelConducteur,$S54="Oui",ISNUMBER($C54),$C54>=RelDebut,$C54<=RelFin),COUNTIFS($D$9:$D54,RelConducteur,$S$9:$S54,"Oui",$C$9:$C54,">="&RelDebut,$C$9:$C54,"<="&RelFin),"")
B55: =IF(C55="","",COUNT($C$9:C55)) -> 47 | C55: 46504 | D55: Sophie Lemaire | E55: 46259 | F55: Stationnement | H55: Parking – Annecy | I55: Stationnement rendez-vous client | L55: 8.2 | N55: =IF(L55="","",L55/(1+AB55)) -> 6.8333333 | O55: =IF(L55="","",L55-N55) -> 1.3666667 | P55: =IF(AND(Y55=1,N(J55)>0,ISNUMBER(L55)),L55/J55,"") | Q55: =IF(AND(Y55=1,K55="Oui",ISNUMBER(E55),ISNUMBER(Z54),N(J55)>0),IF(E55>Z54,(N(AA54)+N(J55))/(E55-Z54)*100,""),"") | R55: Carte bancaire personnelle | S55: Oui | T55: =IF(C55="","",IF(D55="","Non affecté",IFERROR(INDEX(CondService,MATCH(D55,CondNoms,0))&"","Non affecté"))) -> Service commercial | U55: PJ-0047 | V55: =IF(C55="","",IF(OR(F55="",L55=""),"Incomplet",IF(X55="Catégorie inconnue","Catégorie inconnue",IF(AND(Y55=1,OR(E55="",J55="",K55="")),"Plein incomplet",IF(AND(ISNUMBER(E55),E55<N(KmOuverture)),"Compteur < ouverture",IF(AND(Y55=1,N(Capacite)>0,N(J55)>Capacite*1.02),"Quantité > réservoir",IF(ISNUMBER(Q55),IF(AND(ConsoRef>0,ABS(Q55/MAX(ConsoRef,0.0001)-1)>SeuilConso),"Conso. atypique","Conforme"),IF(AND(G55<>"",E55="",X55="Entretien et réparations"),"Compteur manquant","Conforme")))))))) -> Conforme | X55: =IF(F55="","",IFERROR(INDEX(CatGroupe,MATCH(F55,CatNoms,0))&"","Catégorie inconnue")) -> Frais fixes et divers | Y55: =IF(X55="Énergie",1,0) -> 0 | Z55: =IF(AND(Y55=1,K55="Oui",ISNUMBER(E55)),E55,Z54) -> 45982 | AA55: =IF(Y55=1,IF(K55="Oui",0,N(AA54)+N(J55)),N(AA54)) -> 0 | AB55: =IF(ISNUMBER(M55),M55,IFERROR(INDEX(CatTVA,MATCH(F55,CatNoms,0))*1,0.2)) -> 0.2 | AC55: =IF(Q55="","",E55-Z54) | AD55: =IF(Q55="","",N(AA54)+N(J55)) | AE55: =IF(AND($D55=RelConducteur,$S55="Oui",ISNUMBER($C55),$C55>=RelDebut,$C55<=RelFin),COUNTIFS($D$9:$D55,RelConducteur,$S$9:$S55,"Oui",$C$9:$C55,">="&RelDebut,$C$9:$C55,"<="&RelFin),"")
B56: =IF(C56="","",COUNT($C$9:C56)) -> 48 | C56: 46506 | D56: Karim Benali | E56: 46475 | F56: Péage | H56: Autoroute | I56: Aller-retour Villefranche-sur-Saône | L56: 5.2 | N56: =IF(L56="","",L56/(1+AB56)) -> 4.3333333 | O56: =IF(L56="","",L56-N56) -> 0.86666667 | P56: =IF(AND(Y56=1,N(J56)>0,ISNUMBER(L56)),L56/J56,"") | Q56: =IF(AND(Y56=1,K56="Oui",ISNUMBER(E56),ISNUMBER(Z55),N(J56)>0),IF(E56>Z55,(N(AA55)+N(J56))/(E56-Z55)*100,""),"") | R56: Carte carburant | S56: Non | T56: =IF(C56="","",IF(D56="","Non affecté",IFERROR(INDEX(CondService,MATCH(D56,CondNoms,0))&"","Non affecté"))) -> Service technique | U56: PJ-0048 | V56: =IF(C56="","",IF(OR(F56="",L56=""),"Incomplet",IF(X56="Catégorie inconnue","Catégorie inconnue",IF(AND(Y56=1,OR(E56="",J56="",K56="")),"Plein incomplet",IF(AND(ISNUMBER(E56),E56<N(KmOuverture)),"Compteur < ouverture",IF(AND(Y56=1,N(Capacite)>0,N(J56)>Capacite*1.02),"Quantité > réservoir",IF(ISNUMBER(Q56),IF(AND(ConsoRef>0,ABS(Q56/MAX(ConsoRef,0.0001)-1)>SeuilConso),"Conso. atypique","Conforme"),IF(AND(G56<>"",E56="",X56="Entretien et réparations"),"Compteur manquant","Conforme")))))))) -> Conforme | X56: =IF(F56="","",IFERROR(INDEX(CatGroupe,MATCH(F56,CatNoms,0))&"","Catégorie inconnue")) -> Frais fixes et divers | Y56: =IF(X56="Énergie",1,0) -> 0 | Z56: =IF(AND(Y56=1,K56="Oui",ISNUMBER(E56)),E56,Z55) -> 45982 | AA56: =IF(Y56=1,IF(K56="Oui",0,N(AA55)+N(J56)),N(AA55)) -> 0 | AB56: =IF(ISNUMBER(M56),M56,IFERROR(INDEX(CatTVA,MATCH(F56,CatNoms,0))*1,0.2)) -> 0.2 | AC56: =IF(Q56="","",E56-Z55) | AD56: =IF(Q56="","",N(AA55)+N(J56)) | AE56: =IF(AND($D56=RelConducteur,$S56="Oui",ISNUMBER($C56),$C56>=RelDebut,$C56<=RelFin),COUNTIFS($D$9:$D56,RelConducteur,$S$9:$S56,"Oui",$C$9:$C56,">="&RelDebut,$C$9:$C56,"<="&RelFin),"")
B57: =IF(C57="","",COUNT($C$9:C57)) -> 49 | C57: 46507 | D57: Thomas Girard | E57: 46545 | F57: Carburant | H57: Hypermarché – Porte Est | I57: Gazole | J57: 38.02 | K57: Oui | L57: 67.98 | N57: =IF(L57="","",L57/(1+AB57)) -> 56.65 | O57: =IF(L57="","",L57-N57) -> 11.33 | P57: =IF(AND(Y57=1,N(J57)>0,ISNUMBER(L57)),L57/J57,"") -> 1.7880063 | Q57: =IF(AND(Y57=1,K57="Oui",ISNUMBER(E57),ISNUMBER(Z56),N(J57)>0),IF(E57>Z56,(N(AA56)+N(J57))/(E57-Z56)*100,""),"") -> 6.7531083 | R57: Carte carburant | S57: Non | T57: =IF(C57="","",IF(D57="","Non affecté",IFERROR(INDEX(CondService,MATCH(D57,CondNoms,0))&"","Non affecté"))) -> Service technique | U57: CC-0049 | V57: =IF(C57="","",IF(OR(F57="",L57=""),"Incomplet",IF(X57="Catégorie inconnue","Catégorie inconnue",IF(AND(Y57=1,OR(E57="",J57="",K57="")),"Plein incomplet",IF(AND(ISNUMBER(E57),E57<N(KmOuverture)),"Compteur < ouverture",IF(AND(Y57=1,N(Capacite)>0,N(J57)>Capacite*1.02),"Quantité > réservoir",IF(ISNUMBER(Q57),IF(AND(ConsoRef>0,ABS(Q57/MAX(ConsoRef,0.0001)-1)>SeuilConso),"Conso. atypique","Conforme"),IF(AND(G57<>"",E57="",X57="Entretien et réparations"),"Compteur manquant","Conforme")))))))) -> Conforme | X57: =IF(F57="","",IFERROR(INDEX(CatGroupe,MATCH(F57,CatNoms,0))&"","Catégorie inconnue")) -> Énergie | Y57: =IF(X57="Énergie",1,0) -> 1 | Z57: =IF(AND(Y57=1,K57="Oui",ISNUMBER(E57)),E57,Z56) -> 46545 | AA57: =IF(Y57=1,IF(K57="Oui",0,N(AA56)+N(J57)),N(AA56)) -> 0 | AB57: =IF(ISNUMBER(M57),M57,IFERROR(INDEX(CatTVA,MATCH(F57,CatNoms,0))*1,0.2)) -> 0.2 | AC57: =IF(Q57="","",E57-Z56) -> 563 | AD57: =IF(Q57="","",N(AA56)+N(J57)) -> 38.02 | AE57: =IF(AND($D57=RelConducteur,$S57="Oui",ISNUMBER($C57),$C57>=RelDebut,$C57<=RelFin),COUNTIFS($D$9:$D57,RelConducteur,$S$9:$S57,"Oui",$C$9:$C57,">="&RelDebut,$C$9:$C57,"<="&RelFin),"")
B58: =IF(C58="","",COUNT($C$9:C58)) -> 50 | C58: 46507 | D58: Thomas Girard | E58: 46545 | F58: Péage | H58: Autoroute | I58: Aller-retour Villefranche-sur-Saône | L58: 5.2 | N58: =IF(L58="","",L58/(1+AB58)) -> 4.3333333 | O58: =IF(L58="","",L58-N58) -> 0.86666667 | P58: =IF(AND(Y58=1,N(J58)>0,ISNUMBER(L58)),L58/J58,"") | Q58: =IF(AND(Y58=1,K58="Oui",ISNUMBER(E58),ISNUMBER(Z57),N(J58)>0),IF(E58>Z57,(N(AA57)+N(J58))/(E58-Z57)*100,""),"") | R58: Carte carburant | S58: Non | T58: =IF(C58="","",IF(D58="","Non affecté",IFERROR(INDEX(CondService,MATCH(D58,CondNoms,0))&"","Non affecté"))) -> Service technique | U58: PJ-0050 | V58: =IF(C58="","",IF(OR(F58="",L58=""),"Incomplet",IF(X58="Catégorie inconnue","Catégorie inconnue",IF(AND(Y58=1,OR(E58="",J58="",K58="")),"Plein incomplet",IF(AND(ISNUMBER(E58),E58<N(KmOuverture)),"Compteur < ouverture",IF(AND(Y58=1,N(Capacite)>0,N(J58)>Capacite*1.02),"Quantité > réservoir",IF(ISNUMBER(Q58),IF(AND(ConsoRef>0,ABS(Q58/MAX(ConsoRef,0.0001)-1)>SeuilConso),"Conso. atypique","Conforme"),IF(AND(G58<>"",E58="",X58="Entretien et réparations"),"Compteur manquant","Conforme")))))))) -> Conforme | X58: =IF(F58="","",IFERROR(INDEX(CatGroupe,MATCH(F58,CatNoms,0))&"","Catégorie inconnue")) -> Frais fixes et divers | Y58: =IF(X58="Énergie",1,0) -> 0 | Z58: =IF(AND(Y58=1,K58="Oui",ISNUMBER(E58)),E58,Z57) -> 46545 | AA58: =IF(Y58=1,IF(K58="Oui",0,N(AA57)+N(J58)),N(AA57)) -> 0 | AB58: =IF(ISNUMBER(M58),M58,IFERROR(INDEX(CatTVA,MATCH(F58,CatNoms,0))*1,0.2)) -> 0.2 | AC58: =IF(Q58="","",E58-Z57) | AD58: =IF(Q58="","",N(AA57)+N(J58)) | AE58: =IF(AND($D58=RelConducteur,$S58="Oui",ISNUMBER($C58),$C58>=RelDebut,$C58<=RelFin),COUNTIFS($D$9:$D58,RelConducteur,$S$9:$S58,"Oui",$C$9:$C58,">="&RelDebut,$C$9:$C58,"<="&RelFin),"")
B59: =IF(C59="","",COUNT($C$9:C59)) -> 51 | C59: 46511 | D59: Thomas Girard | E59: 46569 | F59: Entretien | G59: Révision / vidange | H59: Garage Central Automobiles | I59: Révision : vidange, filtres à huile, à air et à gazole | L59: 312.6 | N59: =IF(L59="","",L59/(1+AB59)) -> 260.5 | O59: =IF(L59="","",L59-N59) -> 52.1 | P59: =IF(AND(Y59=1,N(J59)>0,ISNUMBER(L59)),L59/J59,"") | Q59: =IF(AND(Y59=1,K59="Oui",ISNUMBER(E59),ISNUMBER(Z58),N(J59)>0),IF(E59>Z58,(N(AA58)+N(J59))/(E59-Z58)*100,""),"") | R59: Virement | S59: Non | T59: =IF(C59="","",IF(D59="","Non affecté",IFERROR(INDEX(CondService,MATCH(D59,CondNoms,0))&"","Non affecté"))) -> Service technique | U59: PJ-0051 | V59: =IF(C59="","",IF(OR(F59="",L59=""),"Incomplet",IF(X59="Catégorie inconnue","Catégorie inconnue",IF(AND(Y59=1,OR(E59="",J59="",K59="")),"Plein incomplet",IF(AND(ISNUMBER(E59),E59<N(KmOuverture)),"Compteur < ouverture",IF(AND(Y59=1,N(Capacite)>0,N(J59)>Capacite*1.02),"Quantité > réservoir",IF(ISNUMBER(Q59),IF(AND(ConsoRef>0,ABS(Q59/MAX(ConsoRef,0.0001)-1)>SeuilConso),"Conso. atypique","Conforme"),IF(AND(G59<>"",E59="",X59="Entretien et réparations"),"Compteur manquant","Conforme")))))))) -> Conforme | X59: =IF(F59="","",IFERROR(INDEX(CatGroupe,MATCH(F59,CatNoms,0))&"","Catégorie inconnue")) -> Entretien et réparations | Y59: =IF(X59="Énergie",1,0) -> 0 | Z59: =IF(AND(Y59=1,K59="Oui",ISNUMBER(E59)),E59,Z58) -> 46545 | AA59: =IF(Y59=1,IF(K59="Oui",0,N(AA58)+N(J59)),N(AA58)) -> 0 | AB59: =IF(ISNUMBER(M59),M59,IFERROR(INDEX(CatTVA,MATCH(F59,CatNoms,0))*1,0.2)) -> 0.2 | AC59: =IF(Q59="","",E59-Z58) | AD59: =IF(Q59="","",N(AA58)+N(J59)) | AE59: =IF(AND($D59=RelConducteur,$S59="Oui",ISNUMBER($C59),$C59>=RelDebut,$C59<=RelFin),COUNTIFS($D$9:$D59,RelConducteur,$S$9:$S59,"Oui",$C$9:$C59,">="&RelDebut,$C$9:$C59,"<="&RelFin),"")
B60: =IF(C60="","",COUNT($C$9:C60)) -> 52 | C60: 46514 | D60: Thomas Girard | E60: 46865 | F60: Lavage | H60: Station de lavage – ZA des Tanneurs | I60: Lavage extérieur et aspiration | L60: 14 | N60: =IF(L60="","",L60/(1+AB60)) -> 11.666667 | O60: =IF(L60="","",L60-N60) -> 2.3333333 | P60: =IF(AND(Y60=1,N(J60)>0,ISNUMBER(L60)),L60/J60,"") | Q60: =IF(AND(Y60=1,K60="Oui",ISNUMBER(E60),ISNUMBER(Z59),N(J60)>0),IF(E60>Z59,(N(AA59)+N(J60))/(E60-Z59)*100,""),"") | R60: Carte carburant | S60: Non | T60: =IF(C60="","",IF(D60="","Non affecté",IFERROR(INDEX(CondService,MATCH(D60,CondNoms,0))&"","Non affecté"))) -> Service technique | U60: PJ-0052 | V60: =IF(C60="","",IF(OR(F60="",L60=""),"Incomplet",IF(X60="Catégorie inconnue","Catégorie inconnue",IF(AND(Y60=1,OR(E60="",J60="",K60="")),"Plein incomplet",IF(AND(ISNUMBER(E60),E60<N(KmOuverture)),"Compteur < ouverture",IF(AND(Y60=1,N(Capacite)>0,N(J60)>Capacite*1.02),"Quantité > réservoir",IF(ISNUMBER(Q60),IF(AND(ConsoRef>0,ABS(Q60/MAX(ConsoRef,0.0001)-1)>SeuilConso),"Conso. atypique","Conforme"),IF(AND(G60<>"",E60="",X60="Entretien et réparations"),"Compteur manquant","Conforme")))))))) -> Conforme | X60: =IF(F60="","",IFERROR(INDEX(CatGroupe,MATCH(F60,CatNoms,0))&"","Catégorie inconnue")) -> Frais fixes et divers | Y60: =IF(X60="Énergie",1,0) -> 0 | Z60: =IF(AND(Y60=1,K60="Oui",ISNUMBER(E60)),E60,Z59) -> 46545 | AA60: =IF(Y60=1,IF(K60="Oui",0,N(AA59)+N(J60)),N(AA59)) -> 0 | AB60: =IF(ISNUMBER(M60),M60,IFERROR(INDEX(CatTVA,MATCH(F60,CatNoms,0))*1,0.2)) -> 0.2 | AC60: =IF(Q60="","",E60-Z59) | AD60: =IF(Q60="","",N(AA59)+N(J60)) | AE60: =IF(AND($D60=RelConducteur,$S60="Oui",ISNUMBER($C60),$C60>=RelDebut,$C60<=RelFin),COUNTIFS($D$9:$D60,RelConducteur,$S$9:$S60,"Oui",$C$9:$C60,">="&RelDebut,$C$9:$C60,"<="&RelFin),"")
B61: =IF(C61="","",COUNT($C$9:C61)) -> 53 | C61: 46518 | D61: Sophie Lemaire | E61: 47008 | F61: Stationnement | H61: Parking – Lyon 7e | I61: Stationnement rendez-vous client | L61: 9 | N61: =IF(L61="","",L61/(1+AB61)) -> 7.5 | O61: =IF(L61="","",L61-N61) -> 1.5 | P61: =IF(AND(Y61=1,N(J61)>0,ISNUMBER(L61)),L61/J61,"") | Q61: =IF(AND(Y61=1,K61="Oui",ISNUMBER(E61),ISNUMBER(Z60),N(J61)>0),IF(E61>Z60,(N(AA60)+N(J61))/(E61-Z60)*100,""),"") | R61: Carte bancaire personnelle | S61: Oui | T61: =IF(C61="","",IF(D61="","Non affecté",IFERROR(INDEX(CondService,MATCH(D61,CondNoms,0))&"","Non affecté"))) -> Service commercial | U61: PJ-0053 | V61: =IF(C61="","",IF(OR(F61="",L61=""),"Incomplet",IF(X61="Catégorie inconnue","Catégorie inconnue",IF(AND(Y61=1,OR(E61="",J61="",K61="")),"Plein incomplet",IF(AND(ISNUMBER(E61),E61<N(KmOuverture)),"Compteur < ouverture",IF(AND(Y61=1,N(Capacite)>0,N(J61)>Capacite*1.02),"Quantité > réservoir",IF(ISNUMBER(Q61),IF(AND(ConsoRef>0,ABS(Q61/MAX(ConsoRef,0.0001)-1)>SeuilConso),"Conso. atypique","Conforme"),IF(AND(G61<>"",E61="",X61="Entretien et réparations"),"Compteur manquant","Conforme")))))))) -> Conforme | X61: =IF(F61="","",IFERROR(INDEX(CatGroupe,MATCH(F61,CatNoms,0))&"","Catégorie inconnue")) -> Frais fixes et divers | Y61: =IF(X61="Énergie",1,0) -> 0 | Z61: =IF(AND(Y61=1,K61="Oui",ISNUMBER(E61)),E61,Z60) -> 46545 | AA61: =IF(Y61=1,IF(K61="Oui",0,N(AA60)+N(J61)),N(AA60)) -> 0 | AB61: =IF(ISNUMBER(M61),M61,IFERROR(INDEX(CatTVA,MATCH(F61,CatNoms,0))*1,0.2)) -> 0.2 | AC61: =IF(Q61="","",E61-Z60) | AD61: =IF(Q61="","",N(AA60)+N(J61)) | AE61: =IF(AND($D61=RelConducteur,$S61="Oui",ISNUMBER($C61),$C61>=RelDebut,$C61<=RelFin),COUNTIFS($D$9:$D61,RelConducteur,$S$9:$S61,"Oui",$C$9:$C61,">="&RelDebut,$C$9:$C61,"<="&RelFin),"")
B62: =IF(C62="","",COUNT($C$9:C62)) -> 54 | C62: 46519 | D62: Karim Benali | E62: 47092 | F62: Carburant | H62: Station – ZA des Tanneurs | I62: Gazole | J62: 39.82 | K62: Oui | L62: 71.28 | N62: =IF(L62="","",L62/(1+AB62)) -> 59.4 | O62: =IF(L62="","",L62-N62) -> 11.88 | P62: =IF(AND(Y62=1,N(J62)>0,ISNUMBER(L62)),L62/J62,"") -> 1.7900552 | Q62: =IF(AND(Y62=1,K62="Oui",ISNUMBER(E62),ISNUMBER(Z61),N(J62)>0),IF(E62>Z61,(N(AA61)+N(J62))/(E62-Z61)*100,""),"") -> 7.2797075 | R62: Carte carburant | S62: Non | T62: =IF(C62="","",IF(D62="","Non affecté",IFERROR(INDEX(CondService,MATCH(D62,CondNoms,0))&"","Non affecté"))) -> Service technique | U62: CC-0054 | V62: =IF(C62="","",IF(OR(F62="",L62=""),"Incomplet",IF(X62="Catégorie inconnue","Catégorie inconnue",IF(AND(Y62=1,OR(E62="",J62="",K62="")),"Plein incomplet",IF(AND(ISNUMBER(E62),E62<N(KmOuverture)),"Compteur < ouverture",IF(AND(Y62=1,N(Capacite)>0,N(J62)>Capacite*1.02),"Quantité > réservoir",IF(ISNUMBER(Q62),IF(AND(ConsoRef>0,ABS(Q62/MAX(ConsoRef,0.0001)-1)>SeuilConso),"Conso. atypique","Conforme"),IF(AND(G62<>"",E62="",X62="Entretien et réparations"),"Compteur manquant","Conforme")))))))) -> Conforme | X62: =IF(F62="","",IFERROR(INDEX(CatGroupe,MATCH(F62,CatNoms,0))&"","Catégorie inconnue")) -> Énergie | Y62: =IF(X62="Énergie",1,0) -> 1 | Z62: =IF(AND(Y62=1,K62="Oui",ISNUMBER(E62)),E62,Z61) -> 47092 | AA62: =IF(Y62=1,IF(K62="Oui",0,N(AA61)+N(J62)),N(AA61)) -> 0 | AB62: =IF(ISNUMBER(M62),M62,IFERROR(INDEX(CatTVA,MATCH(F62,CatNoms,0))*1,0.2)) -> 0.2 | AC62: =IF(Q62="","",E62-Z61) -> 547 | AD62: =IF(Q62="","",N(AA61)+N(J62)) -> 39.82 | AE62: =IF(AND($D62=RelConducteur,$S62="Oui",ISNUMBER($C62),$C62>=RelDebut,$C62<=RelFin),COUNTIFS($D$9:$D62,RelConducteur,$S$9:$S62,"Oui",$C$9:$C62,">="&RelDebut,$C$9:$C62,"<="&RelFin),"")
B63: =IF(C63="","",COUNT($C$9:C63)) -> 55 | C63: 46527 | D63: Thomas Girard | E63: 47512 | F63: Péage | H63: Autoroute | I63: Aller-retour Bourgoin-Jallieu | L63: 7.8 | N63: =IF(L63="","",L63/(1+AB63)) -> 6.5 | O63: =IF(L63="","",L63-N63) -> 1.3 | P63: =IF(AND(Y63=1,N(J63)>0,ISNUMBER(L63)),L63/J63,"") | Q63: =IF(AND(Y63=1,K63="Oui",ISNUMBER(E63),ISNUMBER(Z62),N(J63)>0),IF(E63>Z62,(N(AA62)+N(J63))/(E63-Z62)*100,""),"") | R63: Carte carburant | S63: Non | T63: =IF(C63="","",IF(D63="","Non affecté",IFERROR(INDEX(CondService,MATCH(D63,CondNoms,0))&"","Non affecté"))) -> Service technique | U63: PJ-0055 | V63: =IF(C63="","",IF(OR(F63="",L63=""),"Incomplet",IF(X63="Catégorie inconnue","Catégorie inconnue",IF(AND(Y63=1,OR(E63="",J63="",K63="")),"Plein incomplet",IF(AND(ISNUMBER(E63),E63<N(KmOuverture)),"Compteur < ouverture",IF(AND(Y63=1,N(Capacite)>0,N(J63)>Capacite*1.02),"Quantité > réservoir",IF(ISNUMBER(Q63),IF(AND(ConsoRef>0,ABS(Q63/MAX(ConsoRef,0.0001)-1)>SeuilConso),"Conso. atypique","Conforme"),IF(AND(G63<>"",E63="",X63="Entretien et réparations"),"Compteur manquant","Conforme")))))))) -> Conforme | X63: =IF(F63="","",IFERROR(INDEX(CatGroupe,MATCH(F63,CatNoms,0))&"","Catégorie inconnue")) -> Frais fixes et divers | Y63: =IF(X63="Énergie",1,0) -> 0 | Z63: =IF(AND(Y63=1,K63="Oui",ISNUMBER(E63)),E63,Z62) -> 47092 | AA63: =IF(Y63=1,IF(K63="Oui",0,N(AA62)+N(J63)),N(AA62)) -> 0 | AB63: =IF(ISNUMBER(M63),M63,IFERROR(INDEX(CatTVA,MATCH(F63,CatNoms,0))*1,0.2)) -> 0.2 | AC63: =IF(Q63="","",E63-Z62) | AD63: =IF(Q63="","",N(AA62)+N(J63)) | AE63: =IF(AND($D63=RelConducteur,$S63="Oui",ISNUMBER($C63),$C63>=RelDebut,$C63<=RelFin),COUNTIFS($D$9:$D63,RelConducteur,$S$9:$S63,"Oui",$C$9:$C63,">="&RelDebut,$C$9:$C63,"<="&RelFin),"")
B64: =IF(C64="","",COUNT($C$9:C64)) -> 56 | C64: 46527 | D64: Sophie Lemaire | E64: 47528 | F64: Stationnement | H64: Parking – Lyon 7e | I64: Stationnement rendez-vous client | L64: 9 | N64: =IF(L64="","",L64/(1+AB64)) -> 7.5 | O64: =IF(L64="","",L64-N64) -> 1.5 | P64: =IF(AND(Y64=1,N(J64)>0,ISNUMBER(L64)),L64/J64,"") | Q64: =IF(AND(Y64=1,K64="Oui",ISNUMBER(E64),ISNUMBER(Z63),N(J64)>0),IF(E64>Z63,(N(AA63)+N(J64))/(E64-Z63)*100,""),"") | R64: Carte bancaire personnelle | S64: Oui | T64: =IF(C64="","",IF(D64="","Non affecté",IFERROR(INDEX(CondService,MATCH(D64,CondNoms,0))&"","Non affecté"))) -> Service commercial | U64: PJ-0056 | V64: =IF(C64="","",IF(OR(F64="",L64=""),"Incomplet",IF(X64="Catégorie inconnue","Catégorie inconnue",IF(AND(Y64=1,OR(E64="",J64="",K64="")),"Plein incomplet",IF(AND(ISNUMBER(E64),E64<N(KmOuverture)),"Compteur < ouverture",IF(AND(Y64=1,N(Capacite)>0,N(J64)>Capacite*1.02),"Quantité > réservoir",IF(ISNUMBER(Q64),IF(AND(ConsoRef>0,ABS(Q64/MAX(ConsoRef,0.0001)-1)>SeuilConso),"Conso. atypique","Conforme"),IF(AND(G64<>"",E64="",X64="Entretien et réparations"),"Compteur manquant","Conforme")))))))) -> Conforme | X64: =IF(F64="","",IFERROR(INDEX(CatGroupe,MATCH(F64,CatNoms,0))&"","Catégorie inconnue")) -> Frais fixes et divers | Y64: =IF(X64="Énergie",1,0) -> 0 | Z64: =IF(AND(Y64=1,K64="Oui",ISNUMBER(E64)),E64,Z63) -> 47092 | AA64: =IF(Y64=1,IF(K64="Oui",0,N(AA63)+N(J64)),N(AA63)) -> 0 | AB64: =IF(ISNUMBER(M64),M64,IFERROR(INDEX(CatTVA,MATCH(F64,CatNoms,0))*1,0.2)) -> 0.2 | AC64: =IF(Q64="","",E64-Z63) | AD64: =IF(Q64="","",N(AA63)+N(J64)) | AE64: =IF(AND($D64=RelConducteur,$S64="Oui",ISNUMBER($C64),$C64>=RelDebut,$C64<=RelFin),COUNTIFS($D$9:$D64,RelConducteur,$S$9:$S64,"Oui",$C$9:$C64,">="&RelDebut,$C$9:$C64,"<="&RelFin),"")
B65: =IF(C65="","",COUNT($C$9:C65)) -> 57 | C65: 46532 | D65: Karim Benali | E65: 47619 | F65: Carburant | H65: Station – ZA des Tanneurs | I65: Gazole | J65: 36.9 | K65: Oui | L65: 64.83 | N65: =IF(L65="","",L65/(1+AB65)) -> 54.025 | O65: =IF(L65="","",L65-N65) -> 10.805 | P65: =IF(AND(Y65=1,N(J65)>0,ISNUMBER(L65)),L65/J65,"") -> 1.7569106 | Q65: =IF(AND(Y65=1,K65="Oui",ISNUMBER(E65),ISNUMBER(Z64),N(J65)>0),IF(E65>Z64,(N(AA64)+N(J65))/(E65-Z64)*100,""),"") -> 7.0018975 | R65: Carte carburant | S65: Non | T65: =IF(C65="","",IF(D65="","Non affecté",IFERROR(INDEX(CondService,MATCH(D65,CondNoms,0))&"","Non affecté"))) -> Service technique | U65: CC-0057 | V65: =IF(C65="","",IF(OR(F65="",L65=""),"Incomplet",IF(X65="Catégorie inconnue","Catégorie inconnue",IF(AND(Y65=1,OR(E65="",J65="",K65="")),"Plein incomplet",IF(AND(ISNUMBER(E65),E65<N(KmOuverture)),"Compteur < ouverture",IF(AND(Y65=1,N(Capacite)>0,N(J65)>Capacite*1.02),"Quantité > réservoir",IF(ISNUMBER(Q65),IF(AND(ConsoRef>0,ABS(Q65/MAX(ConsoRef,0.0001)-1)>SeuilConso),"Conso. atypique","Conforme"),IF(AND(G65<>"",E65="",X65="Entretien et réparations"),"Compteur manquant","Conforme")))))))) -> Conforme | X65: =IF(F65="","",IFERROR(INDEX(CatGroupe,MATCH(F65,CatNoms,0))&"","Catégorie inconnue")) -> Énergie | Y65: =IF(X65="Énergie",1,0) -> 1 | Z65: =IF(AND(Y65=1,K65="Oui",ISNUMBER(E65)),E65,Z64) -> 47619 | AA65: =IF(Y65=1,IF(K65="Oui",0,N(AA64)+N(J65)),N(AA64)) -> 0 | AB65: =IF(ISNUMBER(M65),M65,IFERROR(INDEX(CatTVA,MATCH(F65,CatNoms,0))*1,0.2)) -> 0.2 | AC65: =IF(Q65="","",E65-Z64) -> 527 | AD65: =IF(Q65="","",N(AA64)+N(J65)) -> 36.9 | AE65: =IF(AND($D65=RelConducteur,$S65="Oui",ISNUMBER($C65),$C65>=RelDebut,$C65<=RelFin),COUNTIFS($D$9:$D65,RelConducteur,$S$9:$S65,"Oui",$C$9:$C65,">="&RelDebut,$C$9:$C65,"<="&RelFin),"")
B66: =IF(C66="","",COUNT($C$9:C66)) -> 58 | C66: 46532 | D66: Sophie Lemaire | E66: 47900 | F66: Péage | H66: Autoroute | I66: Aller-retour Annecy | L66: 27.4 | N66: =IF(L66="","",L66/(1+AB66)) -> 22.833333 | O66: =IF(L66="","",L66-N66) -> 4.5666667 | P66: =IF(AND(Y66=1,N(J66)>0,ISNUMBER(L66)),L66/J66,"") | Q66: =IF(AND(Y66=1,K66="Oui",ISNUMBER(E66),ISNUMBER(Z65),N(J66)>0),IF(E66>Z65,(N(AA65)+N(J66))/(E66-Z65)*100,""),"") | R66: Carte bancaire personnelle | S66: Oui | T66: =IF(C66="","",IF(D66="","Non affecté",IFERROR(INDEX(CondService,MATCH(D66,CondNoms,0))&"","Non affecté"))) -> Service commercial | U66: PJ-0058 | V66: =IF(C66="","",IF(OR(F66="",L66=""),"Incomplet",IF(X66="Catégorie inconnue","Catégorie inconnue",IF(AND(Y66=1,OR(E66="",J66="",K66="")),"Plein incomplet",IF(AND(ISNUMBER(E66),E66<N(KmOuverture)),"Compteur < ouverture",IF(AND(Y66=1,N(Capacite)>0,N(J66)>Capacite*1.02),"Quantité > réservoir",IF(ISNUMBER(Q66),IF(AND(ConsoRef>0,ABS(Q66/MAX(ConsoRef,0.0001)-1)>SeuilConso),"Conso. atypique","Conforme"),IF(AND(G66<>"",E66="",X66="Entretien et réparations"),"Compteur manquant","Conforme")))))))) -> Conforme | X66: =IF(F66="","",IFERROR(INDEX(CatGroupe,MATCH(F66,CatNoms,0))&"","Catégorie inconnue")) -> Frais fixes et divers | Y66: =IF(X66="Énergie",1,0) -> 0 | Z66: =IF(AND(Y66=1,K66="Oui",ISNUMBER(E66)),E66,Z65) -> 47619 | AA66: =IF(Y66=1,IF(K66="Oui",0,N(AA65)+N(J66)),N(AA65)) -> 0 | AB66: =IF(ISNUMBER(M66),M66,IFERROR(INDEX(CatTVA,MATCH(F66,CatNoms,0))*1,0.2)) -> 0.2 | AC66: =IF(Q66="","",E66-Z65) | AD66: =IF(Q66="","",N(AA65)+N(J66)) | AE66: =IF(AND($D66=RelConducteur,$S66="Oui",ISNUMBER($C66),$C66>=RelDebut,$C66<=RelFin),COUNTIFS($D$9:$D66,RelConducteur,$S$9:$S66,"Oui",$C$9:$C66,">="&RelDebut,$C$9:$C66,"<="&RelFin),"")
B67: =IF(C67="","",COUNT($C$9:C67)) -> 59 | C67: 46534 | D67: Sophie Lemaire | E67: 48017 | F67: Carburant | H67: Station – Avenue Jean-Mermoz | I67: Gazole | J67: 27.81 | K67: Oui | L67: 49.61 | N67: =IF(L67="","",L67/(1+AB67)) -> 41.341667 | O67: =IF(L67="","",L67-N67) -> 8.2683333 | P67: =IF(AND(Y67=1,N(J67)>0,ISNUMBER(L67)),L67/J67,"") -> 1.7838907 | Q67: =IF(AND(Y67=1,K67="Oui",ISNUMBER(E67),ISNUMBER(Z66),N(J67)>0),IF(E67>Z66,(N(AA66)+N(J67))/(E67-Z66)*100,""),"") -> 6.9874372 | R67: Carte carburant | S67: Non | T67: =IF(C67="","",IF(D67="","Non affecté",IFERROR(INDEX(CondService,MATCH(D67,CondNoms,0))&"","Non affecté"))) -> Service commercial | U67: CC-0059 | V67: =IF(C67="","",IF(OR(F67="",L67=""),"Incomplet",IF(X67="Catégorie inconnue","Catégorie inconnue",IF(AND(Y67=1,OR(E67="",J67="",K67="")),"Plein incomplet",IF(AND(ISNUMBER(E67),E67<N(KmOuverture)),"Compteur < ouverture",IF(AND(Y67=1,N(Capacite)>0,N(J67)>Capacite*1.02),"Quantité > réservoir",IF(ISNUMBER(Q67),IF(AND(ConsoRef>0,ABS(Q67/MAX(ConsoRef,0.0001)-1)>SeuilConso),"Conso. atypique","Conforme"),IF(AND(G67<>"",E67="",X67="Entretien et réparations"),"Compteur manquant","Conforme")))))))) -> Conforme | X67: =IF(F67="","",IFERROR(INDEX(CatGroupe,MATCH(F67,CatNoms,0))&"","Catégorie inconnue")) -> Énergie | Y67: =IF(X67="Énergie",1,0) -> 1 | Z67: =IF(AND(Y67=1,K67="Oui",ISNUMBER(E67)),E67,Z66) -> 48017 | AA67: =IF(Y67=1,IF(K67="Oui",0,N(AA66)+N(J67)),N(AA66)) -> 0 | AB67: =IF(ISNUMBER(M67),M67,IFERROR(INDEX(CatTVA,MATCH(F67,CatNoms,0))*1,0.2)) -> 0.2 | AC67: =IF(Q67="","",E67-Z66) -> 398 | AD67: =IF(Q67="","",N(AA66)+N(J67)) -> 27.81 | AE67: =IF(AND($D67=RelConducteur,$S67="Oui",ISNUMBER($C67),$C67>=RelDebut,$C67<=RelFin),COUNTIFS($D$9:$D67,RelConducteur,$S$9:$S67,"Oui",$C$9:$C67,">="&RelDebut,$C$9:$C67,"<="&RelFin),"")
B68: =IF(C68="","",COUNT($C$9:C68)) -> 60 | C68: 46534 | D68: Sophie Lemaire | E68: 48294 | F68: Péage | H68: Autoroute | I68: Aller-retour Annecy | L68: 27.4 | N68: =IF(L68="","",L68/(1+AB68)) -> 22.833333 | O68: =IF(L68="","",L68-N68) -> 4.5666667 | P68: =IF(AND(Y68=1,N(J68)>0,ISNUMBER(L68)),L68/J68,"") | Q68: =IF(AND(Y68=1,K68="Oui",ISNUMBER(E68),ISNUMBER(Z67),N(J68)>0),IF(E68>Z67,(N(AA67)+N(J68))/(E68-Z67)*100,""),"") | R68: Carte bancaire personnelle | S68: Oui | T68: =IF(C68="","",IF(D68="","Non affecté",IFERROR(INDEX(CondService,MATCH(D68,CondNoms,0))&"","Non affecté"))) -> Service commercial | U68: PJ-0060 | V68: =IF(C68="","",IF(OR(F68="",L68=""),"Incomplet",IF(X68="Catégorie inconnue","Catégorie inconnue",IF(AND(Y68=1,OR(E68="",J68="",K68="")),"Plein incomplet",IF(AND(ISNUMBER(E68),E68<N(KmOuverture)),"Compteur < ouverture",IF(AND(Y68=1,N(Capacite)>0,N(J68)>Capacite*1.02),"Quantité > réservoir",IF(ISNUMBER(Q68),IF(AND(ConsoRef>0,ABS(Q68/MAX(ConsoRef,0.0001)-1)>SeuilConso),"Conso. atypique","Conforme"),IF(AND(G68<>"",E68="",X68="Entretien et réparations"),"Compteur manquant","Conforme")))))))) -> Conforme | X68: =IF(F68="","",IFERROR(INDEX(CatGroupe,MATCH(F68,CatNoms,0))&"","Catégorie inconnue")) -> Frais fixes et divers | Y68: =IF(X68="Énergie",1,0) -> 0 | Z68: =IF(AND(Y68=1,K68="Oui",ISNUMBER(E68)),E68,Z67) -> 48017 | AA68: =IF(Y68=1,IF(K68="Oui",0,N(AA67)+N(J68)),N(AA67)) -> 0 | AB68: =IF(ISNUMBER(M68),M68,IFERROR(INDEX(CatTVA,MATCH(F68,CatNoms,0))*1,0.2)) -> 0.2 | AC68: =IF(Q68="","",E68-Z67) | AD68: =IF(Q68="","",N(AA67)+N(J68)) | AE68: =IF(AND($D68=RelConducteur,$S68="Oui",ISNUMBER($C68),$C68>=RelDebut,$C68<=RelFin),COUNTIFS($D$9:$D68,RelConducteur,$S$9:$S68,"Oui",$C$9:$C68,">="&RelDebut,$C$9:$C68,"<="&RelFin),"")
B69: =IF(C69="","",COUNT($C$9:C69)) -> 61 | C69: 46534 | D69: Sophie Lemaire | E69: 48294 | F69: Stationnement | H69: Parking – Annecy | I69: Stationnement rendez-vous client | L69: 8.2 | N69: =IF(L69="","",L69/(1+AB69)) -> 6.8333333 | O69: =IF(L69="","",L69-N69) -> 1.3666667 | P69: =IF(AND(Y69=1,N(J69)>0,ISNUMBER(L69)),L69/J69,"") | Q69: =IF(AND(Y69=1,K69="Oui",ISNUMBER(E69),ISNUMBER(Z68),N(J69)>0),IF(E69>Z68,(N(AA68)+N(J69))/(E69-Z68)*100,""),"") | R69: Carte bancaire personnelle | S69: Oui | T69: =IF(C69="","",IF(D69="","Non affecté",IFERROR(INDEX(CondService,MATCH(D69,CondNoms,0))&"","Non affecté"))) -> Service commercial | U69: PJ-0061 | V69: =IF(C69="","",IF(OR(F69="",L69=""),"Incomplet",IF(X69="Catégorie inconnue","Catégorie inconnue",IF(AND(Y69=1,OR(E69="",J69="",K69="")),"Plein incomplet",IF(AND(ISNUMBER(E69),E69<N(KmOuverture)),"Compteur < ouverture",IF(AND(Y69=1,N(Capacite)>0,N(J69)>Capacite*1.02),"Quantité > réservoir",IF(ISNUMBER(Q69),IF(AND(ConsoRef>0,ABS(Q69/MAX(ConsoRef,0.0001)-1)>SeuilConso),"Conso. atypique","Conforme"),IF(AND(G69<>"",E69="",X69="Entretien et réparations"),"Compteur manquant","Conforme")))))))) -> Conforme | X69: =IF(F69="","",IFERROR(INDEX(CatGroupe,MATCH(F69,CatNoms,0))&"","Catégorie inconnue")) -> Frais fixes et divers | Y69: =IF(X69="Énergie",1,0) -> 0 | Z69: =IF(AND(Y69=1,K69="Oui",ISNUMBER(E69)),E69,Z68) -> 48017 | AA69: =IF(Y69=1,IF(K69="Oui",0,N(AA68)+N(J69)),N(AA68)) -> 0 | AB69: =IF(ISNUMBER(M69),M69,IFERROR(INDEX(CatTVA,MATCH(F69,CatNoms,0))*1,0.2)) -> 0.2 | AC69: =IF(Q69="","",E69-Z68) | AD69: =IF(Q69="","",N(AA68)+N(J69)) | AE69: =IF(AND($D69=RelConducteur,$S69="Oui",ISNUMBER($C69),$C69>=RelDebut,$C69<=RelFin),COUNTIFS($D$9:$D69,RelConducteur,$S$9:$S69,"Oui",$C$9:$C69,">="&RelDebut,$C$9:$C69,"<="&RelFin),"")
B70: =IF(C70="","",COUNT($C$9:C70)) -> 62 | C70: 46535 | D70: Sophie Lemaire | E70: 48312 | F70: Stationnement | H70: Parking – Lyon 2e | I70: Stationnement rendez-vous client | L70: 7.5 | N70: =IF(L70="","",L70/(1+AB70)) -> 6.25 | O70: =IF(L70="","",L70-N70) -> 1.25 | P70: =IF(AND(Y70=1,N(J70)>0,ISNUMBER(L70)),L70/J70,"") | Q70: =IF(AND(Y70=1,K70="Oui",ISNUMBER(E70),ISNUMBER(Z69),N(J70)>0),IF(E70>Z69,(N(AA69)+N(J70))/(E70-Z69)*100,""),"") | R70: Carte bancaire personnelle | S70: Oui | T70: =IF(C70="","",IF(D70="","Non affecté",IFERROR(INDEX(CondService,MATCH(D70,CondNoms,0))&"","Non affecté"))) -> Service commercial | U70: PJ-0062 | V70: =IF(C70="","",IF(OR(F70="",L70=""),"Incomplet",IF(X70="Catégorie inconnue","Catégorie inconnue",IF(AND(Y70=1,OR(E70="",J70="",K70="")),"Plein incomplet",IF(AND(ISNUMBER(E70),E70<N(KmOuverture)),"Compteur < ouverture",IF(AND(Y70=1,N(Capacite)>0,N(J70)>Capacite*1.02),"Quantité > réservoir",IF(ISNUMBER(Q70),IF(AND(ConsoRef>0,ABS(Q70/MAX(ConsoRef,0.0001)-1)>SeuilConso),"Conso. atypique","Conforme"),IF(AND(G70<>"",E70="",X70="Entretien et réparations"),"Compteur manquant","Conforme")))))))) -> Conforme | X70: =IF(F70="","",IFERROR(INDEX(CatGroupe,MATCH(F70,CatNoms,0))&"","Catégorie inconnue")) -> Frais fixes et divers | Y70: =IF(X70="Énergie",1,0) -> 0 | Z70: =IF(AND(Y70=1,K70="Oui",ISNUMBER(E70)),E70,Z69) -> 48017 | AA70: =IF(Y70=1,IF(K70="Oui",0,N(AA69)+N(J70)),N(AA69)) -> 0 | AB70: =IF(ISNUMBER(M70),M70,IFERROR(INDEX(CatTVA,MATCH(F70,CatNoms,0))*1,0.2)) -> 0.2 | AC70: =IF(Q70="","",E70-Z69) | AD70: =IF(Q70="","",N(AA69)+N(J70)) | AE70: =IF(AND($D70=RelConducteur,$S70="Oui",ISNUMBER($C70),$C70>=RelDebut,$C70<=RelFin),COUNTIFS($D$9:$D70,RelConducteur,$S$9:$S70,"Oui",$C$9:$C70,">="&RelDebut,$C$9:$C70,"<="&RelFin),"")
B71: =IF(C71="","",COUNT($C$9:C71)) -> 63 | C71: 46540 | D71: Sophie Lemaire | E71: 48442 | F71: Stationnement | H71: Parking – Lyon 2e | I71: Stationnement rendez-vous client | L71: 7.5 | N71: =IF(L71="","",L71/(1+AB71)) -> 6.25 | O71: =IF(L71="","",L71-N71) -> 1.25 | P71: =IF(AND(Y71=1,N(J71)>0,ISNUMBER(L71)),L71/J71,"") | Q71: =IF(AND(Y71=1,K71="Oui",ISNUMBER(E71),ISNUMBER(Z70),N(J71)>0),IF(E71>Z70,(N(AA70)+N(J71))/(E71-Z70)*100,""),"") | R71: Carte bancaire personnelle | S71: Oui | T71: =IF(C71="","",IF(D71="","Non affecté",IFERROR(INDEX(CondService,MATCH(D71,CondNoms,0))&"","Non affecté"))) -> Service commercial | U71: PJ-0063 | V71: =IF(C71="","",IF(OR(F71="",L71=""),"Incomplet",IF(X71="Catégorie inconnue","Catégorie inconnue",IF(AND(Y71=1,OR(E71="",J71="",K71="")),"Plein incomplet",IF(AND(ISNUMBER(E71),E71<N(KmOuverture)),"Compteur < ouverture",IF(AND(Y71=1,N(Capacite)>0,N(J71)>Capacite*1.02),"Quantité > réservoir",IF(ISNUMBER(Q71),IF(AND(ConsoRef>0,ABS(Q71/MAX(ConsoRef,0.0001)-1)>SeuilConso),"Conso. atypique","Conforme"),IF(AND(G71<>"",E71="",X71="Entretien et réparations"),"Compteur manquant","Conforme")))))))) -> Conforme | X71: =IF(F71="","",IFERROR(INDEX(CatGroupe,MATCH(F71,CatNoms,0))&"","Catégorie inconnue")) -> Frais fixes et divers | Y71: =IF(X71="Énergie",1,0) -> 0 | Z71: =IF(AND(Y71=1,K71="Oui",ISNUMBER(E71)),E71,Z70) -> 48017 | AA71: =IF(Y71=1,IF(K71="Oui",0,N(AA70)+N(J71)),N(AA70)) -> 0 | AB71: =IF(ISNUMBER(M71),M71,IFERROR(INDEX(CatTVA,MATCH(F71,CatNoms,0))*1,0.2)) -> 0.2 | AC71: =IF(Q71="","",E71-Z70) | AD71: =IF(Q71="","",N(AA70)+N(J71)) | AE71: =IF(AND($D71=RelConducteur,$S71="Oui",ISNUMBER($C71),$C71>=RelDebut,$C71<=RelFin),COUNTIFS($D$9:$D71,RelConducteur,$S$9:$S71,"Oui",$C$9:$C71,">="&RelDebut,$C$9:$C71,"<="&RelFin),"")
